Workbook
Name Afectación_Económica: #REF!
Name Afectación_Económica: #REF!
Name Definicion_tratamiento: #REF!
Name Definicion_tratamiento: #REF!
Name Ejecución_administración_de_procesos: #REF!
Name Fiscal_A: #REF!
Name Fiscal_A: #REF!
Name Fiscal_B: #REF!
Name Fiscal_B: #REF!
Name Gestiòn: #REF!
Name Gestiòn: #REF!
Name Gestión_A: #REF!
Name Gestión_A: #REF!
Name Gestión_B: #REF!
Name Gestión_B: #REF!
Name IMPACTO_PROCESOS: #REF!
Name IMPACTO_PROCESOS: #REF!
Name IMPACTO_PROCESOS: #REF!
Name IMPACTO_PROCESOS: #REF!
Name IntegridadPública_Corrupción: #REF!
Name IntegridadPública_Corrupción: #REF!
Name IntegridadPública_LA_FT_FP: #REF!
Name IntegridadPública_LA_FT_FP: #REF!
Name opciones: #REF!
Name opciones: #REF!
Name opciones: #REF!
Name opciones: #REF!
Name opciones2: #REF!
Name opciones2: #REF!
Name opciones2: #REF!
Name opciones2: #REF!
Name Plan_accion: #REF!
Name Plan_accion: #REF!
Name Plan_acción: #REF!
Name Plan_acción: #REF!
Name Plan_de_acción: #REF!
Name Plan_de_acción: #REF!
Name Posibilidad__de_efecto_dañoso_sobre_el_interes_patrimonial: #REF!
Name Posibilidad__de_efecto_dañoso_sobre_el_interes_patrimonial: #REF!
Name Posibilidad_de_pérdida_Económica: #REF!
Name Posibilidad_de_pérdida_Económica: #REF!
Name Proceso: #REF!
Name Quince_Cero: #REF!
Name Quince_Cero: #REF!
Name Quince_Cero: #REF!
Name Quince_Cero: #REF!
Name Rango_Calificacion_Ejecucion: #REF!
Name Rango_Calificacion_Ejecucion: #REF!
Name Rango_Calificacion_Ejecucion: #REF!
Name Rango_Calificacion_Ejecucion: #REF!
Name Reducir_mitigar_Transferir_Evitar: #REF!
Name Reducir_mitigar_Transferir_Evitar: #REF!
Name Reputacional: #REF!
Name Reputacional: #REF!
Name Requiere_Plan_de_Acción: #REF!
Name Requiere_Plan_de_Acción: #REF!
Name Seg.Información: #REF!
Name Seg.Información: #REF!
Name TIPO: #REF!
Name TIPO: #REF!

Sheet 1. ESTABLECIMIENTO CONTEXTO 
B1: MAPA DE RIESGOS DE PROCESO | L1: CÓDIGO: F-GM-29
L2: VERSIÓN: 05
L3: FECHA: 30/03/2022
L4: PÁGINA: 1 de 3
A6: 4.2.1. ESTABLECIMIENTO DEL CONTEXTO
A9: PROCESO: | D9: Gestión de Desarrollo de Soluciones Habitacionales
A10: FECHA DE ELABORACIÓN O ACTUALIZACIÓN: | E10: Marzo de 2022
A11: RESPONSABLE (s) DE ELABORACIÓN O ACTUALIZACIÓN | F11: Subdirector de Dotación de Vivienda y Habitat
A14: Factor: Externo/Interno/Proceso | D14: Variable | G14: ¿Cómo me puede afectar?
G15: CARÁCTER: Positivo/negativo | I15: Breve análisis
A16: Factor Externo | C16: Factor Externo | D16: Desarticulación Interinstitucional | G16: NEGATIVO | H16: POSITIVO | I16: No nos permite acceder a información necesaria para la consolidación de proyectos orientados al cumplimiento de metas, generando reprocesos y sobrecostos en los mismos.
A17: Factor Interno | C17: Factor Interno | D17: Desarticulación Interna / Flujos de Comunicación | G17: NEGATIVO | H17: NEGATIVO | I17: Desarticulación entre los procesos entre subdirecciones lo que conlleva a incumpliendo de metas, sobrecostos y reprocesos.
A18: Factor Externo | C18: Factor de proceso | D18: Lineamientos estratégicos desarticulados con el nivel central | G18: NEGATIVO | I18: Desarticulación con Entes de la Alcaldia de Medellín, lo cual genera incumplimiento en metas y daño en la reputación de la entidad
A19: Factor Interno | D19: Estructura organizacional: Cambio de personal en todos los niveles (Directivo, Profesional, Técnico y asistencial) | G19: NEGATIVO | I19: Genera inestabilidad de los procesos, afectación del clima laboral, afecta resultados, continuidad de los programas y cumplimiento de metas
A20: Factor Externo | D20: Retrasos en la entrega de las soluciones habitacionales | G20: NEGATIVO | I20: Afectación de la imagen del Instituto, perdida de credibilidad.
A21: Factor Interno | D21: Recortes en la asignación de recursos para el Instituto | G21: NEGATIVO | I21: Demora, sobrecosto y no cumplimiento de metas institucionales.
A22: Factor Interno | D22: Falencia en la caracterización de la población potencialmente beneficiaria | G22: NEGATIVO | I22: No permite focalizar proyectos de desarrollo y cumplimiento de metas.
A23: Factor Interno | D23: instalaciones inadecuadas / Fragmentadas | G23: NEGATIVO | I23: Afecta la productividad, los flujos de comunicación e incumplimiento de las normas de Seguridad y salud en el trabajo.
A24: Factor Interno | D24: Obsolescencia Tecnológica | G24: NEGATIVO | I24: Genera reprocesos, perdida de información, inoportunidad en la gestión de la información
A25: Factor Interno | D25: Clima laboral | G25: NEGATIVO | I25: Percepción de inadecuado clima laboral en algunos procesos del Instituto lo que puede generar conflictos en las diferentes áreas
A26: Factor Interno | D26: Bienestar Laboral | G26: NEGATIVO | I26: Se puede presentar sobrecarga laboral, no existe un programa de bienestar laboral que permita el desarrollado integral de los colaboradores, equilibrando las funciones vs el tiempo personal.
A27: Factor Interno | D27: Débil planeación institucional | G27: NEGATIVO | I27: Genera reprocesos, incumplimiento en metas, no identificación clara de roles, poca apropiación de los procesos.
A28: Factor Interno | D28: Empoderamiento del personal de la Subdirección de Dotación de vivienda y hábitat | G28: POSITIVO | I28: Basados en los resutados de la evaluación de desempeño, se evidencia que se desarrollan las funciones asignadas a cada responsable
A29: Factor Interno | D29: Demoras en el proceso de contratación de personal de prestación de servicios | G29: NEGATIVO | I29: Retrasa la ejecución de los procesos, incumplimiento de metas, demoras en la prestación de servicios

Sheet 2. MATRIZ DE RIESGOS
D1: MAPA DE RIESGOS DE PROCESO | AG1: CÓDIGO: F-GM-29
AG2: VERSIÓN: 05
AG3: FECHA: 30/03/2022
AG4: PÁGINA: 3 de 3
A6: PROCESO: | D6: Gestión de Desarrollo de Soluciones Habitacionales | F6: FECHA DE ELABORACIÓN O ACTUALIZACIÓN: | H6: noviembre de 2024
F7: RESPONSABLE (s) DE ELABORACIÓN O ACTUALIZACIÓN | H7: Subdirector de Dotación de Vivienda y Habitat
A8: OBJETIVO: | D8: Desarrollar y brindar acompañamiento a soluciones habitacionales que cumplan con las especificaciones técnicas y financieras requeridas, de una manera oportuna y eficiente.
A9: ALCANCE: | D9: El proceso inicia con la identificación de zonas y proyectos de intervención y finaliza con la entrega a satisfacción de la vivienda, nuevas, mejoradas y reconocidas.
A11: 4.2. IDENTIFICACION DEL RIESGO | J11: 4.3. EVALUACIÓN DEL RIESGO | AI11: 4.4. TRATAMIENTO DEL RIESGO | AK11: SEGUIMIENTO TRIMESTRE 1 DE 2026 | AL11: RELACIÓN DE EVIDENCIAS IMPORTANTE:- RELACIONAR LOS ENLACES SOBRE MATERIALIZACION DE RIESGOS Y SOBRE APLICACIÓN DE CONTROLES -LAS EVIDENCIAS SOBRE APLICACIÓN DE CONTROLES SON LAS QUE SE ENCUENTRAN EN LA COLUMNA X - RELACIONARLAS UNA A UNA CON EL ENLACE CORRESPONDIENTE. | AM11: SEGUIMIENTO TRIMESTRE 2 DE 2026 | AN11: RELACIÓN DE EVIDENCIAS IMPORTANTE:- RELACIONAR LOS ENLACES SOBRE MATERIALIZACION DE RIESGOS Y SOBRE APLICACIÓN DE CONTROLES -LAS EVIDENCIAS SOBRE APLICACIÓN DE CONTROLES SON LAS QUE SE ENCUENTRAN EN LA COLUMNA X - RELACIONARLAS UNA A UNA CON EL ENLACE CORRESPONDIENTE. | AO11: SEGUIMIENTO TRIMESTRE 3 DE 2026 | AP11: RELACIÓN DE EVIDENCIAS IMPORTANTE:- RELACIONAR LOS ENLACES SOBRE MATERIALIZACION DE RIESGOS Y SOBRE APLICACIÓN DE CONTROLES -LAS EVIDENCIAS SOBRE APLICACIÓN DE CONTROLES SON LAS QUE SE ENCUENTRAN EN LA COLUMNA X - RELACIONARLAS UNA A UNA CON EL ENLACE CORRESPONDIENTE. | AQ11: SEGUIMIENTO TRIMESTRE 4 DE 2026 | AR11: RELACIÓN DE EVIDENCIAS IMPORTANTE:- RELACIONAR LOS ENLACES SOBRE MATERIALIZACION DE RIESGOS Y SOBRE APLICACIÓN DE CONTROLES -LAS EVIDENCIAS SOBRE APLICACIÓN DE CONTROLES SON LAS QUE SE ENCUENTRAN EN LA COLUMNA X - RELACIONARLAS UNA A UNA CON EL ENLACE CORRESPONDIENTE.
A12: Referencia | B12: Objetivo | C12: Temática / Linea de Acción | D12: 1. QUE? | E12: 2. COMO SE REFLEJA? | F12: 3. POR QUE? (Evento Potencial Principal) | G12: Descripción del Riesgo (1+2+3) | H12: Causa (Evento Potencial Intermedio) | I12: Clasificación del Riesgo | J12: EVALUACION DE RIESGO INHERENTE | O12: VALORACION DE CONTROLES | AD12: EVALUACION DEL RIESGO RESIDUAL | AI12: Tratamiento | AJ12: FORMULAR ACCIONES ESPECIFICAS
J13: Probabilidad Inherente | K13: % | L13: Impacto Inherente | M13: % | N13: Zona de Riesgo Inherente | O13: No. Control | P13: Descripción del Control (Medidas Actuales) | Q13: Afectación | R13: Atributos | Y13: Probabilidad Residual | Z13: Probabilidad Residual | AA13: % | AB13: Impacto Residual | AC13: % | AD13: Probabilidad Residual Final | AE13: % | AF13: Impacto Residual Final | AG13: % | AH13: Zona de Riesgo Residual Final | AJ13: VER ACCION #
R14: Tipo | S14: Implementación | T14: Calificación | U14: Documentación | V14: Frecuencia | W14: Evidencia | X14: Nombre de la evidencia
A15: GDS15 | B15: Reconocer 2200 unidades de vivienda mediante las respectivas resoluciones de reconocimiento de Edificaciones para el cuatrienio 2024-2027 | C15: Reconocimiento de edificaciones. | D15: Posibilidad de afectación reputacional del Instituto | E15: por incumplimiento de las metas del Plan de Desarrollo Municipal relacionadas con el reconocimiento de edificaciones y la existencia de reclamaciones por parte de los propietarios que entran en este programa | F15: debido a retrasos en la obtención de las resoluciones de reconocimiento. | G15: Posibilidad de afectación reputacional del Instituto por incumplimiento de las metas del Plan de Desarrollo Municipal relacionadas con el reconocimiento de edificaciones y la existencia de reclamaciones por parte de los propietarios que entran en este programa. Lo anterior debido a retrasos en la obtención de las resoluciones de reconocimiento. | H15: 1. Entrega de documentación incompleta y/o incorrecta ante la Curaduría | I15: Gestión | J15: Alta | K15: =IF(J15="","",IF(J15="Muy Baja",0.2,IF(J15="Baja",0.4,IF(J15="Media",0.6,IF(J15="Alta",0.8,IF(J15="Muy Alta",1,)))))) -> 0.8 | L15: Moderado | M15: =IF(L15="","",IF(L15="Leve",0.2,IF(L15="Menor",0.4,IF(L15="Moderado",0.6,IF(L15="Mayor",0.8,IF(L15="Catastrófico",1,)))))) -> 0.6 | N15: =IF(OR(AND(J15="Muy Baja",L15="Leve"),AND(J15="Muy Baja",L15="Menor"),AND(J15="Baja",L15="Leve")),"Bajo",IF(OR(AND(J15="Muy baja",L15="Moderado"),AND(J15="Baja",L15="Menor"),AND(J15="Baja",L15="Moderado"),AND(J15="Media",L15="Leve"),AND(J15="Media",L15="Menor"),AND(J15="Media",L15="Moderado"),AND(J15="Alta",L15="Leve"),AND(J15="Alta",L15="Menor")),"Moderado",IF(OR(AND(J15="Muy Baja",L15="Mayor"),AND(J15="Baja",L15="Mayor"),AND(J15="Media",L15="Mayor"),AND(J15="Alta",L15="Moderado"),AND(J15="Alta",L15="Mayor"),AND(J15="Muy Alta",L15="Leve"),AND(J15="Muy Alta",L15="Menor"),AND(J15="Muy Alta",L15="Moderado"),AND(J15="Muy Alta",L15="Mayor")),"Alto",IF(OR(AND(J15="Muy Baja",L15="Catastrófico"),AND(J15="Baja",L15="Catastrófico"),AND(J15="Media",L15="Catastrófico"),AND(J15="Alta",L15="Catastrófico"),AND(J15="Muy Alta",L15="Catastrófico")),"Extremo","")))) -> Alto | O15: 1 | P15: El equipo jurídico y el administrativo de la linea de Reconocimiento de Edificaciones en dos momentos distintos (previo a la entrega del expediente final a la curaduría) verifica que los documentos que hacen parte integra del expediente se encuentren completos y correctos de acuerdo a los requisitos establecidos en la ley 1077 de 2015, para lo cual se utiliza la lista de chequeo expediente de reconocimiento radicado en curaduría, con código F-GDS-52. | Q15: =IF(OR(R15="Preventivo",R15="Detectivo"),"Probabilidad",IF(R15="Correctivo","Impacto","")) -> Probabilidad | R15: Preventivo | S15: Manual | T15: =IF(AND(R15="Preventivo",S15="Automático"),"50%",IF(AND(R15="Preventivo",S15="Manual"),"40%",IF(AND(R15="Detectivo",S15="Automático"),"40%",IF(AND(R15="Detectivo",S15="Manual"),"30%",IF(AND(R15="Correctivo",S15="Automático"),"35%",IF(AND(R15="Correctivo",S15="Manual"),"25%","")))))) -> 40% | U15: Sin Documentar | V15: Continua | W15: Con Registro | X15: lista de chequeo expediente de reconocimiento radicado en curaduría, con código F-GDS-52 en expediente físico de cada reconocimiento. | Y15: =IFERROR(IF(Q15="Probabilidad",(K15-(+K15*T15)),IF(Q15="Impacto",K15,"")),"") -> 0.48 | Z15: =IFERROR(IF(Y15="","",IF(Y15<=0.2,"Muy Baja",IF(Y15<=0.4,"Baja",IF(Y15<=0.6,"Media",IF(Y15<=0.8,"Alta","Muy Alta"))))),"") -> Media | AA15: =+Y15 -> 0.48 | AB15: =IFERROR(IF(AC15="","",IF(AC15<=0.2,"Leve",IF(AC15<=0.4,"Menor",IF(AC15<=0.6,"Moderado",IF(AC15<=0.8,"Mayor","Catastrófico"))))),"") -> Moderado | AC15: =IFERROR(IF(Q15="Impacto",(M15-(+M15*T15)),IF(Q15="Probabilidad",M15,"")),"") -> 0.6 | AD15: =IFERROR(IF(AE15=0,"",IF(AND(AE15>0,AE15<=0.2),"Muy Baja",IF(AE15<=0.4,"Baja",IF(AE15<=0.6,"Media",IF(AE15<=0.8,"Alta","Muy Alta"))))),"") -> Muy Baja | AE15: =MIN(Y15:Y19) -> 0.10368 | AF15: =IFERROR(IF(AG15=0,"",IF(AND(AG15>0,AG15<=0.2),"Leve",IF(AG15<=0.4,"Menor",IF(AG15<=0.6,"Moderado",IF(AG15<=0.8,"Mayor","Catastrófico"))))),"") -> Moderado | AG15: =MIN(AC15:AC19) -> 0.6 | AH15: =IFERROR(IF(OR(AND(AD15="Muy Baja",AF15="Leve"),AND(AD15="Muy Baja",AF15="Menor"),AND(AD15="Baja",AF15="Leve")),"Bajo",IF(OR(AND(AD15="Muy Baja",AF15="Moderado"),AND(AD15="Baja",AF15="Menor"),AND(AD15="Baja",AF15="Moderado"),AND(AD15="Media",AF15="Leve"),AND(AD15="Media",AF15="Menor"),AND(AD15="Media",AF15="Moderado"),AND(AD15="Alta",AF15="Leve"),AND(AD15="Alta",AF15="Menor")),"Moderado",IF(OR(AND(AD15="Muy Baja",AF15="Mayor"),AND(AD15="Baja",AF15="Mayor"),AND(AD15="Media",AF15="Mayor"),AND(AD15="Alta",AF15="Moderado"),AND(AD15="Alta",AF15="Mayor"),AND(AD15="Muy Alta",AF15="Leve"),AND(AD15="Muy Alta",AF15="Menor"),AND(AD15="Muy Alta",AF15="Moderado"),AND(AD15="Muy Alta",AF15="Mayor")),"Alto",IF(OR(AND(AD15="Muy Baja",AF15="Catastrófico"),AND(AD15="Baja",AF15="Catastrófico"),AND(AD15="Media",AF15="Catastrófico"),AND(AD15="Alta",AF15="Catastrófico"),AND(AD15="Muy Alta",AF15="Catastrófico")),"Extremo","")))),"") -> Moderado | AI15: Reducir (mitigar) | AK15: Se materializó el Riesgo? El riesgo sigue vigente, Durante el Primer trimestre de 2026 No se ha materializado y se ha venido entregando la documentación requerida a las curadurías con el fin de obtener las resoluciones que se le asignan a los beneficiarios. Los Controles están bien diseñados, se aplican de acuerdo al diseño y son efectivos? Todos los controles planteados fueron realizados a cabalidad y han sido efectivos, se ha cumplido con la entrega de la documentación completa a las curadurías con el apoyo de los beneficiarios, igualmente se ha contado con el personal de apoyo para dar cumplimiento a las labores del programa, lo que ha permitido que no se materialice el riesgo, como resultados de estos controles se han radicado en la Curaduría Cuarta 23 CBML que corresponden a 43 unidades de vivienda. Que acciones propones o se están llevando a cabo para gestionar el riesgo que se materializó? N/A Que acciones propones o se están llevando a cabo para fortalecer los controles? No ha sido necesario documentar acciones ya que no se ha materializado el riesgo. | AL15: Se relaciona el correspondiente enlace del Sharepoint donde se lleva el contro de los radicado para verificación del avance en el cumplimiento de la meta: https://isvimedgovco.sharepoint.com/:f:/s/4Dot_Vivienda_y_Habitat2-07.Reconocimiento/EjsRhQcHNcNCiQbA2TP4WesB9zdkVyf-6xDhH7HkyVAyJQ?e=NumE3a | AM15: Se materializó el Riesgo? El riesgo sigue vigente, Durante el segundo trimestre de 2026 No se ha materializado y se ha venido entregando la documentación requerida a las curadurías con el fin de obtener las resoluciones que se le asignan a los beneficiarios. Los Controles están bien diseñados, se aplican de acuerdo al diseño y son efectivos? Todos los controles planteados fueron realizados a cabalidad y han sido efectivos, se ha cumplido con la entrega de la documentación completa a las curadurías con el apoyo de los beneficiarios, igualmente se ha contado con el personal de apoyo para dar cumplimiento a las labores del programa, lo que ha permitido que no se materialice el riesgo, como resultados de estos controles se han radicado en la Curaduría Cuarta 51 CBML que corresponden a 109 unidades de vivienda. Que acciones propones o se están llevando a cabo para gestionar el riesgo que se materializó? N/A Que acciones propones o se están llevando a cabo para fortalecer los controles? No ha sido necesario documentar acciones ya que no se ha materializado el riesgo. | AN15: Se relaciona el correspondiente enlace del Sharepoint donde se lleva el contro de los radicado para verificación del avance en el cumplimiento de la meta: https://isvimedgovco.sharepoint.com/:f:/s/4Dot_Vivienda_y_Habitat2-07.Reconocimiento/EjsRhQcHNcNCiQbA2TP4WesB9zdkVyf-6xDhH7HkyVAyJQ?e=NumE3a | AO15: Se materializó el Riesgo? (Ver evento potencial principal en Columna F. Relacionar detalles de la materialización - que, como, cuando, donde): Los Controles están bien diseñados, se aplican de acuerdo al diseño y son efectivos? (Ver controles en la columna P / Concluir frente a cada control) Que acciones propones o se están llevando a cabo para gestionar el riesgo que se materializó? (Si no aplica colocar N/A) Que acciones propones o se están llevando a cabo para fortalecer los controles? (En el caso de que tener Acciones de mejora / Acciones correctivas en proceso, relacionar el avance. Si tienes acciones específicas a desarrollar en la columna AJ, también relacionar el avance) | AQ15: Se materializó el Riesgo? (Ver evento potencial principal en Columna F. Relacionar detalles de la materialización - que, como, cuando, donde): Los Controles están bien diseñados, se aplican de acuerdo al diseño y son efectivos? (Ver controles en la columna P / Concluir frente a cada control) Que acciones propones o se están llevando a cabo para gestionar el riesgo que se materializó? (Si no aplica colocar N/A) Que acciones propones o se están llevando a cabo para fortalecer los controles? (En el caso de que tener Acciones de mejora / Acciones correctivas en proceso, relacionar el avance. Si tienes acciones específicas a desarrollar en la columna AJ, también relacionar el avance)
H16: 2. Entrega inoportuna de la documentación por parte de los propietarios. | O16: 2 | P16: El equipo administrativo de la Línea de Reconocimiento revisa que los documentos entregados por los propietarios de los inmuebles estén completos de acuerdo a lo establecido en la ley 1077 de 2015, para lo cual se utiliza el formato “lista de chequeo de expediente de reconocimiento”, F-GDS-51. El equipo administrativo identifica los documentos pendientes relacionados por parte de los técnicos de levantamiento en el formato “Visitas de levantamiento de reconocimiento”, F-GDS-58, para ser ingresados en una base de datos para una nueva programación de recorridos. Adicionalmente, se establece como política de operación que en los procesos de reconocimiento en donde los propietarios no entreguen la documentación completa que establece la ley 1077 de 2015, no procede la radicación de los expedientes en la respectiva curaduría. | Q16: =IF(OR(R16="Preventivo",R16="Detectivo"),"Probabilidad",IF(R16="Correctivo","Impacto","")) -> Probabilidad | R16: Preventivo | S16: Manual | T16: =IF(AND(R16="Preventivo",S16="Automático"),"50%",IF(AND(R16="Preventivo",S16="Manual"),"40%",IF(AND(R16="Detectivo",S16="Automático"),"40%",IF(AND(R16="Detectivo",S16="Manual"),"30%",IF(AND(R16="Correctivo",S16="Automático"),"35%",IF(AND(R16="Correctivo",S16="Manual"),"25%","")))))) -> 40% | U16: Sin Documentar | V16: Continua | W16: Con Registro | X16: formato “lista de chequeo expediente de reconocimiento”, F-GDS-51, formato “Visitas de levantamiento de reconocimiento”, F-GDS-58 en expediente físico de cada reconocimiento. Base de datos con control de pendientes en la documentación. | Y16: =IFERROR(IF(AND(Q15="Probabilidad",Q16="Probabilidad"),(AA15-(+AA15*T16)),IF(Q16="Probabilidad",(K15-(+K15*T16)),IF(Q16="Impacto",AA15,""))),"") -> 0.288 | Z16: =IFERROR(IF(Y16="","",IF(Y16<=0.2,"Muy Baja",IF(Y16<=0.4,"Baja",IF(Y16<=0.6,"Media",IF(Y16<=0.8,"Alta","Muy Alta"))))),"") -> Baja | AA16: =+Y16 -> 0.288 | AB16: =IFERROR(IF(AC16="","",IF(AC16<=0.2,"Leve",IF(AC16<=0.4,"Menor",IF(AC16<=0.6,"Moderado",IF(AC16<=0.8,"Mayor","Catastrófico"))))),"") -> Moderado | AC16: =IFERROR(IF(AND(Q15="Impacto",Q16="Impacto"),(AC15-(+AC15*T16)),IF(Q16="Impacto",(#REF!-(+#REF!*T16)),IF(Q16="Probabilidad",AC15,""))),"") -> 0.6
H17: 3. Imposibilidad de acceso a la base de datos SIFI por fallas en el sistema. | O17: 3 | P17: El responsable asignado del area de TIC recibe la solicitud de soporte SIFI, realiza diagnóstico de disponibilidad del servicio y según sea el caso realiza las siguientes actividades: reconstrucción de indices, mantenimiento general de la base de datos, depuración de elementos obsoletos, y revisión y actualización de servidores. | Q17: =IF(OR(R17="Preventivo",R17="Detectivo"),"Probabilidad",IF(R17="Correctivo","Impacto","")) -> Probabilidad | R17: Preventivo | S17: Manual | T17: =IF(AND(R17="Preventivo",S17="Automático"),"50%",IF(AND(R17="Preventivo",S17="Manual"),"40%",IF(AND(R17="Detectivo",S17="Automático"),"40%",IF(AND(R17="Detectivo",S17="Manual"),"30%",IF(AND(R17="Correctivo",S17="Automático"),"35%",IF(AND(R17="Correctivo",S17="Manual"),"25%","")))))) -> 40% | U17: Sin Documentar | V17: Aleatoria | W17: Sin Registro | X17: N/A | Y17: =IFERROR(IF(AND(Q16="Probabilidad",Q17="Probabilidad"),(AA16-(+AA16*T17)),IF(AND(Q16="Impacto",Q17="Probabilidad"),(AA15-(+AA15*T17)),IF(Q17="Impacto",AA16,""))),"") -> 0.1728 | Z17: =IFERROR(IF(Y17="","",IF(Y17<=0.2,"Muy Baja",IF(Y17<=0.4,"Baja",IF(Y17<=0.6,"Media",IF(Y17<=0.8,"Alta","Muy Alta"))))),"") -> Muy Baja | AA17: =+Y17 -> 0.1728 | AB17: =IFERROR(IF(AC17="","",IF(AC17<=0.2,"Leve",IF(AC17<=0.4,"Menor",IF(AC17<=0.6,"Moderado",IF(AC17<=0.8,"Mayor","Catastrófico"))))),"") -> Moderado | AC17: =IFERROR(IF(AND(Q16="Impacto",Q17="Impacto"),(AC16-(+AC16*T17)),IF(AND(Q16="Probabilidad",Q17="Impacto"),(AC15-(+AC15*T17)),IF(Q17="Probabilidad",AC16,""))),"") -> 0.6
H18: 4. Demora en la devolución de documentos radicados en entidades externas (Curadurías, Catastro, Hacienda Municipal), Departamento Administrativo de Planeación. | O18: 4 | P18: No es posible un control por parte de la entidad por tratarse de entidades externas. | R18: N/A | S18: N/A | U18: N/A | V18: N/A | W18: N/A | X18: N/A
H19: 5. Falencias en la capacidad operativa en términos de disponibilidad de personal | O19: 5 | P19: El profesional líder de la línea de reconocimientos verifica que el proceso precontractual y contractual para la contratación de personal (contratos de prestación de servicios profesionales y de apoyo a la gestión), se realice de acuerdo a los tiempos establecidos en el Plan Anual de Adquisiciones. | Q19: =IF(OR(R19="Preventivo",R19="Detectivo"),"Probabilidad",IF(R19="Correctivo","Impacto","")) -> Probabilidad | R19: Preventivo | S19: Manual | T19: =IF(AND(R19="Preventivo",S19="Automático"),"50%",IF(AND(R19="Preventivo",S19="Manual"),"40%",IF(AND(R19="Detectivo",S19="Automático"),"40%",IF(AND(R19="Detectivo",S19="Manual"),"30%",IF(AND(R19="Correctivo",S19="Automático"),"35%",IF(AND(R19="Correctivo",S19="Manual"),"25%","")))))) -> 40% | U19: Sin Documentar | V19: Aleatoria | W19: Con Registro | X19: Estudios previos y anexos Minuta de contratos de prestación de servicios profesionales y de apoyo a la gestión. | Y19: =IFERROR(IF(AND(Q17="Probabilidad",Q19="Probabilidad"),(AA17-(+AA17*T19)),IF(AND(Q17="Impacto",Q19="Probabilidad"),(AA16-(+AA16*T19)),IF(Q19="Impacto",AA17,""))),"") -> 0.10368 | Z19: =IFERROR(IF(Y19="","",IF(Y19<=0.2,"Muy Baja",IF(Y19<=0.4,"Baja",IF(Y19<=0.6,"Media",IF(Y19<=0.8,"Alta","Muy Alta"))))),"") -> Muy Baja | AA19: =+Y19 -> 0.10368 | AB19: =IFERROR(IF(AC19="","",IF(AC19<=0.2,"Leve",IF(AC19<=0.4,"Menor",IF(AC19<=0.6,"Moderado",IF(AC19<=0.8,"Mayor","Catastrófico"))))),"") -> Moderado | AC19: =IFERROR(IF(AND(Q17="Impacto",Q19="Impacto"),(AC17-(+AC17*T19)),IF(AND(Q17="Probabilidad",Q19="Impacto"),(AC16-(+AC16*T19)),IF(Q19="Probabilidad",AC17,""))),"") -> 0.6
A20: GDS 6 | B20: Lograr el cumplimiento de las metas de mejoramiento de vivienda establecida en el Plan de Desarrollo Distrital 2024-2027 con responsabilidad del Isvimed. Lograr la asignación de subdisios distritales de vivienda en la modalidad de mejoramiento en comunas con mayor deficit cualitativo. Lograr un aumento en la cobertura de subsidios asignados con relación al presupuesto inicial. | C20: Mejoramiento de Vivienda | D20: Posibilidad de afectación reputacional del Insituto | E20: Incumplimentos de metas del Plan de Desarrollo Distrital en materia de asignación y ejecución de subsidios de vivienda en la modalidad de mejoramiento. Por existencia de quejas interpuestas por las partes interesadas. | F20: debido a que no hay disponibilidad de recursos para la asignación de subsidios de mejoramiento de vivienda, a los diagnósticos efectivos. | G20: Posibilidad de afectación reputacional del Insituto, reflejada en incumplimentos de metas del Plan de Desarrollo Municipal en materia de asignación y ejecución de subsidios de vivienda en la modalidad de mejoramiento asi como por la existencia de quejas interpuestas por las partes interesadas. Lo anterior, debido a que no hay disponibilidad de recursos para la asignación de subsidios de mejoramiento de vivienda, a los diagnósticos efectivos. | H20: 1. No se realizan las transferencias Distritales previstas en el Plan de Desarrollo. | I20: Gestión | J20: Alta | K20: =IF(J20="","",IF(J20="Muy Baja",0.2,IF(J20="Baja",0.4,IF(J20="Media",0.6,IF(J20="Alta",0.8,IF(J20="Muy Alta",1,)))))) -> 0.8 | L20: Mayor | M20: =IF(L20="","",IF(L20="Leve",0.2,IF(L20="Menor",0.4,IF(L20="Moderado",0.6,IF(L20="Mayor",0.8,IF(L20="Catastrófico",1,)))))) -> 0.8 | N20: =IF(OR(AND(J20="Muy Baja",L20="Leve"),AND(J20="Muy Baja",L20="Menor"),AND(J20="Baja",L20="Leve")),"Bajo",IF(OR(AND(J20="Muy Baja",L20="Moderado"),AND(J20="Baja",L20="Menor"),AND(J20="Baja",L20="Moderado"),AND(J20="Media",L20="Leve"),AND(J20="Media",L20="Menor"),AND(J20="Media",L20="Moderado"),AND(J20="Alta",L20="Leve"),AND(J20="Alta",L20="Menor")),"Moderado",IF(OR(AND(J20="Muy Baja",L20="Mayor"),AND(J20="Baja",L20="Mayor"),AND(J20="Media",L20="Mayor"),AND(J20="Alta",L20="Moderado"),AND(J20="Alta",L20="Mayor"),AND(J20="Muy Alta",L20="Leve"),AND(J20="Muy Alta",L20="Menor"),AND(J20="Muy Alta",L20="Moderado"),AND(J20="Muy Alta",L20="Mayor")),"Alto",IF(OR(AND(J20="Muy Baja",L20="Catastrófico"),AND(J20="Baja",L20="Catastrófico"),AND(J20="Media",L20="Catastrófico"),AND(J20="Alta",L20="Catastrófico"),AND(J20="Muy Alta",L20="Catastrófico")),"Extremo","")))) -> Alto | O20: 0 | P20: El profesional universitario encargado de reportar los indicadores de plan de desarrollo relacionados con asignación y ejecución de subsidios de vivienda en la modalidad de mejoramiento, relaciona en nivel de cumplimiento de los mismos, estableciendo en el análisis el total de subsidios que no puedieron ser asignados por disponiblidad de recursos. | Q20: =IF(OR(R20="Preventivo",R20="Detectivo"),"Probabilidad",IF(R20="Correctivo","Impacto","")) -> Probabilidad | R20: Detectivo | S20: Manual | T20: =IF(AND(R20="Preventivo",S20="Automático"),"50%",IF(AND(R20="Preventivo",S20="Manual"),"40%",IF(AND(R20="Detectivo",S20="Automático"),"40%",IF(AND(R20="Detectivo",S20="Manual"),"30%",IF(AND(R20="Correctivo",S20="Automático"),"35%",IF(AND(R20="Correctivo",S20="Manual"),"25%","")))))) -> 30% | U20: Sin Documentar | V20: Aleatoria | W20: Con Registro | X20: Analisis de indicadores de asignación y ejecución de subsidios en el Sistema de Medición Organizacional del SIFI | Y20: =IFERROR(IF(Q20="Probabilidad",(K20-(+K20*T20)),IF(Q20="Impacto",K20,"")),"") -> 0.56 | Z20: =IFERROR(IF(Y20="","",IF(Y20<=0.2,"Muy Baja",IF(Y20<=0.4,"Baja",IF(Y20<=0.6,"Media",IF(Y20<=0.8,"Alta","Muy Alta"))))),"") -> Media | AA20: =+Y20 -> 0.56 | AB20: =IFERROR(IF(AC20="","",IF(AC20<=0.2,"Leve",IF(AC20<=0.4,"Menor",IF(AC20<=0.6,"Moderado",IF(AC20<=0.8,"Mayor","Catastrófico"))))),"") -> Mayor | AC20: =IFERROR(IF(Q20="Impacto",(M20-(+M20*T20)),IF(Q20="Probabilidad",M20,"")),"") -> 0.8 | AD20: =IFERROR(IF(AE20=0,"",IF(AND(AE20>0,AE20<=0.2),"Muy Baja",IF(AE20<=0.4,"Baja",IF(AE20<=0.6,"Media",IF(AE20<=0.8,"Alta","Muy Alta"))))),"") -> Baja | AE20: =MIN(Y20:Y23) -> 0.2016 | AF20: =IFERROR(IF(AG20=0,"",IF(AND(AG20>0,AG20<=0.2),"Leve",IF(AG20<=0.4,"Menor",IF(AG20<=0.6,"Moderado",IF(AG20<=0.8,"Mayor","Catastrófico"))))),"") -> Moderado | AG20: =MIN(AC20:AC23) -> 0.6 | AH20: =IFERROR(IF(OR(AND(AD20="Muy Baja",AF20="Leve"),AND(AD20="Muy Baja",AF20="Menor"),AND(AD20="Baja",AF20="Leve")),"Bajo",IF(OR(AND(AD20="Muy Baja",AF20="Moderado"),AND(AD20="Baja",AF20="Menor"),AND(AD20="Baja",AF20="Moderado"),AND(AD20="Media",AF20="Leve"),AND(AD20="Media",AF20="Menor"),AND(AD20="Media",AF20="Moderado"),AND(AD20="Alta",AF20="Leve"),AND(AD20="Alta",AF20="Menor")),"Moderado",IF(OR(AND(AD20="Muy Baja",AF20="Mayor"),AND(AD20="Baja",AF20="Mayor"),AND(AD20="Media",AF20="Mayor"),AND(AD20="Alta",AF20="Moderado"),AND(AD20="Alta",AF20="Mayor"),AND(AD20="Muy Alta",AF20="Leve"),AND(AD20="Muy Alta",AF20="Menor"),AND(AD20="Muy Alta",AF20="Moderado"),AND(AD20="Muy Alta",AF20="Mayor")),"Alto",IF(OR(AND(AD20="Muy Baja",AF20="Catastrófico"),AND(AD20="Baja",AF20="Catastrófico"),AND(AD20="Media",AF20="Catastrófico"),AND(AD20="Alta",AF20="Catastrófico"),AND(AD20="Muy Alta",AF20="Catastrófico")),"Extremo","")))),"") -> Moderado | AI20: Reducir (mitigar) | AK20: Identificación de Riesgos: El riesgo continua vigente durante el primer trimestre de 2026 Materialización de Evento Potencial Principal: Durante el primer trimestre de 2026 no se materializó el evento Potencial principal ya que se recibieron recursos y se concretaron Alianzas con el fin de realizar la asignación 1031 subsidios de mejoramiento de vivienda de la siguiente forma: - 77 Subsidios correspondientes al convenio Interadministrativo 004 de 2024 con el MVCT - 1 Subsidio correspondiente al Convenio de Asociación 281 de 2025 - COMFAMA - 6 Subsidios correspondientes a la invitación 005 de 2024 - COSEICO - 340 Subsidios correspondientes a la invitación 001 de 2025 Orden de Ejecución N° 2 COSEICO - 293 Subsidios correspondientes a la invitación 001 de 2025 Orden de Ejecución N° 2 INGEMAT - 109 Subsidios correspondientes a la invitación 001 de 2025 Orden de Ejecución N° 2 CONSORCIO VIVIENDAS - 205 Subsidios correspondientes a la invitación 001 de 2025 Orden de Ejecución N° 2 CONSORCIO MEJORAMIENTO DE VIVIENDA Materialización de Evento Potencial Intermedio: No se materializa el evento potencial intermedio durante el primer trimestre de 2026, se reciben transferencias y se gestionaron alianzas con entes externos Diseño, Efectividad de Controles: Los controles establecidos han sido efectivos permitiendo que no se materialicen los riesgos Estado de acciones derivadas del seguimiento a riesgos: No ha sido necesario documentar acciones en el primer trimestre de 2026 ya que los riesgos no se han materializado. | AL20: El reporte de los subsidios de mejoramientos de vivienda asignados se realiza de forma mensual en el SMO https://sifi.isvimed.gov.co/indicadores/visualizar?id=61 | AM20: Identificación de Riesgos: El riesgo continua vigente durante el segundo trimestre de 2026 Materialización de Evento Potencial Principal: Durante el segundo trimestre de 2026 no se materializó el evento Potencial principal ya que se recibieron recursos logrando la asignación 1398 subsidios de mejoramiento de vivienda de la siguiente forma: - 128 Subsidios correspondientes a la invitación 001 de 2025 Orden de Ejecución N° 2 MEJIA ACEVEDO - 500 Subsidios correspondientes a la invitación 001 de 2025 Orden de Ejecución N° 2 COSEICO - 264 Subsidios correspondientes a la invitación 001 de 2025 Orden de Ejecución N° 2 INGEMAT - 97 Subsidios correspondientes a la invitación 001 de 2025 Orden de Ejecución N° 2 CONSORCIO VIVIENDAS - 243 Subsidios correspondientes a la invitación 001 de 2025 Orden de Ejecución N° 2 CONSORCIO MEJORAMIENTO DE VIVIENDA - 116 Subsidios correspondientes a la invitación 001 de 2025 Orden de Ejecución N° 2 CONCRECIVIL - 33 Subsidios correspondientes al Convenio Interadministrativo N° 281 de 2025 COMFAMA - 17 Subsidios correspondientes al Convenio Interadministrativo N° 004 de 2024 MVCT Materialización de Evento Potencial Intermedio: No se materializa el evento potencial intermedio durante el segundo trimestre de 2026, se reciben transferencias y se gestionaron alianzas con entes externos Diseño, Efectividad de Controles: Los controles establecidos han sido efectivos permitiendo que no se materialicen los riesgos Estado de acciones derivadas del seguimiento a riesgos: No ha sido necesario documentar acciones en el segundo trimestre de 2026 ya que los riesgos no se han materializado. | AN20: El reporte de los subsidios de mejoramientos de vivienda asignados se realiza de forma mensual en el SMO https://sifi.isvimed.gov.co/indicadores/visualizar?id=61 | AO20: Se materializó el Riesgo? (Ver evento potencial principal en Columna F. Relacionar detalles de la materialización - que, como, cuando, donde): Los Controles están bien diseñados, se aplican de acuerdo al diseño y son efectivos? (Ver controles en la columna P / Concluir frente a cada control) Que acciones propones o se están llevando a cabo para gestionar el riesgo que se materializó? (Si no aplica colocar N/A) Que acciones propones o se están llevando a cabo para fortalecer los controles? (En el caso de que tener Acciones de mejora / Acciones correctivas en proceso, relacionar el avance. Si tienes acciones específicas a desarrollar en la columna AJ, también relacionar el avance) | AQ20: Se materializó el Riesgo? (Ver evento potencial principal en Columna F. Relacionar detalles de la materialización - que, como, cuando, donde): Los Controles están bien diseñados, se aplican de acuerdo al diseño y son efectivos? (Ver controles en la columna P / Concluir frente a cada control) Que acciones propones o se están llevando a cabo para gestionar el riesgo que se materializó? (Si no aplica colocar N/A) Que acciones propones o se están llevando a cabo para fortalecer los controles? (En el caso de que tener Acciones de mejora / Acciones correctivas en proceso, relacionar el avance. Si tienes acciones específicas a desarrollar en la columna AJ, también relacionar el avance)
O21: 1 | P21: En relación a la Subcausa 1: La persona con responsabilidad del control presupuestal de la Subdirección de Dotación, identifica de que contratos se pueden liberar recursos para reasignación. Para lo cual identifica renuncias de beneficiarios al subsidio, no ejecuciones y menor valor ejecutado. | Q21: =IF(OR(R21="Preventivo",R21="Detectivo"),"Probabilidad",IF(R21="Correctivo","Impacto","")) -> Probabilidad | R21: Preventivo | S21: Manual | T21: =IF(AND(R21="Preventivo",S21="Automático"),"50%",IF(AND(R21="Preventivo",S21="Manual"),"40%",IF(AND(R21="Detectivo",S21="Automático"),"40%",IF(AND(R21="Detectivo",S21="Manual"),"30%",IF(AND(R21="Correctivo",S21="Automático"),"35%",IF(AND(R21="Correctivo",S21="Manual"),"25%","")))))) -> 40% | U21: Sin Documentar | V21: Aleatoria | W21: Con Registro | X21: Actas de liquidacion de contratos con los operadores (parciales, finales). Resoluciones de aceptación de renuncia y/o pérdida de ejecutoriedad. | Y21: =IFERROR(IF(AND(Q20="Probabilidad",Q21="Probabilidad"),(AA20-(+AA20*T21)),IF(Q21="Probabilidad",(K20-(+K20*T21)),IF(Q21="Impacto",AA20,""))),"") -> 0.336 | Z21: =IFERROR(IF(Y21="","",IF(Y21<=0.2,"Muy Baja",IF(Y21<=0.4,"Baja",IF(Y21<=0.6,"Media",IF(Y21<=0.8,"Alta","Muy Alta"))))),"") -> Baja | AA21: =+Y21 -> 0.336 | AB21: =IFERROR(IF(AC21="","",IF(AC21<=0.2,"Leve",IF(AC21<=0.4,"Menor",IF(AC21<=0.6,"Moderado",IF(AC21<=0.8,"Mayor","Catastrófico"))))),"") -> Mayor | AC21: =IFERROR(IF(AND(Q20="Impacto",Q21="Impacto"),(AC20-(+AC20*T21)),IF(Q21="Impacto",($M$15-(+$M$15*T21)),IF(Q21="Probabilidad",AC20,""))),"") -> 0.8
P22: En caso de no contar con los recursos provenientes de transferencias distritales, La dirección gestiona recursos de financiación con otras entidades (publicas, mixtas y privadas) que gestionen proyectos de vivienda para cofinanciar la asignación de subsidios. Una vez obtenido el recurso, el personal de la linea de mejoramientos, identifica los diagnósticos efectivos rezagados para asignar el subsidio de vivienda y ejecutar los mejoramientos. Nota: Los nuevos diagnósticos de mejoramiento de vivienda a partir del 2024 serán relaizados directamente por el Isvimed.. | Q22: =IF(OR(R22="Preventivo",R22="Detectivo"),"Probabilidad",IF(R22="Correctivo","Impacto","")) -> Impacto | R22: Correctivo | S22: Manual | T22: =IF(AND(R22="Preventivo",S22="Automático"),"50%",IF(AND(R22="Preventivo",S22="Manual"),"40%",IF(AND(R22="Detectivo",S22="Automático"),"40%",IF(AND(R22="Detectivo",S22="Manual"),"30%",IF(AND(R22="Correctivo",S22="Automático"),"35%",IF(AND(R22="Correctivo",S22="Manual"),"25%","")))))) -> 25% | U22: Sin Documentar | V22: Aleatoria | W22: Con Registro | X22: Convenios de cofinanciacion. Informes mensuales de reporte de avance en donde se relaciona el estado de expedientes y se identifican los expedientes con diagnósticos efectivos para asignación. Resoluciones de asignación de subsidio | Y22: =IFERROR(IF(AND(Q21="Probabilidad",Q22="Probabilidad"),(AA21-(+AA21*T22)),IF(AND(Q21="Impacto",Q22="Probabilidad"),(AA20-(+AA20*T22)),IF(Q22="Impacto",AA21,""))),"") -> 0.336 | Z22: =IFERROR(IF(Y22="","",IF(Y22<=0.2,"Muy Baja",IF(Y22<=0.4,"Baja",IF(Y22<=0.6,"Media",IF(Y22<=0.8,"Alta","Muy Alta"))))),"") -> Baja | AA22: =+Y22 -> 0.336 | AB22: =IFERROR(IF(AC22="","",IF(AC22<=0.2,"Leve",IF(AC22<=0.4,"Menor",IF(AC22<=0.6,"Moderado",IF(AC22<=0.8,"Mayor","Catastrófico"))))),"") -> Moderado | AC22: =IFERROR(IF(AND(Q21="Impacto",Q22="Impacto"),(AC21-(+AC21*T22)),IF(AND(Q21="Probabilidad",Q22="Impacto"),(AC20-(+AC20*T22)),IF(Q22="Probabilidad",AC21,""))),"") -> 0.6
H23: 2. No se gestionan recursos a través de alianzas con el secctor público - privado. | O23: 2 | P23: En relación a la subcausa 2: El profesional a cargo de la linea de mejoramiento de vivienda gestiona con entidades publico - privadas alianzas efectivas para la consecución de recursos | Q23: =IF(OR(R23="Preventivo",R23="Detectivo"),"Probabilidad",IF(R23="Correctivo","Impacto","")) -> Probabilidad | R23: Preventivo | S23: Manual | T23: =IF(AND(R23="Preventivo",S23="Automático"),"50%",IF(AND(R23="Preventivo",S23="Manual"),"40%",IF(AND(R23="Detectivo",S23="Automático"),"40%",IF(AND(R23="Detectivo",S23="Manual"),"30%",IF(AND(R23="Correctivo",S23="Automático"),"35%",IF(AND(R23="Correctivo",S23="Manual"),"25%","")))))) -> 40% | U23: Sin Documentar | V23: Aleatoria | W23: Con Registro | X23: Cargue información de diganósticos efectivos en plataformas de cada entidad con la que se realiza la alianza. Convenios interadministrativos | Y23: =IFERROR(IF(AND(Q22="Probabilidad",Q23="Probabilidad"),(AA22-(+AA22*T23)),IF(AND(Q22="Impacto",Q23="Probabilidad"),(AA21-(+AA21*T23)),IF(Q23="Impacto",AA22,""))),"") -> 0.2016 | Z23: =IFERROR(IF(Y23="","",IF(Y23<=0.2,"Muy Baja",IF(Y23<=0.4,"Baja",IF(Y23<=0.6,"Media",IF(Y23<=0.8,"Alta","Muy Alta"))))),"") -> Baja | AA23: =+Y23 -> 0.2016 | AB23: =IFERROR(IF(AC23="","",IF(AC23<=0.2,"Leve",IF(AC23<=0.4,"Menor",IF(AC23<=0.6,"Moderado",IF(AC23<=0.8,"Mayor","Catastrófico"))))),"") -> Moderado | AC23: =IFERROR(IF(AND(Q22="Impacto",Q23="Impacto"),(AC22-(+AC22*T23)),IF(AND(Q22="Probabilidad",Q23="Impacto"),(AC21-(+AC21*T23)),IF(Q23="Probabilidad",AC22,""))),"") -> 0.6
A24: GDS 7 | B24: Lograr el cumplimiento de las metas de mejoramiento de vivienda establecida en el Plan de Desarrollo Distrital 2024-2027 con responsabilidad del Isvimed. Lograr la asignación de subdisios distritales de vivienda en la modalidad de mejoramiento en comunas con mayor deficit cualitativo. Lograr un aumento en la cobertura de subsidios asignados con relación al presupuesto inicial. | C24: Mejoramiento de Vivienda | D24: Posibilidad de afectación Económica Instituto | E24: Por perdida de los recursos desembolsados a los contratistas de obra por concepto de anticipo | F24: Debido a la utilización del anticipo con fines distintos a los establecidos en el objeto y alcance del contrato, para el beneficio particular o de terceros. | G24: Posibilidad de Afectación Económica (Presupuestal) por perdida de los recursos desembolsados a los contratistas de obra por concepto de anticipo . Lo anterior, debido a la utilización del mismo con fines distintos a los establecidos en el objeto y alcance del contrato, para el beneficio particular o de terceros. | H24: 1. No se exige para el manejo del anticipo un plan de inversiones. | I24: Integridad Pùblica - Corrupción | J24: Baja | K24: =IF(J24="","",IF(J24="Muy Baja",0.2,IF(J24="Baja",0.4,IF(J24="Media",0.6,IF(J24="Alta",0.8,IF(J24="Muy Alta",1,)))))) -> 0.4 | L24: Catastrófico | M24: =IF(L24="","",IF(L24="Leve",0.2,IF(L24="Menor",0.4,IF(L24="Moderado",0.6,IF(L24="Mayor",0.8,IF(L24="Catastrófico",1,)))))) -> 1 | N24: =IF(OR(AND(J24="Muy Baja",L24="Leve"),AND(J24="Muy Baja",L24="Menor"),AND(J24="Baja",L24="Leve")),"Bajo",IF(OR(AND(J24="Muy baja",L24="Moderado"),AND(J24="Baja",L24="Menor"),AND(J24="Baja",L24="Moderado"),AND(J24="Media",L24="Leve"),AND(J24="Media",L24="Menor"),AND(J24="Media",L24="Moderado"),AND(J24="Alta",L24="Leve"),AND(J24="Alta",L24="Menor")),"Moderado",IF(OR(AND(J24="Muy Baja",L24="Mayor"),AND(J24="Baja",L24="Mayor"),AND(J24="Media",L24="Mayor"),AND(J24="Alta",L24="Moderado"),AND(J24="Alta",L24="Mayor"),AND(J24="Muy Alta",L24="Leve"),AND(J24="Muy Alta",L24="Menor"),AND(J24="Muy Alta",L24="Moderado"),AND(J24="Muy Alta",L24="Mayor")),"Alto",IF(OR(AND(J24="Muy Baja",L24="Catastrófico"),AND(J24="Baja",L24="Catastrófico"),AND(J24="Media",L24="Catastrófico"),AND(J24="Alta",L24="Catastrófico"),AND(J24="Muy Alta",L24="Catastrófico")),"Extremo","")))) -> Extremo | O24: 1 | P24: Se establece como obligación contractual por parte del contratista, la apertura de un encargo fiduciario para el manejo de los recursos por concepto de anticipo. Los desembolsos se realizan previa revisión y autorización del supervisor del contrato por parte del Isvimed. | Q24: =IF(OR(R24="Preventivo",R24="Detectivo"),"Probabilidad",IF(R24="Correctivo","Impacto","")) -> Probabilidad | R24: Preventivo | S24: Manual | T24: =IF(AND(R24="Preventivo",S24="Automático"),"50%",IF(AND(R24="Preventivo",S24="Manual"),"40%",IF(AND(R24="Detectivo",S24="Automático"),"40%",IF(AND(R24="Detectivo",S24="Manual"),"30%",IF(AND(R24="Correctivo",S24="Automático"),"35%",IF(AND(R24="Correctivo",S24="Manual"),"25%","")))))) -> 40% | U24: Sin Documentar | V24: Aleatoria | W24: Con Registro | X24: Minuta del contrato de mejoramientos. Documento de apertura del encargo fiduciario. | Y24: =IFERROR(IF(Q24="Probabilidad",(K24-(+K24*T24)),IF(Q24="Impacto",K24,"")),"") -> 0.24 | Z24: =IFERROR(IF(Y24="","",IF(Y24<=0.2,"Muy Baja",IF(Y24<=0.4,"Baja",IF(Y24<=0.6,"Media",IF(Y24<=0.8,"Alta","Muy Alta"))))),"") -> Baja | AA24: =+Y24 -> 0.24 | AB24: =IFERROR(IF(AC24="","",IF(AC24<=0.2,"Leve",IF(AC24<=0.4,"Menor",IF(AC24<=0.6,"Moderado",IF(AC24<=0.8,"Mayor","Catastrófico"))))),"") -> Catastrófico | AC24: =IFERROR(IF(Q24="Impacto",(M24-(+M24*T24)),IF(Q24="Probabilidad",M24,"")),"") -> 1 | AD24: =IFERROR(IF(AE24=0,"",IF(AND(AE24>0,AE24<=0.2),"Muy Baja",IF(AE24<=0.4,"Baja",IF(AE24<=0.6,"Media",IF(AE24<=0.8,"Alta","Muy Alta"))))),"") -> Muy Baja | AE24: =MIN(Y24:Y26) -> 0.144 | AF24: =IFERROR(IF(AG24=0,"",IF(AND(AG24>0,AG24<=0.2),"Leve",IF(AG24<=0.4,"Menor",IF(AG24<=0.6,"Moderado",IF(AG24<=0.8,"Mayor","Catastrófico"))))),"") -> Mayor | AG24: =MIN(AC24:AC26) -> 0.75 | AH24: =IFERROR(IF(OR(AND(AD24="Muy Baja",AF24="Leve"),AND(AD24="Muy Baja",AF24="Menor"),AND(AD24="Baja",AF24="Leve")),"Bajo",IF(OR(AND(AD24="Muy Baja",AF24="Moderado"),AND(AD24="Baja",AF24="Menor"),AND(AD24="Baja",AF24="Moderado"),AND(AD24="Media",AF24="Leve"),AND(AD24="Media",AF24="Menor"),AND(AD24="Media",AF24="Moderado"),AND(AD24="Alta",AF24="Leve"),AND(AD24="Alta",AF24="Menor")),"Moderado",IF(OR(AND(AD24="Muy Baja",AF24="Mayor"),AND(AD24="Baja",AF24="Mayor"),AND(AD24="Media",AF24="Mayor"),AND(AD24="Alta",AF24="Moderado"),AND(AD24="Alta",AF24="Mayor"),AND(AD24="Muy Alta",AF24="Leve"),AND(AD24="Muy Alta",AF24="Menor"),AND(AD24="Muy Alta",AF24="Moderado"),AND(AD24="Muy Alta",AF24="Mayor")),"Alto",IF(OR(AND(AD24="Muy Baja",AF24="Catastrófico"),AND(AD24="Baja",AF24="Catastrófico"),AND(AD24="Media",AF24="Catastrófico"),AND(AD24="Alta",AF24="Catastrófico"),AND(AD24="Muy Alta",AF24="Catastrófico")),"Extremo","")))),"") -> Alto | AI24: Reducir (mitigar) | AJ24: Establecer como política de operación, la revisión de la minuta del contrato para el diagnóstico y ejecución de mejoramiento de vivienda previa suscripción del mismo, en relación a la existencia de la obligación contractual de la apertura de un encargo fiduciario para el manejo de los recursos por concepto de anticipo, por parte del contratista. | AK24: Identificación de Riesgos: El riesgo continua vigente Materialización de Evento Potencial Principal: En el primer trimestre de 2026 no se materializa ya que no se suscriben nuevos contratos Materialización de Evento Potencial Intermedio: No se materializa el evento potencial intermedio durante el primer trimestre de 2026 los contratos que se modifican mediante Otrosi solo fue por ampliación de plazo. Diseño, Efectividad de Controles: Los controles definidos han sido efectivos logrando que no se materialicen los riesgos Estado de acciones derivadas del seguimiento a riesgos: No ha sido necesario documentar acciones debido a que no se han materializado los riesgos | AL24: NA | AM24: Identificación de Riesgos: El riesgo continua vigente Materialización de Evento Potencial Principal: En el segundo trimestre de 2026 no se materializa riesgo, se firma y da inicio a la orden de ejecución 2 del contrato derivado de la invitación 001 de 2025 con el contratista CONCRECIVIL, y en la claúsula correspondiente al desembolso del anticipo se sigue estipulando la obligación de la apertura del encargo fiduciario con el fin de llevar control adecuado e independiente de estos recursos. Materialización de Evento Potencial Intermedio: No se materializa el evento potencial intermedio durante el segundo trimestre de 2026. Diseño, Efectividad de Controles: Los controles definidos han sido efectivos logrando que no se materialicen los riesgos Estado de acciones derivadas del seguimiento a riesgos: No ha sido necesario documentar acciones debido a que no se han materializado los riesgos | AN24: https://isvimedgovco.sharepoint.com/:f:/s/4Dot_Vivienda_y_Habitat2-05.Mejoramientos_de_Vivienda/IgD5vjP01M4UQ7l_jxWrecdYAT1B9apTG4udgMHoPl--62E?e=ncOfWp | AO24: Se materializó el Riesgo? (Ver evento potencial principal en Columna F. Relacionar detalles de la materialización - que, como, cuando, donde): Los Controles están bien diseñados, se aplican de acuerdo al diseño y son efectivos? (Ver controles en la columna P / Concluir frente a cada control) Que acciones propones o se están llevando a cabo para gestionar el riesgo que se materializó? (Si no aplica colocar N/A) Que acciones propones o se están llevando a cabo para fortalecer los controles? (En el caso de que tener Acciones de mejora / Acciones correctivas en proceso, relacionar el avance. Si tienes acciones específicas a desarrollar en la columna AJ, también relacionar el avance) | AQ24: Se materializó el Riesgo? (Ver evento potencial principal en Columna F. Relacionar detalles de la materialización - que, como, cuando, donde): Los Controles están bien diseñados, se aplican de acuerdo al diseño y son efectivos? (Ver controles en la columna P / Concluir frente a cada control) Que acciones propones o se están llevando a cabo para gestionar el riesgo que se materializó? (Si no aplica colocar N/A) Que acciones propones o se están llevando a cabo para fortalecer los controles? (En el caso de que tener Acciones de mejora / Acciones correctivas en proceso, relacionar el avance. Si tienes acciones específicas a desarrollar en la columna AJ, también relacionar el avance)
H25: 2. los desembolsos no estan relacionados con lo establecido en el plan de inversiones. | O25: 2 | P25: El profesional contable de la subdirección de dotación de vivienda y hábitat verifica que los comprobantes que aporta el contratista tienen relación con el plan de inversiones y en tal caso, relaciona su VoBo en la autorizacion de desembolso para que el supervisor proceda a autorizar el pago. | Q25: =IF(OR(R25="Preventivo",R25="Detectivo"),"Probabilidad",IF(R25="Correctivo","Impacto","")) -> Probabilidad | R25: Preventivo | S25: Manual | T25: =IF(AND(R25="Preventivo",S25="Automático"),"50%",IF(AND(R25="Preventivo",S25="Manual"),"40%",IF(AND(R25="Detectivo",S25="Automático"),"40%",IF(AND(R25="Detectivo",S25="Manual"),"30%",IF(AND(R25="Correctivo",S25="Automático"),"35%",IF(AND(R25="Correctivo",S25="Manual"),"25%","")))))) -> 40% | U25: Sin Documentar | V25: Continua | W25: Con Registro | X25: Autorización de desembolso con firmas del profesional contable de la Subdirección de Dotación y el supervisor del contrato. | Y25: =IFERROR(IF(AND(Q24="Probabilidad",Q25="Probabilidad"),(AA24-(+AA24*T25)),IF(Q25="Probabilidad",(K24-(+K24*T25)),IF(Q25="Impacto",AA24,""))),"") -> 0.144 | Z25: =IFERROR(IF(Y25="","",IF(Y25<=0.2,"Muy Baja",IF(Y25<=0.4,"Baja",IF(Y25<=0.6,"Media",IF(Y25<=0.8,"Alta","Muy Alta"))))),"") -> Muy Baja | AA25: =+Y25 -> 0.144 | AB25: =IFERROR(IF(AC25="","",IF(AC25<=0.2,"Leve",IF(AC25<=0.4,"Menor",IF(AC25<=0.6,"Moderado",IF(AC25<=0.8,"Mayor","Catastrófico"))))),"") -> Catastrófico | AC25: =IFERROR(IF(AND(Q24="Impacto",Q25="Impacto"),(AC24-(+AC24*T25)),IF(Q25="Impacto",($M$15-(+$M$15*T25)),IF(Q25="Probabilidad",AC24,""))),"") -> 1
H26: No Aplica | O26: 3 | P26: En el caso de autorización de desembolso de anticipo sin cumplimento de requisitos para beneficiar a un tercero, se realiza la respectiva denuncias ante las autoridades competentes, la cual podrá realizarse de manera directa o mediante el marco del RITA a través del Oficial de Transparencia. Documentado en: P-GE-10, PROCEDIMIENTO PARA EL TRAMITE DE DENUNCIAS. | Q26: =IF(OR(R26="Preventivo",R26="Detectivo"),"Probabilidad",IF(R26="Correctivo","Impacto","")) -> Impacto | R26: Correctivo | S26: Manual | T26: =IF(AND(R26="Preventivo",S26="Automático"),"50%",IF(AND(R26="Preventivo",S26="Manual"),"40%",IF(AND(R26="Detectivo",S26="Automático"),"40%",IF(AND(R26="Detectivo",S26="Manual"),"30%",IF(AND(R26="Correctivo",S26="Automático"),"35%",IF(AND(R26="Correctivo",S26="Manual"),"25%","")))))) -> 25% | U26: Documentado | V26: Aleatoria | W26: Con Registro | X26: Reportes de Riesgos o posibles hechos de corrupción. | Y26: =IFERROR(IF(AND(Q25="Probabilidad",Q26="Probabilidad"),(AA25-(+AA25*T26)),IF(AND(Q25="Impacto",Q26="Probabilidad"),(AA24-(+AA24*T26)),IF(Q26="Impacto",AA25,""))),"") -> 0.144 | Z26: =IFERROR(IF(Y26="","",IF(Y26<=0.2,"Muy Baja",IF(Y26<=0.4,"Baja",IF(Y26<=0.6,"Media",IF(Y26<=0.8,"Alta","Muy Alta"))))),"") -> Muy Baja | AA26: =+Y26 -> 0.144 | AB26: =IFERROR(IF(AC26="","",IF(AC26<=0.2,"Leve",IF(AC26<=0.4,"Menor",IF(AC26<=0.6,"Moderado",IF(AC26<=0.8,"Mayor","Catastrófico"))))),"") -> Mayor | AC26: =IFERROR(IF(AND(Q25="Impacto",Q26="Impacto"),(AC25-(+AC25*T26)),IF(AND(Q25="Probabilidad",Q26="Impacto"),(AC24-(+AC24*T26)),IF(Q26="Probabilidad",AC25,""))),"") -> 0.75
A27: GDS 8 | B27: Lograr el cumplimiento de las metas de mejoramiento de vivienda establecida en el Plan de Desarrollo Distrital 2024-2027 con responsabilidad del Isvimed. Lograr la asignación de subdisios distritales de vivienda en la modalidad de mejoramiento en comunas con mayor deficit cualitativo. Lograr un aumento en la cobertura de subsidios asignados con relación al presupuesto inicial. | C27: Mejoramiento de Vivienda | D27: Posibilidad de afectación económica y reputacional del Instituto | E27: reflejada en : - la indebida asignación de recursos publicos (detrimento patrimonial). - hallazgos disciplinarios y penales por parte de los entes de control. - el costo social (perdida del derecho) asociado a la perdida de la oportunidad para la asignación del subsidio Municipal de Vivienda a hogares que cumplen con los requisitos legales. | F27: Debido a la asignación / destinación del subsidio Distrital de vivienda en la modalidad de mejoramiento, sin el cumplimiento de los requisitos legales. | G27: Posibilidad de afectación económica y reputacional del Instituto reflejada en la indebida asignación de recursos publicos (detrimento patrimonial), hallazgos disciplinarios y penales por parte de los entes de control, asi como en el costo social (perdida del derecho) asociado a la perdida de la oportunidad para la asignación del subsidio Municipal de Vivienda a hogares que cumplen con los requisitos legales. Lo anterior, debido a la asignación / destinación del subsidio Municipal de vivienda en la modalidad de mejoramiento, sin el cumplimiento de los requisitos legales. | I27: Fiscal | J27: Alta | K27: =IF(J27="","",IF(J27="Muy Baja",0.2,IF(J27="Baja",0.4,IF(J27="Media",0.6,IF(J27="Alta",0.8,IF(J27="Muy Alta",1,)))))) -> 0.8 | L27: Moderado | M27: =IF(L27="","",IF(L27="Leve",0.2,IF(L27="Menor",0.4,IF(L27="Moderado",0.6,IF(L27="Mayor",0.8,IF(L27="Catastrófico",1,)))))) -> 0.6 | N27: =IF(OR(AND(J27="Muy Baja",L27="Leve"),AND(J27="Muy Baja",L27="Menor"),AND(J27="Baja",L27="Leve")),"Bajo",IF(OR(AND(J27="Muy baja",L27="Moderado"),AND(J27="Baja",L27="Menor"),AND(J27="Baja",L27="Moderado"),AND(J27="Media",L27="Leve"),AND(J27="Media",L27="Menor"),AND(J27="Media",L27="Moderado"),AND(J27="Alta",L27="Leve"),AND(J27="Alta",L27="Menor")),"Moderado",IF(OR(AND(J27="Muy Baja",L27="Mayor"),AND(J27="Baja",L27="Mayor"),AND(J27="Media",L27="Mayor"),AND(J27="Alta",L27="Moderado"),AND(J27="Alta",L27="Mayor"),AND(J27="Muy Alta",L27="Leve"),AND(J27="Muy Alta",L27="Menor"),AND(J27="Muy Alta",L27="Moderado"),AND(J27="Muy Alta",L27="Mayor")),"Alto",IF(OR(AND(J27="Muy Baja",L27="Catastrófico"),AND(J27="Baja",L27="Catastrófico"),AND(J27="Media",L27="Catastrófico"),AND(J27="Alta",L27="Catastrófico"),AND(J27="Muy Alta",L27="Catastrófico")),"Extremo","")))) -> Alto | P27: Posterior a la asignación del subsidio, se pueden detectar errores de tipo técnico, en donde se evidencie una asignación indebida del mismo. Para el efecto, El par técnico y social del Isvimed verifica en campo las condiciones de la vivienda previa a la ejecución del mejoramiento e identifica posibles errores en el momento del levantamiento del diagnóstico. En este caso corresponde solicitarle al beneficiario la firma de la renuncia, o en su defecto, si el beneficiario no lo hace, se realiza una proceso de pérdida de ejecutoriedad del acto administrtivo. | Q27: =IF(OR(R27="Preventivo",R27="Detectivo"),"Probabilidad",IF(R27="Correctivo","Impacto","")) -> Impacto | R27: Correctivo | S27: Manual | T27: =IF(AND(R27="Preventivo",S27="Automático"),"50%",IF(AND(R27="Preventivo",S27="Manual"),"40%",IF(AND(R27="Detectivo",S27="Automático"),"40%",IF(AND(R27="Detectivo",S27="Manual"),"30%",IF(AND(R27="Correctivo",S27="Automático"),"35%",IF(AND(R27="Correctivo",S27="Manual"),"25%","")))))) -> 25% | U27: Sin Documentar | V27: Aleatoria | W27: Con Registro | X27: Acta de visita inicial. Resolución de renuncia. Resolución pérdida de ejecutoriedad del acto administrativo. | Y27: =IFERROR(IF(Q27="Probabilidad",(K27-(+K27*T27)),IF(Q27="Impacto",K27,"")),"") -> 0.8 | Z27: =IFERROR(IF(Y27="","",IF(Y27<=0.2,"Muy Baja",IF(Y27<=0.4,"Baja",IF(Y27<=0.6,"Media",IF(Y27<=0.8,"Alta","Muy Alta"))))),"") -> Alta | AA27: =+Y27 -> 0.8 | AB27: =IFERROR(IF(AC27="","",IF(AC27<=0.2,"Leve",IF(AC27<=0.4,"Menor",IF(AC27<=0.6,"Moderado",IF(AC27<=0.8,"Mayor","Catastrófico"))))),"") -> Moderado | AC27: =IFERROR(IF(Q27="Impacto",(M27-(+M27*T27)),IF(Q27="Probabilidad",M27,"")),"") -> 0.45 | AD27: =IFERROR(IF(AE27=0,"",IF(AND(AE27>0,AE27<=0.2),"Muy Baja",IF(AE27<=0.4,"Baja",IF(AE27<=0.6,"Media",IF(AE27<=0.8,"Alta","Muy Alta"))))),"") -> Baja | AE27: =MIN(Y27:Y29) -> 0.288 | AF27: =IFERROR(IF(AG27=0,"",IF(AND(AG27>0,AG27<=0.2),"Leve",IF(AG27<=0.4,"Menor",IF(AG27<=0.6,"Moderado",IF(AG27<=0.8,"Mayor","Catastrófico"))))),"") -> Moderado | AG27: =MIN(AC27:AC29) -> 0.45 | AH27: =IFERROR(IF(OR(AND(AD27="Muy Baja",AF27="Leve"),AND(AD27="Muy Baja",AF27="Menor"),AND(AD27="Baja",AF27="Leve")),"Bajo",IF(OR(AND(AD27="Muy Baja",AF27="Moderado"),AND(AD27="Baja",AF27="Menor"),AND(AD27="Baja",AF27="Moderado"),AND(AD27="Media",AF27="Leve"),AND(AD27="Media",AF27="Menor"),AND(AD27="Media",AF27="Moderado"),AND(AD27="Alta",AF27="Leve"),AND(AD27="Alta",AF27="Menor")),"Moderado",IF(OR(AND(AD27="Muy Baja",AF27="Mayor"),AND(AD27="Baja",AF27="Mayor"),AND(AD27="Media",AF27="Mayor"),AND(AD27="Alta",AF27="Moderado"),AND(AD27="Alta",AF27="Mayor"),AND(AD27="Muy Alta",AF27="Leve"),AND(AD27="Muy Alta",AF27="Menor"),AND(AD27="Muy Alta",AF27="Moderado"),AND(AD27="Muy Alta",AF27="Mayor")),"Alto",IF(OR(AND(AD27="Muy Baja",AF27="Catastrófico"),AND(AD27="Baja",AF27="Catastrófico"),AND(AD27="Media",AF27="Catastrófico"),AND(AD27="Alta",AF27="Catastrófico"),AND(AD27="Muy Alta",AF27="Catastrófico")),"Extremo","")))),"") -> Moderado | AI27: Reducir (mitigar) | AK27: Identificación de Riesgos: El riesgo continua vigente Materialización de Evento Potencial Principal: No se materializa el evento potencial principal durante el primer trimestre de 2026, los beneficiarios a quienes se les asignó subsidio de mejoramiento de vivienda se les verificó la documentación aportada antes de la aprobación en la etapa de diagnóstico y para los que se les va asignar subsidios a traves de convenios son verificados nuevamente el expediente y mediante visita a la vivienda en caso de ser necesario. Materialización de Evento Potencial Intermedio: No se materializa el evento potencial intermedio, ya que a los expedientes de diagnóstico se les realizó la correspondiente revisión técnica, juridica y social antes de su aprobación y en algunos casos se debió realizar visitas de campo Diseño, Efectividad de Controles: Los controles establecidos han sido efectivos Estado de acciones derivadas del seguimiento a riesgos: No ha sido necesaria la documentación de acciones ya que no se han materializado los riesgos | AL27: NA | AM27: Identificación de Riesgos: El riesgo continua vigente Materialización de Evento Potencial Principal: No se materializa el evento potencial principal durante el segundo trimestre de 2026, los beneficiarios a quienes se les asignó subsidio de mejoramiento de vivienda se les verificó la documentación aportada antes de la aprobación en la etapa de diagnóstico y para los que se les va asignar subsidios a traves de convenios son verificados nuevamente el expediente y mediante visita a la vivienda en caso de ser necesario. Materialización de Evento Potencial Intermedio: No se materializa el evento potencial intermedio, ya que a los expedientes de diagnóstico se les realizó la correspondiente revisión técnica, juridica y social antes de su aprobación y en algunos casos se debió realizar visitas de campo Diseño, Efectividad de Controles: Los controles establecidos han sido efectivos Estado de acciones derivadas del seguimiento a riesgos: No ha sido necesaria la documentación de acciones ya que no se han materializado los riesgos | AN27: NA | AO27: Se materializó el Riesgo? (Ver evento potencial principal en Columna F. Relacionar detalles de la materialización - que, como, cuando, donde): Los Controles están bien diseñados, se aplican de acuerdo al diseño y son efectivos? (Ver controles en la columna P / Concluir frente a cada control) Que acciones propones o se están llevando a cabo para gestionar el riesgo que se materializó? (Si no aplica colocar N/A) Que acciones propones o se están llevando a cabo para fortalecer los controles? (En el caso de que tener Acciones de mejora / Acciones correctivas en proceso, relacionar el avance. Si tienes acciones específicas a desarrollar en la columna AJ, también relacionar el avance) | AQ27: Se materializó el Riesgo? (Ver evento potencial principal en Columna F. Relacionar detalles de la materialización - que, como, cuando, donde): Los Controles están bien diseñados, se aplican de acuerdo al diseño y son efectivos? (Ver controles en la columna P / Concluir frente a cada control) Que acciones propones o se están llevando a cabo para gestionar el riesgo que se materializó? (Si no aplica colocar N/A) Que acciones propones o se están llevando a cabo para fortalecer los controles? (En el caso de que tener Acciones de mejora / Acciones correctivas en proceso, relacionar el avance. Si tienes acciones específicas a desarrollar en la columna AJ, también relacionar el avance)
H28: 1. Presentación de información falsa por parte del grupo familiar. | O28: 1 | P28: Con respecto a subcausa 1: El profesional asignado por la subdirección de dotación, verifica cruce a nivel nacional donde se muestra información de las propiedades que tiene la persona a nivel nacional, si ha recibido algún subsidio por alguna entidad, entre otras, además de revisar el concepto de zona de riesgo que nos muestra si la vivienda tiene amenaza baja, medio o alta, si tiene afectación por algún proyecto vial, entre otras. | Q28: =IF(OR(R28="Preventivo",R28="Detectivo"),"Probabilidad",IF(R28="Correctivo","Impacto","")) -> Probabilidad | R28: Preventivo | S28: Manual | T28: =IF(AND(R28="Preventivo",S28="Automático"),"50%",IF(AND(R28="Preventivo",S28="Manual"),"40%",IF(AND(R28="Detectivo",S28="Automático"),"40%",IF(AND(R28="Detectivo",S28="Manual"),"30%",IF(AND(R28="Correctivo",S28="Automático"),"35%",IF(AND(R28="Correctivo",S28="Manual"),"25%","")))))) -> 40% | U28: Sin Documentar | V28: Continua | W28: Con Registro | X28: Registro de verificación de cruce y ZR en el expediente y en SIFI por parte del profesional de la Subdirección de Dotación | Y28: =IFERROR(IF(AND(Q27="Probabilidad",Q28="Probabilidad"),(AA27-(+AA27*T28)),IF(Q28="Probabilidad",(K27-(+K27*T28)),IF(Q28="Impacto",AA27,""))),"") -> 0.48 | Z28: =IFERROR(IF(Y28="","",IF(Y28<=0.2,"Muy Baja",IF(Y28<=0.4,"Baja",IF(Y28<=0.6,"Media",IF(Y28<=0.8,"Alta","Muy Alta"))))),"") -> Media | AA28: =+Y28 -> 0.48 | AB28: =IFERROR(IF(AC28="","",IF(AC28<=0.2,"Leve",IF(AC28<=0.4,"Menor",IF(AC28<=0.6,"Moderado",IF(AC28<=0.8,"Mayor","Catastrófico"))))),"") -> Moderado | AC28: =IFERROR(IF(AND(Q27="Impacto",Q28="Impacto"),(AC27-(+AC27*T28)),IF(Q28="Impacto",($M$15-(+$M$15*T28)),IF(Q28="Probabilidad",AC27,""))),"") -> 0.45 | AJ28: Evaluar la posibilidad de establecer un documento para la firma del grupo familiar en donde dan fe de que la documentación entregada es veraz, valida y da cuenta de la situación real del grupo familiar y estado jurídico del inmueble.
H29: 2. Verificación incorrecta de los requisitos sociales, técnicos y jurídicos que deben ser cumplidos para la asignación del subsidio según el decreto 1053 de 2020. | O29: 2 | P29: Con respecto a subcausa 2: El lider del equipo de mejoramiento con su equipo de apoyo (social, técnico y jurídico) realiza la verificación frente al cumplimiento de los diagnosticos presentados por el operador en relación al cumplimiento de los requisitos establecidos en el decreto 1053 de 2020, lo cual queda debidamente registrado en los formatos establecidos por el SGC. Cuando un diagnóstico no tiene información clara se despejan las dudas a traves de visitas de campo. Documentado en: Manual de Mejoramiento de Vivienda. M-GDS-01 | Q29: =IF(OR(R29="Preventivo",R29="Detectivo"),"Probabilidad",IF(R29="Correctivo","Impacto","")) -> Probabilidad | R29: Preventivo | S29: Manual | T29: =IF(AND(R29="Preventivo",S29="Automático"),"50%",IF(AND(R29="Preventivo",S29="Manual"),"40%",IF(AND(R29="Detectivo",S29="Automático"),"40%",IF(AND(R29="Detectivo",S29="Manual"),"30%",IF(AND(R29="Correctivo",S29="Automático"),"35%",IF(AND(R29="Correctivo",S29="Manual"),"25%","")))))) -> 40% | U29: Sin Documentar | V29: Continua | W29: Con Registro | X29: Lista de chequeo de requisitos de subsidio de vivienda bajo la modalidad de mejoramiento según decreto 1053 de 2020. Registro de consulta en SIFI y observaciones consignadas en hoja de vida del modulo personas de cada beneficiario. Lista de verificación de requisitos para etapa de diagnóstico de mejoramiento, F-GDS-08, firmada por los contratistas técnico, social y jurídico. En general, registros relacionados en el manual de mejoramiento de vivienda, M-GDS-01 | Y29: =IFERROR(IF(AND(Q28="Probabilidad",Q29="Probabilidad"),(AA28-(+AA28*T29)),IF(AND(Q28="Impacto",Q29="Probabilidad"),(AA27-(+AA27*T29)),IF(Q29="Impacto",AA28,""))),"") -> 0.288 | Z29: =IFERROR(IF(Y29="","",IF(Y29<=0.2,"Muy Baja",IF(Y29<=0.4,"Baja",IF(Y29<=0.6,"Media",IF(Y29<=0.8,"Alta","Muy Alta"))))),"") -> Baja | AA29: =+Y29 -> 0.288 | AB29: =IFERROR(IF(AC29="","",IF(AC29<=0.2,"Leve",IF(AC29<=0.4,"Menor",IF(AC29<=0.6,"Moderado",IF(AC29<=0.8,"Mayor","Catastrófico"))))),"") -> Moderado | AC29: =IFERROR(IF(AND(Q28="Impacto",Q29="Impacto"),(AC28-(+AC28*T29)),IF(AND(Q28="Probabilidad",Q29="Impacto"),(AC27-(+AC27*T29)),IF(Q29="Probabilidad",AC28,""))),"") -> 0.45 | AJ29: Sensibilizar al operador con respecto a que realicen una revisión más rigurosa de la situación social, jurídica y técnica del grupo familiar, con respecto a los requisitos establecidos en el decreto 1053 de 2020. Oficiliar bajo la documentación del Sistema de Gestión de Calidad la Lista de chequeo de requisitos de subsidio de vivienda bajo la modalidad de mejoramiento según decreto 1053 de 2020.
A30: GDS18 | B30: Lograr el cumplimiento de las metas de mejoramiento de vivienda establecida en el Plan de Desarrollo Distrital 2024-2027 con responsabilidad del Isvimed. Lograr la asignación de subdisios distritales de vivienda en la modalidad de mejoramiento en comunas con mayor deficit cualitativo. Lograr un aumento en la cobertura de subsidios asignados con relación al presupuesto inicial. | C30: Mejoramiento de Vivienda | D30: Posibilidad de afectación reputacional | E30: Por incumplimiento de las metas de mejoramiento de vivienda establecida en el Plan de Desarrollo Distrital 2024-2027 con responsabilidad del Isvimed. Por imposibiilidad de realizar la la asignación de subdisios distritales de vivienda en la modalidad de mejoramiento en comunas con mayor deficit cualitativo. Por imposiblidad de lograr un aumento en la cobertura de subsidios asignados con relación al presupuesto inicial. Por PQRS interpuestas por los beneficiarios en relación con el incumplimiento en el otorgamiento del recurso para el subsidio | F30: Debido a demoras en la contratación de los diferentes necesidades para iniciar con la realización de diagnósticos, asignación de subsidios y realización de mejoramientos. | G30: Posibilidad de afectación reputacional reflejada en el incumplimiento de las metas de mejoramiento de vivienda establecida en el Plan de Desarrollo Distrital 2024-2027 con responsabilidad del Isvimed, en la imposibiilidad de realizar la la asignación de subdisios distritales de vivienda en la modalidad de mejoramiento en comunas con mayor deficit cualitativo, así como en la imposiblidad de lograr un aumento en la cobertura de subsidios asignados con relación al presupuesto inicial y por PQRS interpuestas por los beneficiarios en relación con el incumplimiento en el otorgamiento del recurso para el subsidio. Lo anterior debido a demoras en la contratación de los diferentes necesidades para iniciar con la realización de diagnósticos, asignación de subsidios y realización de mejoramientos. | H30: 1. Demoras para concretar las alianzas | I30: Gestión | J30: Media | K30: =IF(J30="","",IF(J30="Muy Baja",0.2,IF(J30="Baja",0.4,IF(J30="Media",0.6,IF(J30="Alta",0.8,IF(J30="Muy Alta",1,)))))) -> 0.6 | L30: Mayor | M30: =IF(L30="","",IF(L30="Leve",0.2,IF(L30="Menor",0.4,IF(L30="Moderado",0.6,IF(L30="Mayor",0.8,IF(L30="Catastrófico",1,)))))) -> 0.8 | N30: =IF(OR(AND(J30="Muy Baja",L30="Leve"),AND(J30="Muy Baja",L30="Menor"),AND(J30="Baja",L30="Leve")),"Bajo",IF(OR(AND(J30="Muy baja",L30="Moderado"),AND(J30="Baja",L30="Menor"),AND(J30="Baja",L30="Moderado"),AND(J30="Media",L30="Leve"),AND(J30="Media",L30="Menor"),AND(J30="Media",L30="Moderado"),AND(J30="Alta",L30="Leve"),AND(J30="Alta",L30="Menor")),"Moderado",IF(OR(AND(J30="Muy Baja",L30="Mayor"),AND(J30="Baja",L30="Mayor"),AND(J30="Media",L30="Mayor"),AND(J30="Alta",L30="Moderado"),AND(J30="Alta",L30="Mayor"),AND(J30="Muy Alta",L30="Leve"),AND(J30="Muy Alta",L30="Menor"),AND(J30="Muy Alta",L30="Moderado"),AND(J30="Muy Alta",L30="Mayor")),"Alto",IF(OR(AND(J30="Muy Baja",L30="Catastrófico"),AND(J30="Baja",L30="Catastrófico"),AND(J30="Media",L30="Catastrófico"),AND(J30="Alta",L30="Catastrófico"),AND(J30="Muy Alta",L30="Catastrófico")),"Extremo","")))) -> Alto | O30: 1 | P30: En el caso de que no sea posible concretar la alianza, el Instituto busca apalancar recursos via transferencias distritales o ejecutar los recursos disponibles a los diagnósticos efectivos. | Q30: =IF(OR(R30="Preventivo",R30="Detectivo"),"Probabilidad",IF(R30="Correctivo","Impacto","")) -> Impacto | R30: Correctivo | S30: Manual | T30: =IF(AND(R30="Preventivo",S30="Automático"),"50%",IF(AND(R30="Preventivo",S30="Manual"),"40%",IF(AND(R30="Detectivo",S30="Automático"),"40%",IF(AND(R30="Detectivo",S30="Manual"),"30%",IF(AND(R30="Correctivo",S30="Automático"),"35%",IF(AND(R30="Correctivo",S30="Manual"),"25%","")))))) -> 25% | U30: Sin Documentar | V30: Aleatoria | W30: Con Registro | X30: Acto administrativo de transferencia por parte del Distrito. Resolución de asignación de SDV en la modalidad de mejoramiento. | Y30: =IFERROR(IF(Q30="Probabilidad",(K30-(+K30*T30)),IF(Q30="Impacto",K30,"")),"") -> 0.6 | Z30: =IFERROR(IF(Y30="","",IF(Y30<=0.2,"Muy Baja",IF(Y30<=0.4,"Baja",IF(Y30<=0.6,"Media",IF(Y30<=0.8,"Alta","Muy Alta"))))),"") -> Media | AA30: =+Y30 -> 0.6 | AB30: =IFERROR(IF(AC30="","",IF(AC30<=0.2,"Leve",IF(AC30<=0.4,"Menor",IF(AC30<=0.6,"Moderado",IF(AC30<=0.8,"Mayor","Catastrófico"))))),"") -> Moderado | AC30: =IFERROR(IF(Q30="Impacto",(M30-(+M30*T30)),IF(Q30="Probabilidad",M30,"")),"") -> 0.6 | AD30: =IFERROR(IF(AE30=0,"",IF(AND(AE30>0,AE30<=0.2),"Muy Baja",IF(AE30<=0.4,"Baja",IF(AE30<=0.6,"Media",IF(AE30<=0.8,"Alta","Muy Alta"))))),"") -> Baja | AE30: =MIN(Y30:Y32) -> 0.36 | AF30: =IFERROR(IF(AG30=0,"",IF(AND(AG30>0,AG30<=0.2),"Leve",IF(AG30<=0.4,"Menor",IF(AG30<=0.6,"Moderado",IF(AG30<=0.8,"Mayor","Catastrófico"))))),"") -> Moderado | AG30: =MIN(AC30:AC32) -> 0.45 | AH30: =IFERROR(IF(OR(AND(AD30="Muy Baja",AF30="Leve"),AND(AD30="Muy Baja",AF30="Menor"),AND(AD30="Baja",AF30="Leve")),"Bajo",IF(OR(AND(AD30="Muy Baja",AF30="Moderado"),AND(AD30="Baja",AF30="Menor"),AND(AD30="Baja",AF30="Moderado"),AND(AD30="Media",AF30="Leve"),AND(AD30="Media",AF30="Menor"),AND(AD30="Media",AF30="Moderado"),AND(AD30="Alta",AF30="Leve"),AND(AD30="Alta",AF30="Menor")),"Moderado",IF(OR(AND(AD30="Muy Baja",AF30="Mayor"),AND(AD30="Baja",AF30="Mayor"),AND(AD30="Media",AF30="Mayor"),AND(AD30="Alta",AF30="Moderado"),AND(AD30="Alta",AF30="Mayor"),AND(AD30="Muy Alta",AF30="Leve"),AND(AD30="Muy Alta",AF30="Menor"),AND(AD30="Muy Alta",AF30="Moderado"),AND(AD30="Muy Alta",AF30="Mayor")),"Alto",IF(OR(AND(AD30="Muy Baja",AF30="Catastrófico"),AND(AD30="Baja",AF30="Catastrófico"),AND(AD30="Media",AF30="Catastrófico"),AND(AD30="Alta",AF30="Catastrófico"),AND(AD30="Muy Alta",AF30="Catastrófico")),"Extremo","")))),"") -> Moderado | AK30: Identificación de Riesgos: El riesgo continua vigente Materialización de Evento Potencial Principal: No se materializa el evento potencial principal durante el primer trimestre de 2026 ya que se tramitó la expedición de 1031 resoluciones para la asignación de subsidios de mejoramiento de vivienda. Materialización de Evento Potencial Intermedio: No se materializa el evento potencial intermedio en el primer trimestre de 2026 ya que se lograron tramitar resoluciones de asignación de subsidios de mejoramiento de vivienda Diseño, Efectividad de Controles: Los controles establecidos son efectivos Estado de acciones derivadas del seguimiento a riesgos: No ha sido necesario la documentación de acciones debido a que no se han materializado los riesgos | AL30: El reporte de los subsidios de mejoramientos de vivienda asignados se realiza de forma mensual en el SMO https://sifi.isvimed.gov.co/indicadores/visualizar?id=61 | AM30: Identificación de Riesgos: El riesgo continua vigente Materialización de Evento Potencial Principal: No se materializa el evento potencial principal durante el segundo trimestre de 2026 ya que se tramitó la expedición de 1398 resoluciones para la asignación de subsidios de mejoramiento de vivienda. Materialización de Evento Potencial Intermedio: No se materializa el evento potencial intermedio en el segundo trimestre de 2026 ya que se lograron tramitar resoluciones de asignación de subsidios de mejoramiento de vivienda Diseño, Efectividad de Controles: Los controles establecidos son efectivos Estado de acciones derivadas del seguimiento a riesgos: No ha sido necesario la documentación de acciones debido a que no se han materializado los riesgos | AN30: El reporte de los subsidios de mejoramientos de vivienda asignados se realiza de forma mensual en el SMO https://sifi.isvimed.gov.co/indicadores/visualizar?id=61 | AO30: Se materializó el Riesgo? (Ver evento potencial principal en Columna F. Relacionar detalles de la materialización - que, como, cuando, donde): Los Controles están bien diseñados, se aplican de acuerdo al diseño y son efectivos? (Ver controles en la columna P / Concluir frente a cada control) Que acciones propones o se están llevando a cabo para gestionar el riesgo que se materializó? (Si no aplica colocar N/A) Que acciones propones o se están llevando a cabo para fortalecer los controles? (En el caso de que tener Acciones de mejora / Acciones correctivas en proceso, relacionar el avance. Si tienes acciones específicas a desarrollar en la columna AJ, también relacionar el avance) | AQ30: Se materializó el Riesgo? (Ver evento potencial principal en Columna F. Relacionar detalles de la materialización - que, como, cuando, donde): Los Controles están bien diseñados, se aplican de acuerdo al diseño y son efectivos? (Ver controles en la columna P / Concluir frente a cada control) Que acciones propones o se están llevando a cabo para gestionar el riesgo que se materializó? (Si no aplica colocar N/A) Que acciones propones o se están llevando a cabo para fortalecer los controles? (En el caso de que tener Acciones de mejora / Acciones correctivas en proceso, relacionar el avance. Si tienes acciones específicas a desarrollar en la columna AJ, también relacionar el avance)
H31: 2. Demora en la elaboración de la etapa de planeación contractual (identificación de necesidades, elaboración de estudios prevos, estudio de mercado, entrega oportuna de la documentación a el area de contratación de la entidad). | O31: 2 | P31: El profesional lider de la linea de mejoramiento de vivienda establece un cronograma de actividades para realizar la planeación contractual, con el proposito de que se tengan los contratos en los tiempos requeridos. El profesional lider de la linea de mejoramiento de vivienda verifica el cumplimiento de este cronograma en cada una de sus hitos. | Q31: =IF(OR(R31="Preventivo",R31="Detectivo"),"Probabilidad",IF(R31="Correctivo","Impacto","")) -> Probabilidad | R31: Preventivo | S31: Manual | T31: =IF(AND(R31="Preventivo",S31="Automático"),"50%",IF(AND(R31="Preventivo",S31="Manual"),"40%",IF(AND(R31="Detectivo",S31="Automático"),"40%",IF(AND(R31="Detectivo",S31="Manual"),"30%",IF(AND(R31="Correctivo",S31="Automático"),"35%",IF(AND(R31="Correctivo",S31="Manual"),"25%","")))))) -> 40% | U31: Sin Documentar | V31: Aleatoria | W31: Con Registro | X31: Cronograma de actividades precontractuales Minutas de los contratos o convenios. | Y31: =IFERROR(IF(AND(Q30="Probabilidad",Q31="Probabilidad"),(AA30-(+AA30*T31)),IF(Q31="Probabilidad",(K30-(+K30*T31)),IF(Q31="Impacto",AA30,""))),"") -> 0.36 | Z31: =IFERROR(IF(Y31="","",IF(Y31<=0.2,"Muy Baja",IF(Y31<=0.4,"Baja",IF(Y31<=0.6,"Media",IF(Y31<=0.8,"Alta","Muy Alta"))))),"") -> Baja | AA31: =+Y31 -> 0.36 | AB31: =IFERROR(IF(AC31="","",IF(AC31<=0.2,"Leve",IF(AC31<=0.4,"Menor",IF(AC31<=0.6,"Moderado",IF(AC31<=0.8,"Mayor","Catastrófico"))))),"") -> Moderado | AC31: =IFERROR(IF(AND(Q30="Impacto",Q31="Impacto"),(AC30-(+AC30*T31)),IF(Q31="Impacto",($M$15-(+$M$15*T31)),IF(Q31="Probabilidad",AC30,""))),"") -> 0.6
H32: 3. .Propuestas poco atractivas para los operadores, lo cual deriva en procesos contrauctuales en los que no se presentan oferentes | O32: 3 | P32: El profesional lider de la linea de mejoramiento de vivienda gestiona la modificación de las invitaciones privadas de contratos con la asesoría de la Subdirección Jurídica, con el fin de mejorar los términos de la lnvitación. | Q32: =IF(OR(R32="Preventivo",R32="Detectivo"),"Probabilidad",IF(R32="Correctivo","Impacto","")) -> Impacto | R32: Correctivo | S32: Manual | T32: =IF(AND(R32="Preventivo",S32="Automático"),"50%",IF(AND(R32="Preventivo",S32="Manual"),"40%",IF(AND(R32="Detectivo",S32="Automático"),"40%",IF(AND(R32="Detectivo",S32="Manual"),"30%",IF(AND(R32="Correctivo",S32="Automático"),"35%",IF(AND(R32="Correctivo",S32="Manual"),"25%","")))))) -> 25% | U32: Sin Documentar | V32: Aleatoria | W32: Con Registro | X32: Invitaciones privadas ajustadas | Y32: =IFERROR(IF(AND(Q31="Probabilidad",Q32="Probabilidad"),(AA31-(+AA31*T32)),IF(AND(Q31="Impacto",Q32="Probabilidad"),(AA30-(+AA30*T32)),IF(Q32="Impacto",AA31,""))),"") -> 0.36 | Z32: =IFERROR(IF(Y32="","",IF(Y32<=0.2,"Muy Baja",IF(Y32<=0.4,"Baja",IF(Y32<=0.6,"Media",IF(Y32<=0.8,"Alta","Muy Alta"))))),"") -> Baja | AA32: =+Y32 -> 0.36 | AB32: =IFERROR(IF(AC32="","",IF(AC32<=0.2,"Leve",IF(AC32<=0.4,"Menor",IF(AC32<=0.6,"Moderado",IF(AC32<=0.8,"Mayor","Catastrófico"))))),"") -> Moderado | AC32: =IFERROR(IF(AND(Q31="Impacto",Q32="Impacto"),(AC31-(+AC31*T32)),IF(AND(Q31="Probabilidad",Q32="Impacto"),(AC30-(+AC30*T32)),IF(Q32="Probabilidad",AC31,""))),"") -> 0.45 | AJ32: Definir dentro del estudio de mercado las variables que resulten atractivas para los oferentes para efectos de la elaboración del las invitaciones privadas.
A33: GDS 19 | B33: Lograr la asignación de subdisios distritales de vivienda en la modalidad de mejoramiento en comunas con mayor deficit cualitativo. | C33: Mejoramiento de Vivienda | D33: Posibilidad de afectación reputacional y económica | E33: por la imposibilidad de asignar SDV en zonas con mayor déficit cualitativo y por lo tanto impactar a esta población. por PQRS interpuestas por la comunidad ante la imposiblidad de acceder a la asignación del SDV por requerimientos del Concejo Distrital y/o dependencias del Distrito, relacionadas con el incumplimiento en las metas de mejoramiento de vivienda del plan de desarrollo distrital por de retrasos en los cronogramas de trabajo. reflejada en el recorte de presupuestal por parte de aquellas entidades con las cuales se realizan alianzas por incumplimiento en los términos pactados. | F33: Debido a que los inmuebles ubicados en zonas con mayor deficit cualitativo no cumplen los requisitos establecidos en el decreto 1053 de 2020 para asignación del SDV. | G33: Posibilidad de afectación reputacional y económica, reflejada en la imposibilidad de asignar SDV en zonas con mayor déficit cualitativo y por lo tanto impactar a esta población, en PQRS interpuestas por la comunidad ante la imposiblidad de acceder a la asignación del SDV, en requerimientos del Concejo Distrital y/o dependencias del Distrito, relacionadas con el incumplimiento en las metas de mejoramiento de vivienda del plan de desarrollo distrital por de retrasos en los cronogramas de trabajo, asi como en el recorte de presupuestal por parte de aquellas entidades con las cuales se realizan alianzas por incumplimiento en los términos páctados. Lo anterior, debido a que los inmuebles ubicados en zonas con mayor deficit cualitativo no cumplen los requisitos establecidos en el decreto 1053 de 2020 para asignación del SDV. | H33: Los inmuebles se encuentran ubicados en zonas no reglamentadas por el POT y no cumplen con los requisitos jurídicos y sociales | I33: Gestión | J33: Alta | K33: =IF(J33="","",IF(J33="Muy Baja",0.2,IF(J33="Baja",0.4,IF(J33="Media",0.6,IF(J33="Alta",0.8,IF(J33="Muy Alta",1,)))))) -> 0.8 | L33: Mayor | M33: =IF(L33="","",IF(L33="Leve",0.2,IF(L33="Menor",0.4,IF(L33="Moderado",0.6,IF(L33="Mayor",0.8,IF(L33="Catastrófico",1,)))))) -> 0.8 | N33: =IF(OR(AND(J33="Muy Baja",L33="Leve"),AND(J33="Muy Baja",L33="Menor"),AND(J33="Baja",L33="Leve")),"Bajo",IF(OR(AND(J33="Muy baja",L33="Moderado"),AND(J33="Baja",L33="Menor"),AND(J33="Baja",L33="Moderado"),AND(J33="Media",L33="Leve"),AND(J33="Media",L33="Menor"),AND(J33="Media",L33="Moderado"),AND(J33="Alta",L33="Leve"),AND(J33="Alta",L33="Menor")),"Moderado",IF(OR(AND(J33="Muy Baja",L33="Mayor"),AND(J33="Baja",L33="Mayor"),AND(J33="Media",L33="Mayor"),AND(J33="Alta",L33="Moderado"),AND(J33="Alta",L33="Mayor"),AND(J33="Muy Alta",L33="Leve"),AND(J33="Muy Alta",L33="Menor"),AND(J33="Muy Alta",L33="Moderado"),AND(J33="Muy Alta",L33="Mayor")),"Alto",IF(OR(AND(J33="Muy Baja",L33="Catastrófico"),AND(J33="Baja",L33="Catastrófico"),AND(J33="Media",L33="Catastrófico"),AND(J33="Alta",L33="Catastrófico"),AND(J33="Muy Alta",L33="Catastrófico")),"Extremo","")))) -> Alto | O33: 1 | P33: El Profesional lider de la linea de mejoramiento de vivienda revisa en que otras comunas puede aplicar la asignación del subsidio. Asi mismo, analiza la viabilidad de asignar los subsidios según listados de diagnósticos efectivos. | Q33: =IF(OR(R33="Preventivo",R33="Detectivo"),"Probabilidad",IF(R33="Correctivo","Impacto","")) -> Impacto | R33: Correctivo | S33: Manual | T33: =IF(AND(R33="Preventivo",S33="Automático"),"50%",IF(AND(R33="Preventivo",S33="Manual"),"40%",IF(AND(R33="Detectivo",S33="Automático"),"40%",IF(AND(R33="Detectivo",S33="Manual"),"30%",IF(AND(R33="Correctivo",S33="Automático"),"35%",IF(AND(R33="Correctivo",S33="Manual"),"25%","")))))) -> 25% | U33: Sin Documentar | V33: Aleatoria | W33: Con Registro | X33: Georeferenciación. Listado de clasificación por barrios. Expediente de diagnósicos efectivos. Resolución de asignación de SDV en la modalidad de mejoramiento | Y33: =IFERROR(IF(Q33="Probabilidad",(K33-(+K33*T33)),IF(Q33="Impacto",K33,"")),"") -> 0.8 | Z33: =IFERROR(IF(Y33="","",IF(Y33<=0.2,"Muy Baja",IF(Y33<=0.4,"Baja",IF(Y33<=0.6,"Media",IF(Y33<=0.8,"Alta","Muy Alta"))))),"") -> Alta | AA33: =+Y33 -> 0.8 | AB33: =IFERROR(IF(AC33="","",IF(AC33<=0.2,"Leve",IF(AC33<=0.4,"Menor",IF(AC33<=0.6,"Moderado",IF(AC33<=0.8,"Mayor","Catastrófico"))))),"") -> Moderado | AC33: =IFERROR(IF(Q33="Impacto",(M33-(+M33*T33)),IF(Q33="Probabilidad",M33,"")),"") -> 0.6 | AD33: =IFERROR(IF(AE33=0,"",IF(AND(AE33>0,AE33<=0.2),"Muy Baja",IF(AE33<=0.4,"Baja",IF(AE33<=0.6,"Media",IF(AE33<=0.8,"Alta","Muy Alta"))))),"") -> Alta | AE33: =MIN(Y33:Y33) -> 0.8 | AF33: =IFERROR(IF(AG33=0,"",IF(AND(AG33>0,AG33<=0.2),"Leve",IF(AG33<=0.4,"Menor",IF(AG33<=0.6,"Moderado",IF(AG33<=0.8,"Mayor","Catastrófico"))))),"") -> Moderado | AG33: =MIN(AC33:AC33) -> 0.6 | AH33: =IFERROR(IF(OR(AND(AD33="Muy Baja",AF33="Leve"),AND(AD33="Muy Baja",AF33="Menor"),AND(AD33="Baja",AF33="Leve")),"Bajo",IF(OR(AND(AD33="Muy Baja",AF33="Moderado"),AND(AD33="Baja",AF33="Menor"),AND(AD33="Baja",AF33="Moderado"),AND(AD33="Media",AF33="Leve"),AND(AD33="Media",AF33="Menor"),AND(AD33="Media",AF33="Moderado"),AND(AD33="Alta",AF33="Leve"),AND(AD33="Alta",AF33="Menor")),"Moderado",IF(OR(AND(AD33="Muy Baja",AF33="Mayor"),AND(AD33="Baja",AF33="Mayor"),AND(AD33="Media",AF33="Mayor"),AND(AD33="Alta",AF33="Moderado"),AND(AD33="Alta",AF33="Mayor"),AND(AD33="Muy Alta",AF33="Leve"),AND(AD33="Muy Alta",AF33="Menor"),AND(AD33="Muy Alta",AF33="Moderado"),AND(AD33="Muy Alta",AF33="Mayor")),"Alto",IF(OR(AND(AD33="Muy Baja",AF33="Catastrófico"),AND(AD33="Baja",AF33="Catastrófico"),AND(AD33="Media",AF33="Catastrófico"),AND(AD33="Alta",AF33="Catastrófico"),AND(AD33="Muy Alta",AF33="Catastrófico")),"Extremo","")))),"") -> Alto | AK33: Identificación de Riesgos: El riesgo continua vigente Materialización de Evento Potencial Principal: No se materializa el evento potencial principal en el primer trimestre ya que los subsidios fueron asignados a beneficiarios en comunas con mayor deficit y que no tenian ninguna afectación según el POT vigente Materialización de Evento Potencial Intermedio:No se materializa el evento potencial intermedio durante en el actual trimestre ya que las viviendas a las cuales se les va a realizar el mejoramiento cumplen con el POT vigente. Diseño, Efectividad de Controles: Los controles establecidos han sido efectivos Estado de acciones derivadas del seguimiento a riesgos: No ha sido necesario la documentación de acciones debido a que no se han materializado los riesgos | AL33: El reporte de los subsidios de mejoramientos de vivienda asignados se realiza de forma mensual en el SMO https://sifi.isvimed.gov.co/indicadores/visualizar?id=61 | AM33: Identificación de Riesgos: El riesgo continua vigente Materialización de Evento Potencial Principal: No se materializa el evento potencial principal en el segundo trimestre ya que los subsidios fueron asignados a beneficiarios en comunas con mayor deficit y que no tenian ninguna afectación según el POT vigente Materialización de Evento Potencial Intermedio:No se materializa el evento potencial intermedio durante en el actual trimestre ya que las viviendas a las cuales se les va a realizar el mejoramiento cumplen con el POT vigente. Diseño, Efectividad de Controles: Los controles establecidos han sido efectivos Estado de acciones derivadas del seguimiento a riesgos: No ha sido necesario la documentación de acciones debido a que no se han materializado los riesgos | AN33: El reporte de los subsidios de mejoramientos de vivienda asignados se realiza de forma mensual en el SMO https://sifi.isvimed.gov.co/indicadores/visualizar?id=61 | AO33: Se materializó el Riesgo? (Ver evento potencial principal en Columna F. Relacionar detalles de la materialización - que, como, cuando, donde): Los Controles están bien diseñados, se aplican de acuerdo al diseño y son efectivos? (Ver controles en la columna P / Concluir frente a cada control) Que acciones propones o se están llevando a cabo para gestionar el riesgo que se materializó? (Si no aplica colocar N/A) Que acciones propones o se están llevando a cabo para fortalecer los controles? (En el caso de que tener Acciones de mejora / Acciones correctivas en proceso, relacionar el avance. Si tienes acciones específicas a desarrollar en la columna AJ, también relacionar el avance) | AQ33: Se materializó el Riesgo? (Ver evento potencial principal en Columna F. Relacionar detalles de la materialización - que, como, cuando, donde): Los Controles están bien diseñados, se aplican de acuerdo al diseño y son efectivos? (Ver controles en la columna P / Concluir frente a cada control) Que acciones propones o se están llevando a cabo para gestionar el riesgo que se materializó? (Si no aplica colocar N/A) Que acciones propones o se están llevando a cabo para fortalecer los controles? (En el caso de que tener Acciones de mejora / Acciones correctivas en proceso, relacionar el avance. Si tienes acciones específicas a desarrollar en la columna AJ, también relacionar el avance)
A34: GDS20 | B34: Lograr el cumplimiento de las metas de mejoramiento de vivienda establecida en el Plan de Desarrollo Distrital 2024-2027 con responsabilidad del Isvimed. Lograr la asignación de subdisios distritales de vivienda en la modalidad de mejoramiento en comunas con mayor deficit cualitativo. Lograr un aumento en la cobertura de subsidios asignados con relación al presupuesto inicial. | C34: Mejoramiento de Vivienda | D34: Posibilidad de efecto dañoso sobre los recursos públicos | E34: Por detrimento patrimonial | F34: Debido a que no se asigne el SDV en la modalidad de mejoramiento de vivienda a los diagnósticos efectivos | G34: Posibilidad de efecto dañoso sobre los recursos públicos, Por detrimento patrimonial, debido a que no se asignen subsidios a los diagnósticos efectivos | H34: 1. Se realiza una mayor cantidad de diagnósticos versus los mejoramientos a ejecutar en cada vigencia. | I34: Fiscal | J34: Alta | K34: =IF(J34="","",IF(J34="Muy Baja",0.2,IF(J34="Baja",0.4,IF(J34="Media",0.6,IF(J34="Alta",0.8,IF(J34="Muy Alta",1,)))))) -> 0.8 | L34: Mayor | M34: =IF(L34="","",IF(L34="Leve",0.2,IF(L34="Menor",0.4,IF(L34="Moderado",0.6,IF(L34="Mayor",0.8,IF(L34="Catastrófico",1,)))))) -> 0.8 | N34: =IF(OR(AND(J34="Muy Baja",L34="Leve"),AND(J34="Muy Baja",L34="Menor"),AND(J34="Baja",L34="Leve")),"Bajo",IF(OR(AND(J34="Muy baja",L34="Moderado"),AND(J34="Baja",L34="Menor"),AND(J34="Baja",L34="Moderado"),AND(J34="Media",L34="Leve"),AND(J34="Media",L34="Menor"),AND(J34="Media",L34="Moderado"),AND(J34="Alta",L34="Leve"),AND(J34="Alta",L34="Menor")),"Moderado",IF(OR(AND(J34="Muy Baja",L34="Mayor"),AND(J34="Baja",L34="Mayor"),AND(J34="Media",L34="Mayor"),AND(J34="Alta",L34="Moderado"),AND(J34="Alta",L34="Mayor"),AND(J34="Muy Alta",L34="Leve"),AND(J34="Muy Alta",L34="Menor"),AND(J34="Muy Alta",L34="Moderado"),AND(J34="Muy Alta",L34="Mayor")),"Alto",IF(OR(AND(J34="Muy Baja",L34="Catastrófico"),AND(J34="Baja",L34="Catastrófico"),AND(J34="Media",L34="Catastrófico"),AND(J34="Alta",L34="Catastrófico"),AND(J34="Muy Alta",L34="Catastrófico")),"Extremo","")))) -> Alto | O34: 1 | P34: El Comité de seguimiento al POAI verifica la ejecución física y presupuestal de las metas de mejoramientos a ejecutar para definir la cantidad de diagnosticos a ser asignados. El Profesional lider de la linea de mejoramiento de vivienda gestiona la contratación de los diagnosticos de acuerdo a la información anterior. | Q34: =IF(OR(R34="Preventivo",R34="Detectivo"),"Probabilidad",IF(R34="Correctivo","Impacto","")) -> Probabilidad | R34: Preventivo | S34: Manual | T34: =IF(AND(R34="Preventivo",S34="Automático"),"50%",IF(AND(R34="Preventivo",S34="Manual"),"40%",IF(AND(R34="Detectivo",S34="Automático"),"40%",IF(AND(R34="Detectivo",S34="Manual"),"30%",IF(AND(R34="Correctivo",S34="Automático"),"35%",IF(AND(R34="Correctivo",S34="Manual"),"25%","")))))) -> 40% | U34: Sin Documentar | V34: Aleatoria | W34: Con Registro | X34: Acta de Comité de Seguimiento de POAI Minutas de de contratos con operadores. | Y34: =IFERROR(IF(Q34="Probabilidad",(K34-(+K34*T34)),IF(Q34="Impacto",K34,"")),"") -> 0.48 | Z34: =IFERROR(IF(Y34="","",IF(Y34<=0.2,"Muy Baja",IF(Y34<=0.4,"Baja",IF(Y34<=0.6,"Media",IF(Y34<=0.8,"Alta","Muy Alta"))))),"") -> Media | AA34: =+Y34 -> 0.48 | AB34: =IFERROR(IF(AC34="","",IF(AC34<=0.2,"Leve",IF(AC34<=0.4,"Menor",IF(AC34<=0.6,"Moderado",IF(AC34<=0.8,"Mayor","Catastrófico"))))),"") -> Mayor | AC34: =IFERROR(IF(Q34="Impacto",(M34-(+M34*T34)),IF(Q34="Probabilidad",M34,"")),"") -> 0.8 | AD34: =IFERROR(IF(AE34=0,"",IF(AND(AE34>0,AE34<=0.2),"Muy Baja",IF(AE34<=0.4,"Baja",IF(AE34<=0.6,"Media",IF(AE34<=0.8,"Alta","Muy Alta"))))),"") -> Media | AE34: =MIN(Y34:Y35) -> 0.48 | AF34: =IFERROR(IF(AG34=0,"",IF(AND(AG34>0,AG34<=0.2),"Leve",IF(AG34<=0.4,"Menor",IF(AG34<=0.6,"Moderado",IF(AG34<=0.8,"Mayor","Catastrófico"))))),"") -> Moderado | AG34: =MIN(AC34:AC35) -> 0.45 | AH34: =IFERROR(IF(OR(AND(AD34="Muy Baja",AF34="Leve"),AND(AD34="Muy Baja",AF34="Menor"),AND(AD34="Baja",AF34="Leve")),"Bajo",IF(OR(AND(AD34="Muy Baja",AF34="Moderado"),AND(AD34="Baja",AF34="Menor"),AND(AD34="Baja",AF34="Moderado"),AND(AD34="Media",AF34="Leve"),AND(AD34="Media",AF34="Menor"),AND(AD34="Media",AF34="Moderado"),AND(AD34="Alta",AF34="Leve"),AND(AD34="Alta",AF34="Menor")),"Moderado",IF(OR(AND(AD34="Muy Baja",AF34="Mayor"),AND(AD34="Baja",AF34="Mayor"),AND(AD34="Media",AF34="Mayor"),AND(AD34="Alta",AF34="Moderado"),AND(AD34="Alta",AF34="Mayor"),AND(AD34="Muy Alta",AF34="Leve"),AND(AD34="Muy Alta",AF34="Menor"),AND(AD34="Muy Alta",AF34="Moderado"),AND(AD34="Muy Alta",AF34="Mayor")),"Alto",IF(OR(AND(AD34="Muy Baja",AF34="Catastrófico"),AND(AD34="Baja",AF34="Catastrófico"),AND(AD34="Media",AF34="Catastrófico"),AND(AD34="Alta",AF34="Catastrófico"),AND(AD34="Muy Alta",AF34="Catastrófico")),"Extremo","")))),"") -> Moderado | AK34: El riesgo y sus causas continuan vigentes de acuerdo al contexto? El riesgo identificado continua vigente Se materializó el Riesgo? (Evento Potencial Principal. Columna F): No se materializa el evento potencial principal debido a que actualmente los dignósticos de mejoramiento de vivienda que estaban pendientes (7045) fueron revisados y asignados a los operadores de la invitación 001 de 2025 en sus ordenes de ejecución N° 1 y N°2 aunque cabe aclarar que se presentaron desistimientos al momento de las verificaciones Se materializaron las causas? (Eventos Potenciales Intermedios. Columna H): No se materializa el evento potencial intermedio, no fue necesario realizar la actualización de los diagnósticos por el cambio de vigencia de ejecución. Los Controles están bien diseñados, se aplican conforme al diseño y son efectivos? Los controles están bien diseñados y se aplican Que acciones propones o se están llevando a cabo para gestionar los riesgos y las causas que se materializaron? No se materializa el riesgo Que acciones propones o se están llevando a cabo para fortalecer los controles? En caso de que tengas acciones por ejecutar en la columna AJ también concluir frente a su estado): NA | AL34: NA | AM34: El riesgo y sus causas continuan vigentes de acuerdo al contexto? El riesgo identificado continua vigente Se materializó el Riesgo? (Evento Potencial Principal. Columna F): No se materializa el evento potencial principal debido a que actualmente los dignósticos de mejoramiento de vivienda que estaban pendientes (7045) fueron revisados y asignados a los diferentes operadores que actualmente se encuentran con los contratos vigentes, además de esto, mediante jornadas de habilitaciones realizadas en las diferentes comunas del distrito se ha logrado identificar potenciales beneficiarios con postulaciones efectivas a los cuales se les realiza el proceso hasta lograr la signación del subsidio. Se materializaron las causas? (Eventos Potenciales Intermedios. Columna H): No se materializa el evento potencial intermedio Los Controles están bien diseñados, se aplican conforme al diseño y son efectivos? Los controles están bien diseñados y se aplican Que acciones propones o se están llevando a cabo para gestionar los riesgos y las causas que se materializaron? No se materializa el riesgo Que acciones propones o se están llevando a cabo para fortalecer los controles? En caso de que tengas acciones por ejecutar en la columna AJ también concluir frente a su estado): NA | AN34: NA | AO34: Se materializó el Riesgo? (Ver evento potencial principal en Columna F. Relacionar detalles de la materialización - que, como, cuando, donde): Los Controles están bien diseñados, se aplican de acuerdo al diseño y son efectivos? (Ver controles en la columna P / Concluir frente a cada control) Que acciones propones o se están llevando a cabo para gestionar el riesgo que se materializó? (Si no aplica colocar N/A) Que acciones propones o se están llevando a cabo para fortalecer los controles? (En el caso de que tener Acciones de mejora / Acciones correctivas en proceso, relacionar el avance. Si tienes acciones específicas a desarrollar en la columna AJ, también relacionar el avance) | AQ34: Se materializó el Riesgo? (Ver evento potencial principal en Columna F. Relacionar detalles de la materialización - que, como, cuando, donde): Los Controles están bien diseñados, se aplican de acuerdo al diseño y son efectivos? (Ver controles en la columna P / Concluir frente a cada control) Que acciones propones o se están llevando a cabo para gestionar el riesgo que se materializó? (Si no aplica colocar N/A) Que acciones propones o se están llevando a cabo para fortalecer los controles? (En el caso de que tener Acciones de mejora / Acciones correctivas en proceso, relacionar el avance. Si tienes acciones específicas a desarrollar en la columna AJ, también relacionar el avance)
H35: 2. Desactualización de la información de los diagnósticos efectivos por cambio de vigencia. | O35: 2 | P35: El Profesional lider de la linea de mejoramiento de vivienda gestiona la contratación del equipo de profesionales para actualizar los diagnosticos con la información requerida. | Q35: =IF(OR(R35="Preventivo",R35="Detectivo"),"Probabilidad",IF(R35="Correctivo","Impacto","")) -> Impacto | R35: Correctivo | S35: Manual | T35: =IF(AND(R35="Preventivo",S35="Automático"),"50%",IF(AND(R35="Preventivo",S35="Manual"),"40%",IF(AND(R35="Detectivo",S35="Automático"),"40%",IF(AND(R35="Detectivo",S35="Manual"),"30%",IF(AND(R35="Correctivo",S35="Automático"),"35%",IF(AND(R35="Correctivo",S35="Manual"),"25%","")))))) -> 25% | U35: Sin Documentar | V35: Aleatoria | W35: Con Registro | X35: Expediente con diagnóstico actualizado. | Y35: =IFERROR(IF(AND(Q34="Probabilidad",Q35="Probabilidad"),(AA34-(+AA34*T35)),IF(Q35="Probabilidad",(K34-(+K34*T35)),IF(Q35="Impacto",AA34,""))),"") -> 0.48 | Z35: =IFERROR(IF(Y35="","",IF(Y35<=0.2,"Muy Baja",IF(Y35<=0.4,"Baja",IF(Y35<=0.6,"Media",IF(Y35<=0.8,"Alta","Muy Alta"))))),"") -> Media | AA35: =+Y35 -> 0.48 | AB35: =IFERROR(IF(AC35="","",IF(AC35<=0.2,"Leve",IF(AC35<=0.4,"Menor",IF(AC35<=0.6,"Moderado",IF(AC35<=0.8,"Mayor","Catastrófico"))))),"") -> Moderado | AC35: =IFERROR(IF(AND(Q34="Impacto",Q35="Impacto"),(AC34-(+AC34*T35)),IF(Q35="Impacto",($M$15-(+$M$15*T35)),IF(Q35="Probabilidad",AC34,""))),"") -> 0.45
A36: GDS21 | B36: Lograr los recibos a satisfacción de proyectos inmobiliarios desarrollados a través de diferentes modelos de negocio, en cumplimiento de los compromisos pactados y la normatividad aplicable. | C36: Vivienda Nueva | D36: Posibilidad afectación reputacional y económico del Instituto | E36: Reclamaciones, tutelas, procesos judiciales por parte de los beneficiarios. Requerimientos de entes de control. Requerimientos del Concejo Distrital por incumplimiento metas de Plan de Desarrollo Distrital. Requerimientos de las entidades aportantes de recursos por afectación de flujos de caja y metas. Mayor necesidad de recursos por el paso del tiempo reflejado en aumentos de costos de materiales y mano de obra, perdida de vigencia de estudios y diseños Mayor costo de los profesionales contratados por el Isvimed para la supervisión de los distintos contratos de los proyectos inmobiliarios. | F36: debido al Incumplimiento de las obligaciones establecidas en los contratos de acuerdo con el modelo de negocio establecido (desarrollador, constructor, gerente, interventor, compraventa). | G36: Posibilidad afectación reputacional y económica del Instituto reflejada en: Reclamaciones, tutelas, procesos judiciales por parte de los beneficiarios, requerimientos de entes de control, Requerimientos del Concejo Distrital por incumplimiento metas de Plan de Desarrollo Distrital, requerimientos de las entidades aportantes de recursos por afectación de flujos de caja y metas, mayor necesidad de recursos por el paso del tiempo reflejado en aumentos de costos de materiales y mano de obra, perdida de vigencia de estudios y diseños, asi como mayor costo de los profesionales contratados por el Isvimed para la supervisión de los distintos contratos de los proyectos inmobiliarios. Lo anterior debido al Incumplimiento de las obligaciones establecidas en los contratos de acuerdo con ell modelo de negocio establecido (desarrollador, constructor, gerente, interventor, compraventa). | H36: 1. No se realiza adecuado seguimiento y supervisión de los contratos inmobiliarios | I36: Gestión | J36: Baja | K36: =IF(J36="","",IF(J36="Muy Baja",0.2,IF(J36="Baja",0.4,IF(J36="Media",0.6,IF(J36="Alta",0.8,IF(J36="Muy Alta",1,)))))) -> 0.4 | L36: Mayor | M36: =IF(L36="","",IF(L36="Leve",0.2,IF(L36="Menor",0.4,IF(L36="Moderado",0.6,IF(L36="Mayor",0.8,IF(L36="Catastrófico",1,)))))) -> 0.8 | N36: =IF(OR(AND(J36="Muy Baja",L36="Leve"),AND(J36="Muy Baja",L36="Menor"),AND(J36="Baja",L36="Leve")),"Bajo",IF(OR(AND(J36="Muy Baja",L36="Moderado"),AND(J36="Baja",L36="Menor"),AND(J36="Baja",L36="Moderado"),AND(J36="Media",L36="Leve"),AND(J36="Media",L36="Menor"),AND(J36="Media",L36="Moderado"),AND(J36="Alta",L36="Leve"),AND(J36="Alta",L36="Menor")),"Moderado",IF(OR(AND(J36="Muy Baja",L36="Mayor"),AND(J36="Baja",L36="Mayor"),AND(J36="Media",L36="Mayor"),AND(J36="Alta",L36="Moderado"),AND(J36="Alta",L36="Mayor"),AND(J36="Muy Alta",L36="Leve"),AND(J36="Muy Alta",L36="Menor"),AND(J36="Muy Alta",L36="Moderado"),AND(J36="Muy Alta",L36="Mayor")),"Alto",IF(OR(AND(J36="Muy Baja",L36="Catastrófico"),AND(J36="Baja",L36="Catastrófico"),AND(J36="Media",L36="Catastrófico"),AND(J36="Alta",L36="Catastrófico"),AND(J36="Muy Alta",L36="Catastrófico")),"Extremo","")))) -> Alto | O36: 1 | P36: El profesional de la linea de vivienda nueva valida que los profesionales de apoyo a la supervisión tengán claridad del Manual de Supervisión del Instituto. Asi mismo verifica, que los informes de supervisión cumplan con lo establecido en el Manual. | Q36: =IF(OR(R36="Preventivo",R36="Detectivo"),"Probabilidad",IF(R36="Correctivo","Impacto","")) -> Probabilidad | R36: Preventivo | S36: Manual | T36: =IF(AND(R36="Preventivo",S36="Automático"),"50%",IF(AND(R36="Preventivo",S36="Manual"),"40%",IF(AND(R36="Detectivo",S36="Automático"),"40%",IF(AND(R36="Detectivo",S36="Manual"),"30%",IF(AND(R36="Correctivo",S36="Automático"),"35%",IF(AND(R36="Correctivo",S36="Manual"),"25%","")))))) -> 40% | U36: Sin Documentar | V36: Aleatoria | W36: Con Registro | X36: Informes de Supervisión de contratos | Y36: =IFERROR(IF(Q36="Probabilidad",(K36-(+K36*T36)),IF(Q36="Impacto",K36,"")),"") -> 0.24 | Z36: =IFERROR(IF(Y36="","",IF(Y36<=0.2,"Muy Baja",IF(Y36<=0.4,"Baja",IF(Y36<=0.6,"Media",IF(Y36<=0.8,"Alta","Muy Alta"))))),"") -> Baja | AA36: =+Y36 -> 0.24 | AB36: =IFERROR(IF(AC36="","",IF(AC36<=0.2,"Leve",IF(AC36<=0.4,"Menor",IF(AC36<=0.6,"Moderado",IF(AC36<=0.8,"Mayor","Catastrófico"))))),"") -> Mayor | AC36: =IFERROR(IF(Q36="Impacto",(M36-(+M36*T36)),IF(Q36="Probabilidad",M36,"")),"") -> 0.8 | AD36: =IFERROR(IF(AE36=0,"",IF(AND(AE36>0,AE36<=0.2),"Muy Baja",IF(AE36<=0.4,"Baja",IF(AE36<=0.6,"Media",IF(AE36<=0.8,"Alta","Muy Alta"))))),"") -> Muy Baja | AE36: =MIN(Y36:Y38) -> 0.144 | AF36: =IFERROR(IF(AG36=0,"",IF(AND(AG36>0,AG36<=0.2),"Leve",IF(AG36<=0.4,"Menor",IF(AG36<=0.6,"Moderado",IF(AG36<=0.8,"Mayor","Catastrófico"))))),"") -> Moderado | AG36: =MIN(AC36:AC38) -> 0.6 | AH36: =IFERROR(IF(OR(AND(AD36="Muy Baja",AF36="Leve"),AND(AD36="Muy Baja",AF36="Menor"),AND(AD36="Baja",AF36="Leve")),"Bajo",IF(OR(AND(AD36="Muy Baja",AF36="Moderado"),AND(AD36="Baja",AF36="Menor"),AND(AD36="Baja",AF36="Moderado"),AND(AD36="Media",AF36="Leve"),AND(AD36="Media",AF36="Menor"),AND(AD36="Media",AF36="Moderado"),AND(AD36="Alta",AF36="Leve"),AND(AD36="Alta",AF36="Menor")),"Moderado",IF(OR(AND(AD36="Muy Baja",AF36="Mayor"),AND(AD36="Baja",AF36="Mayor"),AND(AD36="Media",AF36="Mayor"),AND(AD36="Alta",AF36="Moderado"),AND(AD36="Alta",AF36="Mayor"),AND(AD36="Muy Alta",AF36="Leve"),AND(AD36="Muy Alta",AF36="Menor"),AND(AD36="Muy Alta",AF36="Moderado"),AND(AD36="Muy Alta",AF36="Mayor")),"Alto",IF(OR(AND(AD36="Muy Baja",AF36="Catastrófico"),AND(AD36="Baja",AF36="Catastrófico"),AND(AD36="Media",AF36="Catastrófico"),AND(AD36="Alta",AF36="Catastrófico"),AND(AD36="Muy Alta",AF36="Catastrófico")),"Extremo","")))),"") -> Moderado | AI36: Reducir (mitigar) | AJ36: Solicitar a la Subdirección Jurídica capacitación a los nuevos apoyos a la supervisión sobre el manual de supervisión de la entidad. Mínimo con una frecuencia trimestral. | AK36: Se materializó el Riesgo? (Ver evento potencial principal en Columna F. Relacionar detalles de la materialización - que, como, cuando, donde): El riesgo no se materializó durante el periodo evaluado. El riesgo y sus causas siguen vigentes. Los Controles están bien diseñados, se aplican de acuerdo al diseño y son efectivos? (Ver controles en la columna P / Concluir frente a cada control) : Los controles han sido efectivos. Controles: seguimiento y supervisión de los contratos inmobiliarios; verificación de soportes para el desembolso de recursos de fiducias. Se continúa con el seguimiento a la ejecución contractual y la validación de requisitos para desembolsos. Se concluye que están bien diseñados, se aplican conforme a lo establecido y permiten mitigar el riesgo. Que acciones propones o se están llevando a cabo para gestionar el riesgo que se materializó? (Si no aplica colocar N/A): N/A Que acciones propones o se están llevando a cabo para fortalecer los controles? (En el caso de que tener Acciones de mejora / Acciones correctivas en proceso, relacionar el avance. Si tienes acciones específicas a desarrollar en la columna AJ, también relacionar el avance):Se continúa con el seguimiento a la ejecución contractual y la validación de requisitos para desembolsos.Se concluye que están bien diseñados, se aplican conforme a lo establecido y permiten mitigar el riesgo. | AL36: https://isvimedgovco.sharepoint.com/:f:/s/4Dot_Vivienda_y_Habitat2-09.Vivienda_Nueva/IgAbhEr3cmqXTq9ouQZVJ3jEAW4W4o1TFmTgZP03kYQRtig?e=9obGV3 | AM36: Se materializó el Riesgo? (Ver evento potencial principal en Columna F. Relacionar detalles de la materialización - que, como, cuando, donde): Durante el segundo trimestre de 2026 el riesgo no se materializó. No obstante, el riesgo y las causas que podrían originarlo continúan vigentes. Para este periodo, el proyecto en ejecución corresponde a Ciudad del Este, sobre el cual se mantuvo el seguimiento permanente y la aplicación de los controles establecidos. Los Controles están bien diseñados, se aplican de acuerdo al diseño y son efectivos? (Ver controles en la columna P / Concluir frente a cada control): Sí. Durante el segundo trimestre de 2026 los controles implementados fueron efectivos. En el proyecto Ciudad del Este se realizó el seguimiento y la supervisión de los contratos inmobiliarios, así como la verificación de los soportes requeridos para el desembolso de los recursos administrados mediante fiducias. Estas actividades se desarrollaron de conformidad con las obligaciones contractuales y los procedimientos institucionales. En consecuencia, se concluye que los controles están adecuadamente diseñados, se aplican conforme a lo establecido y son efectivos para mitigar el riesgo identificado. Que acciones propones o se están llevando a cabo para gestionar el riesgo que se materializó? (Si no aplica colocar N/A): N/A Que acciones propones o se están llevando a cabo para fortalecer los controles? (En el caso de que tener Acciones de mejora / Acciones correctivas en proceso, relacionar el avance. Si tienes acciones específicas a desarrollar en la columna AJ, también relacionar el avance): Durante el segundo trimestre de 2026 se continuó con el seguimiento permanente a la ejecución del proyecto Ciudad del Este, la supervisión de los contratos inmobiliarios y la validación de los requisitos establecidos para la gestión de los desembolsos, de conformidad con los procedimientos y controles definidos por la entidad. Como resultado del seguimiento efectuado, se evidenció que los controles continúan aplicándose de manera consistente y mantienen su efectividad para mitigar el riesgo identificado. | AN36: NA | AO36: Se materializó el Riesgo? (Ver evento potencial principal en Columna F. Relacionar detalles de la materialización - que, como, cuando, donde): Los Controles están bien diseñados, se aplican de acuerdo al diseño y son efectivos? (Ver controles en la columna P / Concluir frente a cada control) Que acciones propones o se están llevando a cabo para gestionar el riesgo que se materializó? (Si no aplica colocar N/A) Que acciones propones o se están llevando a cabo para fortalecer los controles? (En el caso de que tener Acciones de mejora / Acciones correctivas en proceso, relacionar el avance. Si tienes acciones específicas a desarrollar en la columna AJ, también relacionar el avance) | AQ36: Se materializó el Riesgo? (Ver evento potencial principal en Columna F. Relacionar detalles de la materialización - que, como, cuando, donde): Los Controles están bien diseñados, se aplican de acuerdo al diseño y son efectivos? (Ver controles en la columna P / Concluir frente a cada control) Que acciones propones o se están llevando a cabo para gestionar el riesgo que se materializó? (Si no aplica colocar N/A) Que acciones propones o se están llevando a cabo para fortalecer los controles? (En el caso de que tener Acciones de mejora / Acciones correctivas en proceso, relacionar el avance. Si tienes acciones específicas a desarrollar en la columna AJ, también relacionar el avance)
H37: 2. Falta de claridad sobre los soportes que deben entregarse para el desembolso de recursos de fiducias que derivan en la ausencia de recursos para el inicio y continuidad de los proyectos. | O37: 2 | P37: Los contratos incluyen clausulas para el desembolso de recursos de fiducias. La Subdirección Jurídica identifica y valida las clausulas que dan cumplimiento a la normatiivdad aplicable. | Q37: =IF(OR(R37="Preventivo",R37="Detectivo"),"Probabilidad",IF(R37="Correctivo","Impacto","")) -> Probabilidad | R37: Preventivo | S37: Manual | T37: =IF(AND(R37="Preventivo",S37="Automático"),"50%",IF(AND(R37="Preventivo",S37="Manual"),"40%",IF(AND(R37="Detectivo",S37="Automático"),"40%",IF(AND(R37="Detectivo",S37="Manual"),"30%",IF(AND(R37="Correctivo",S37="Automático"),"35%",IF(AND(R37="Correctivo",S37="Manual"),"25%","")))))) -> 40% | U37: Sin Documentar | V37: Aleatoria | W37: Con Registro | X37: Contratos inmobiliarios de acuerdo a la modalidad de negocio | Y37: =IFERROR(IF(AND(Q36="Probabilidad",Q37="Probabilidad"),(AA36-(+AA36*T37)),IF(Q37="Probabilidad",(K36-(+K36*T37)),IF(Q37="Impacto",AA36,""))),"") -> 0.144 | Z37: =IFERROR(IF(Y37="","",IF(Y37<=0.2,"Muy Baja",IF(Y37<=0.4,"Baja",IF(Y37<=0.6,"Media",IF(Y37<=0.8,"Alta","Muy Alta"))))),"") -> Muy Baja | AA37: =+Y37 -> 0.144 | AB37: =IFERROR(IF(AC37="","",IF(AC37<=0.2,"Leve",IF(AC37<=0.4,"Menor",IF(AC37<=0.6,"Moderado",IF(AC37<=0.8,"Mayor","Catastrófico"))))),"") -> Mayor | AC37: =IFERROR(IF(AND(Q36="Impacto",Q37="Impacto"),(AC36-(+AC36*T37)),IF(Q37="Impacto",(#REF!-(+#REF!*T37)),IF(Q37="Probabilidad",AC36,""))),"") -> 0.8 | AJ37: Involucrar al Subdirección Administrativa y Financiera desde la etapa precontractual hasta la elaboración del contrato o sus modificaciones.
H38: NA | O38: 3 | P38: Medida en caso de materialización del riesgo: En el caso de incumplimiento de obligaciones contractuales se aplica lo establecido en las clausulas de incumplimiento establecidas en cada contrato. Ver Procedimiento para imposición de sanciones, multas y declaratoria de incumplimientos de contratos, P-GJ-05. | Q38: =IF(OR(R38="Preventivo",R38="Detectivo"),"Probabilidad",IF(R38="Correctivo","Impacto","")) -> Impacto | R38: Correctivo | S38: Manual | T38: =IF(AND(R38="Preventivo",S38="Automático"),"50%",IF(AND(R38="Preventivo",S38="Manual"),"40%",IF(AND(R38="Detectivo",S38="Automático"),"40%",IF(AND(R38="Detectivo",S38="Manual"),"30%",IF(AND(R38="Correctivo",S38="Automático"),"35%",IF(AND(R38="Correctivo",S38="Manual"),"25%","")))))) -> 25% | U38: Documentado | V38: Aleatoria | W38: Con Registro | X38: Expediente del proceso sancionatorio | Y38: =IFERROR(IF(AND(Q37="Probabilidad",Q38="Probabilidad"),(AA37-(+AA37*T38)),IF(AND(Q37="Impacto",Q38="Probabilidad"),(AA36-(+AA36*T38)),IF(Q38="Impacto",AA37,""))),"") -> 0.144 | Z38: =IFERROR(IF(Y38="","",IF(Y38<=0.2,"Muy Baja",IF(Y38<=0.4,"Baja",IF(Y38<=0.6,"Media",IF(Y38<=0.8,"Alta","Muy Alta"))))),"") -> Muy Baja | AA38: =+Y38 -> 0.144 | AB38: =IFERROR(IF(AC38="","",IF(AC38<=0.2,"Leve",IF(AC38<=0.4,"Menor",IF(AC38<=0.6,"Moderado",IF(AC38<=0.8,"Mayor","Catastrófico"))))),"") -> Moderado | AC38: =IFERROR(IF(AND(Q37="Impacto",Q38="Impacto"),(AC37-(+AC37*T38)),IF(AND(Q37="Probabilidad",Q38="Impacto"),(AC36-(+AC36*T38)),IF(Q38="Probabilidad",AC37,""))),"") -> 0.6
A39: GDS22 | B39: Lograr los recibos a satisfacción de proyectos inmobiliarios desarrollados a través de diferentes modelos de negocio, en cumplimiento de los compromisos pactados y la normatividad aplicable. | C39: Vivienda Nueva | D39: Posibilidad afectación reputacional y económico del Instituto | E39: Reclamaciones, tutelas, procesos judiciales por parte de los beneficiarios. Requerimientos de entes de control. Requerimientos del Concejo Distrital por incumplimiento metas de Plan de Desarrollo Distrital. Mayor costo de los profesionales contratados por el Isvimed para la supervisión de los distintos contratos de los proyectos inmobiliarios. | F39: debido a demoras en los procesos de certificación de cumplimiento de las normas técnicas por parte de quienes ejecuten los proyectos, lo cual puede derivar en retrasos de la legalización de los mismos y entrega de las soluciones habitacionales a las familias. | G39: Posibilidad afectación reputacional y económico del Instituto reflejada en: * Reclamaciones, tutelas, procesos judiciales por parte de los beneficiarios. * Requerimientos de entes de control. * Requerimientos del Concejo Distrital por incumplimiento metas de Plan de Desarrollo Distrital. * Mayor costo de los profesionales contratados por el Isvimed para la supervisión de los distintos contratos de los proyectos inmobiliarios. Lo anterior debido a debido a demoras en los procesos de certificación de cumplimiento de las normas técnicas por parte de quienes ejecuten los proyectos, lo cual puede derivar en retrasos de la legalización de los mismos y entrega de las soluciones habitacionales a las familias. | H39: 1. Los procesos de certificación de cumplimiento de normas no están a cargo del Instituto o del Constructor | I39: Gestión | J39: Baja | K39: =IF(J39="","",IF(J39="Muy Baja",0.2,IF(J39="Baja",0.4,IF(J39="Media",0.6,IF(J39="Alta",0.8,IF(J39="Muy Alta",1,)))))) -> 0.4 | L39: Mayor | M39: =IF(L39="","",IF(L39="Leve",0.2,IF(L39="Menor",0.4,IF(L39="Moderado",0.6,IF(L39="Mayor",0.8,IF(L39="Catastrófico",1,)))))) -> 0.8 | N39: =IF(OR(AND(J39="Muy Baja",L39="Leve"),AND(J39="Muy Baja",L39="Menor"),AND(J39="Baja",L39="Leve")),"Bajo",IF(OR(AND(J39="Muy Baja",L39="Moderado"),AND(J39="Baja",L39="Menor"),AND(J39="Baja",L39="Moderado"),AND(J39="Media",L39="Leve"),AND(J39="Media",L39="Menor"),AND(J39="Media",L39="Moderado"),AND(J39="Alta",L39="Leve"),AND(J39="Alta",L39="Menor")),"Moderado",IF(OR(AND(J39="Muy Baja",L39="Mayor"),AND(J39="Baja",L39="Mayor"),AND(J39="Media",L39="Mayor"),AND(J39="Alta",L39="Moderado"),AND(J39="Alta",L39="Mayor"),AND(J39="Muy Alta",L39="Leve"),AND(J39="Muy Alta",L39="Menor"),AND(J39="Muy Alta",L39="Moderado"),AND(J39="Muy Alta",L39="Mayor")),"Alto",IF(OR(AND(J39="Muy Baja",L39="Catastrófico"),AND(J39="Baja",L39="Catastrófico"),AND(J39="Media",L39="Catastrófico"),AND(J39="Alta",L39="Catastrófico"),AND(J39="Muy Alta",L39="Catastrófico")),"Extremo","")))) -> Alto | O39: 1 | P39: El profesional de la linea de vivienda nueva coordina las gestiones con otras entidades del Conglomerado con la finalidad de reducir los tiempos de los diferentes trámites | Q39: =IF(OR(R39="Preventivo",R39="Detectivo"),"Probabilidad",IF(R39="Correctivo","Impacto","")) -> Impacto | R39: Correctivo | S39: manual | T39: =IF(AND(R39="Preventivo",S39="Automático"),"50%",IF(AND(R39="Preventivo",S39="Manual"),"40%",IF(AND(R39="Detectivo",S39="Automático"),"40%",IF(AND(R39="Detectivo",S39="Manual"),"30%",IF(AND(R39="Correctivo",S39="Automático"),"35%",IF(AND(R39="Correctivo",S39="Manual"),"25%","")))))) -> 25% | U39: Sin Documentar | V39: Aleatoria | W39: Con Registro | X39: Correos electrónicos Actas de reuniones | Y39: =IFERROR(IF(Q39="Probabilidad",(K39-(+K39*T39)),IF(Q39="Impacto",K39,"")),"") -> 0.4 | Z39: =IFERROR(IF(Y39="","",IF(Y39<=0.2,"Muy Baja",IF(Y39<=0.4,"Baja",IF(Y39<=0.6,"Media",IF(Y39<=0.8,"Alta","Muy Alta"))))),"") -> Baja | AA39: =+Y39 -> 0.4 | AB39: =IFERROR(IF(AC39="","",IF(AC39<=0.2,"Leve",IF(AC39<=0.4,"Menor",IF(AC39<=0.6,"Moderado",IF(AC39<=0.8,"Mayor","Catastrófico"))))),"") -> Moderado | AC39: =IFERROR(IF(Q39="Impacto",(M39-(+M39*T39)),IF(Q39="Probabilidad",M39,"")),"") -> 0.6 | AD39: =IFERROR(IF(AE39=0,"",IF(AND(AE39>0,AE39<=0.2),"Muy Baja",IF(AE39<=0.4,"Baja",IF(AE39<=0.6,"Media",IF(AE39<=0.8,"Alta","Muy Alta"))))),"") -> Baja | AE39: =MIN(Y39:Y39) -> 0.4 | AF39: =IFERROR(IF(AG39=0,"",IF(AND(AG39>0,AG39<=0.2),"Leve",IF(AG39<=0.4,"Menor",IF(AG39<=0.6,"Moderado",IF(AG39<=0.8,"Mayor","Catastrófico"))))),"") -> Moderado | AG39: =MIN(AC39:AC39) -> 0.6 | AH39: =IFERROR(IF(OR(AND(AD39="Muy Baja",AF39="Leve"),AND(AD39="Muy Baja",AF39="Menor"),AND(AD39="Baja",AF39="Leve")),"Bajo",IF(OR(AND(AD39="Muy Baja",AF39="Moderado"),AND(AD39="Baja",AF39="Menor"),AND(AD39="Baja",AF39="Moderado"),AND(AD39="Media",AF39="Leve"),AND(AD39="Media",AF39="Menor"),AND(AD39="Media",AF39="Moderado"),AND(AD39="Alta",AF39="Leve"),AND(AD39="Alta",AF39="Menor")),"Moderado",IF(OR(AND(AD39="Muy Baja",AF39="Mayor"),AND(AD39="Baja",AF39="Mayor"),AND(AD39="Media",AF39="Mayor"),AND(AD39="Alta",AF39="Moderado"),AND(AD39="Alta",AF39="Mayor"),AND(AD39="Muy Alta",AF39="Leve"),AND(AD39="Muy Alta",AF39="Menor"),AND(AD39="Muy Alta",AF39="Moderado"),AND(AD39="Muy Alta",AF39="Mayor")),"Alto",IF(OR(AND(AD39="Muy Baja",AF39="Catastrófico"),AND(AD39="Baja",AF39="Catastrófico"),AND(AD39="Media",AF39="Catastrófico"),AND(AD39="Alta",AF39="Catastrófico"),AND(AD39="Muy Alta",AF39="Catastrófico")),"Extremo","")))),"") -> Moderado | AI39: Aceptar | AK39: Se materializó el Riesgo? (Ver evento potencial principal en Columna F. Relacionar detalles de la materialización - que, como, cuando, donde):El riesgo no se materializó. El riesgo y sus causas siguen vigentes. Los Controles están bien diseñados, se aplican de acuerdo al diseño y son efectivos? (Ver controles en la columna P / Concluir frente a cada control): Los controles han sido efectivos. Controles: Seguimiento a los procesos de certificación de cumplimiento de normas técnicas por parte de los responsables. Se concluye que los controles están bien diseñados, se aplican conforme a lo establecido y fueron efectivos, permitiendo hacer seguimiento oportuno a los procesos externos. Que acciones propones o se están llevando a cabo para gestionar el riesgo que se materializó? (Si no aplica colocar N/A): N/a Que acciones propones o se están llevando a cabo para fortalecer los controles? (En el caso de que tener Acciones de mejora / Acciones correctivas en proceso, relacionar el avance. Si tienes acciones específicas a desarrollar en la columna AJ, también relacionar el avance): Se mantiene la articulación y seguimiento a los actores responsables de las certificaciones. | AL39: https://isvimedgovco.sharepoint.com/:f:/s/4Dot_Vivienda_y_Habitat2-09.Vivienda_Nueva/IgAbhEr3cmqXTq9ouQZVJ3jEAW4W4o1TFmTgZP03kYQRtig?e=9obGV3 | AM39: Se materializó el Riesgo? (Ver evento potencial principal en Columna F. Relacionar detalles de la materialización - que, como, cuando, donde): Durante este trimestre no se materiazó el riesgo principal. El riesgo y sus causas siguen vigentes. Los Controles están bien diseñados, se aplican de acuerdo al diseño y son efectivos? (Ver controles en la columna P / Concluir frente a cada control): Sí. Durante el periodo evaluado, los controles fueron efectivos. En el proyecto Ciudad del Este – Etapa C se ha realizado el seguimiento a los procesos de certificación del cumplimiento de las normas técnicas por parte de los responsables, interventoría o entidades externas. Como resultado, se concluye que los controles están adecuadamente diseñados, se aplican conforme a lo establecido y resultan efectivos, permitiendo realizar un seguimiento oportuno a los procesos externos y contribuir a la mitigación del riesgo identificado. Que acciones propones o se están llevando a cabo para gestionar el riesgo que se materializó? (Si no aplica colocar N/A): N/A Que acciones propones o se están llevando a cabo para fortalecer los controles? (En el caso de que tener Acciones de mejora / Acciones correctivas en proceso, relacionar el avance. Si tienes acciones específicas a desarrollar en la columna AJ, también relacionar el avance: Se mantiene la articulación y seguimiento a los actores responsables de las certificaciones. | AN39: https://isvimedgovco.sharepoint.com/:f:/s/4Dot_Vivienda_y_Habitat2-09.Vivienda_Nueva/IgB0MdU2I7KHSbE8TgPqLBuaAYeQbK8G8fkgtjM_nfYYH_Q?e=OOmKN6 | AO39: Se materializó el Riesgo? (Ver evento potencial principal en Columna F. Relacionar detalles de la materialización - que, como, cuando, donde): Los Controles están bien diseñados, se aplican de acuerdo al diseño y son efectivos? (Ver controles en la columna P / Concluir frente a cada control) Que acciones propones o se están llevando a cabo para gestionar el riesgo que se materializó? (Si no aplica colocar N/A) Que acciones propones o se están llevando a cabo para fortalecer los controles? (En el caso de que tener Acciones de mejora / Acciones correctivas en proceso, relacionar el avance. Si tienes acciones específicas a desarrollar en la columna AJ, también relacionar el avance) | AQ39: Se materializó el Riesgo? (Ver evento potencial principal en Columna F. Relacionar detalles de la materialización - que, como, cuando, donde): Los Controles están bien diseñados, se aplican de acuerdo al diseño y son efectivos? (Ver controles en la columna P / Concluir frente a cada control) Que acciones propones o se están llevando a cabo para gestionar el riesgo que se materializó? (Si no aplica colocar N/A) Que acciones propones o se están llevando a cabo para fortalecer los controles? (En el caso de que tener Acciones de mejora / Acciones correctivas en proceso, relacionar el avance. Si tienes acciones específicas a desarrollar en la columna AJ, también relacionar el avance)
A40: GDS14 | B40: Lograr los recibos a satisfacción de proyectos inmobiliarios desarrollados a través de diferentes modelos de negocio, en cumplimiento de los compromisos pactados y la normatividad aplicable. | C40: Vivienda Nueva | D40: Posibilidad de afectación economica del Instituto | E40: por sobrecostos en la realización de los proyectos de vivienda nueva | F40: debido a especificaciones técnicas no contempladas en los diseños o en el alcance del contrato o la desactualización de las mismas, que impliquen adicionar recursos y tiempo a las condiciones inicialmente aprobadas | G40: Posibilidad de afectación economica del Instituto por sobrecostos en la realización de los proyectos de vivienda nueva, debido a especificaciones técnicas no contempladas en los diseños o en el alcance del contrato o la desactualización de las mismas, que impliquen adicionar recursos y tiempo a las condiciones inicialmente aprobadas | H40: 1. Durante la etapa constructiva surgen necesidades no previsibles en la etapa de diseños o se dan cambios en la normatividad aplicable a proyectos constructivos | I40: Gestión | J40: Baja | K40: =IF(J40="","",IF(J40="Muy Baja",0.2,IF(J40="Baja",0.4,IF(J40="Media",0.6,IF(J40="Alta",0.8,IF(J40="Muy Alta",1,)))))) -> 0.4 | L40: Mayor | M40: =IF(L40="","",IF(L40="Leve",0.2,IF(L40="Menor",0.4,IF(L40="Moderado",0.6,IF(L40="Mayor",0.8,IF(L40="Catastrófico",1,)))))) -> 0.8 | N40: =IF(OR(AND(J40="Muy Baja",L40="Leve"),AND(J40="Muy Baja",L40="Menor"),AND(J40="Baja",L40="Leve")),"Bajo",IF(OR(AND(J40="Muy Baja",L40="Moderado"),AND(J40="Baja",L40="Menor"),AND(J40="Baja",L40="Moderado"),AND(J40="Media",L40="Leve"),AND(J40="Media",L40="Menor"),AND(J40="Media",L40="Moderado"),AND(J40="Alta",L40="Leve"),AND(J40="Alta",L40="Menor")),"Moderado",IF(OR(AND(J40="Muy Baja",L40="Mayor"),AND(J40="Baja",L40="Mayor"),AND(J40="Media",L40="Mayor"),AND(J40="Alta",L40="Moderado"),AND(J40="Alta",L40="Mayor"),AND(J40="Muy Alta",L40="Leve"),AND(J40="Muy Alta",L40="Menor"),AND(J40="Muy Alta",L40="Moderado"),AND(J40="Muy Alta",L40="Mayor")),"Alto",IF(OR(AND(J40="Muy Baja",L40="Catastrófico"),AND(J40="Baja",L40="Catastrófico"),AND(J40="Media",L40="Catastrófico"),AND(J40="Alta",L40="Catastrófico"),AND(J40="Muy Alta",L40="Catastrófico")),"Extremo","")))) -> Alto | O40: 1 | P40: El desarrollador y el inteventor en conjunto cuantifican los recursos requeridos para atender la necesidades no previsibles o cambios en la normatividad. El supervisor asignado valida la información aportada y si es aplicable la aprueba. Esto puede derivar en modificación contractual, adición de recuros y modificación de cronogramas. | Q40: =IF(OR(R40="Preventivo",R40="Detectivo"),"Probabilidad",IF(R40="Correctivo","Impacto","")) -> Impacto | R40: Correctivo | S40: Manual | T40: =IF(AND(R40="Preventivo",S40="Automático"),"50%",IF(AND(R40="Preventivo",S40="Manual"),"40%",IF(AND(R40="Detectivo",S40="Automático"),"40%",IF(AND(R40="Detectivo",S40="Manual"),"30%",IF(AND(R40="Correctivo",S40="Automático"),"35%",IF(AND(R40="Correctivo",S40="Manual"),"25%","")))))) -> 25% | U40: Sin Documentar | V40: Aleatoria | W40: Con Registro | X40: Solicitud de modificación contractual y anexos Otrosi a contratos Cronogramas modificados | Y40: =IFERROR(IF(Q40="Probabilidad",(K40-(+K40*T40)),IF(Q40="Impacto",K40,"")),"") -> 0.4 | Z40: =IFERROR(IF(Y40="","",IF(Y40<=0.2,"Muy Baja",IF(Y40<=0.4,"Baja",IF(Y40<=0.6,"Media",IF(Y40<=0.8,"Alta","Muy Alta"))))),"") -> Baja | AA40: =+Y40 -> 0.4 | AB40: =IFERROR(IF(AC40="","",IF(AC40<=0.2,"Leve",IF(AC40<=0.4,"Menor",IF(AC40<=0.6,"Moderado",IF(AC40<=0.8,"Mayor","Catastrófico"))))),"") -> Moderado | AC40: =IFERROR(IF(Q40="Impacto",(M40-(+M40*T40)),IF(Q40="Probabilidad",M40,"")),"") -> 0.6 | AD40: =IFERROR(IF(AE40=0,"",IF(AND(AE40>0,AE40<=0.2),"Muy Baja",IF(AE40<=0.4,"Baja",IF(AE40<=0.6,"Media",IF(AE40<=0.8,"Alta","Muy Alta"))))),"") -> Baja | AE40: =MIN(Y40:Y41) -> 0.4 | AF40: =IFERROR(IF(AG40=0,"",IF(AND(AG40>0,AG40<=0.2),"Leve",IF(AG40<=0.4,"Menor",IF(AG40<=0.6,"Moderado",IF(AG40<=0.8,"Mayor","Catastrófico"))))),"") -> Moderado | AG40: =MIN(AC40:AC41) -> 0.45 | AH40: =IFERROR(IF(OR(AND(AD40="Muy Baja",AF40="Leve"),AND(AD40="Muy Baja",AF40="Menor"),AND(AD40="Baja",AF40="Leve")),"Bajo",IF(OR(AND(AD40="Muy Baja",AF40="Moderado"),AND(AD40="Baja",AF40="Menor"),AND(AD40="Baja",AF40="Moderado"),AND(AD40="Media",AF40="Leve"),AND(AD40="Media",AF40="Menor"),AND(AD40="Media",AF40="Moderado"),AND(AD40="Alta",AF40="Leve"),AND(AD40="Alta",AF40="Menor")),"Moderado",IF(OR(AND(AD40="Muy Baja",AF40="Mayor"),AND(AD40="Baja",AF40="Mayor"),AND(AD40="Media",AF40="Mayor"),AND(AD40="Alta",AF40="Moderado"),AND(AD40="Alta",AF40="Mayor"),AND(AD40="Muy Alta",AF40="Leve"),AND(AD40="Muy Alta",AF40="Menor"),AND(AD40="Muy Alta",AF40="Moderado"),AND(AD40="Muy Alta",AF40="Mayor")),"Alto",IF(OR(AND(AD40="Muy Baja",AF40="Catastrófico"),AND(AD40="Baja",AF40="Catastrófico"),AND(AD40="Media",AF40="Catastrófico"),AND(AD40="Alta",AF40="Catastrófico"),AND(AD40="Muy Alta",AF40="Catastrófico")),"Extremo","")))),"") -> Moderado | AI40: Reducir (mitigar) | AK40: Se materializó el Riesgo? (Ver evento potencial principal en Columna F. Relacionar detalles de la materialización - que, como, cuando, donde):El riesgo no se materializó. El riesgo y sus causas siguen vigentes. Los Controles están bien diseñados, se aplican de acuerdo al diseño y son efectivos? (Ver controles en la columna P / Concluir frente a cada control): Los controles han sido efectivos. Controles: Revisión de diseños, especificaciones técnicas y presupuestos; seguimiento a cambios durante la ejecución del proyecto. Conclusión: Los controles están bien diseñados, se aplican de acuerdo con lo establecido y fueron efectivos para prevenir desviaciones en costos. Que acciones propones o se están llevando a cabo para gestionar el riesgo que se materializó? (Si no aplica colocar N/A): N/A Que acciones propones o se están llevando a cabo para fortalecer los controles? (En el caso de que tener Acciones de mejora / Acciones correctivas en proceso, relacionar el avance. Si tienes acciones específicas a desarrollar en la columna AJ, también relacionar el avance): Se continúa con la revisión técnica y el control de cambios en los proyectos. | AL40: https://isvimedgovco.sharepoint.com/:f:/s/4Dot_Vivienda_y_Habitat2-09.Vivienda_Nueva/IgAbhEr3cmqXTq9ouQZVJ3jEAW4W4o1TFmTgZP03kYQRtig?e=9obGV3 | AM40: Se materializó el Riesgo? (Ver evento potencial principal en Columna F. Relacionar detalles de la materialización - que, como, cuando, donde): Durante el segundo trimestre de 2026 el riesgo no se materializó. No obstante, el riesgo y las causas que podrían originarlo continúan vigentes. Para este periodo, el proyecto en ejecución corresponde a Ciudad del Este, sobre el cual se mantuvo el seguimiento permanente y la aplicación de los controles establecidos. Los Controles están bien diseñados, se aplican de acuerdo al diseño y son efectivos? (Ver controles en la columna P / Concluir frente a cada control): Sí. Durante el segundo trimestre de 2026 los controles implementados fueron efectivos. En el proyecto Ciudad del Este se realizó la revisión de diseños, especificaciones técnicas y presupuestos, así como el seguimiento a los cambios presentados durante la ejecución del proyecto. En consecuencia, se concluye que los controles están adecuadamente diseñados, se aplican conforme a lo establecido y continúan siendo efectivos para prevenir desviaciones en los costos. Que acciones propones o se están llevando a cabo para gestionar el riesgo que se materializó? (Si no aplica colocar N/A): N/A Que acciones propones o se están llevando a cabo para fortalecer los controles? (En el caso de que tener Acciones de mejora / Acciones correctivas en proceso, relacionar el avance. Si tienes acciones específicas a desarrollar en la columna AJ, también relacionar el avance): Durante el segundo trimestre de 2026 se continuó con la revisión técnica de los diseños, especificaciones y presupuestos del proyecto Ciudad del Este, así como con el seguimiento y control de los cambios que se presentan durante su ejecución. Estas actividades permitieron mantener la efectividad de los controles implementados y fortalecer la gestión preventiva del riesgo. | AN40: NA | AO40: Se materializó el Riesgo? (Ver evento potencial principal en Columna F. Relacionar detalles de la materialización - que, como, cuando, donde): Los Controles están bien diseñados, se aplican de acuerdo al diseño y son efectivos? (Ver controles en la columna P / Concluir frente a cada control) Que acciones propones o se están llevando a cabo para gestionar el riesgo que se materializó? (Si no aplica colocar N/A) Que acciones propones o se están llevando a cabo para fortalecer los controles? (En el caso de que tener Acciones de mejora / Acciones correctivas en proceso, relacionar el avance. Si tienes acciones específicas a desarrollar en la columna AJ, también relacionar el avance) | AQ40: Se materializó el Riesgo? (Ver evento potencial principal en Columna F. Relacionar detalles de la materialización - que, como, cuando, donde): Los Controles están bien diseñados, se aplican de acuerdo al diseño y son efectivos? (Ver controles en la columna P / Concluir frente a cada control) Que acciones propones o se están llevando a cabo para gestionar el riesgo que se materializó? (Si no aplica colocar N/A) Que acciones propones o se están llevando a cabo para fortalecer los controles? (En el caso de que tener Acciones de mejora / Acciones correctivas en proceso, relacionar el avance. Si tienes acciones específicas a desarrollar en la columna AJ, también relacionar el avance)
H41: 2. El tiempo considerable que transcurre entre la fecha de realización de los diseños y presupuestos, y la fecha de adjudicación de la obra. | O41: 2 | P41: Desde la Dirección del Instituto, se gestionan los recursos para la rapida adjudicación de las obras. Estos recursos se obtienes a través de las transferencias Distritales u otras estrategias de financiación que estén alineadas con el objeto social de la entidad. | Q41: =IF(OR(R41="Preventivo",R41="Detectivo"),"Probabilidad",IF(R41="Correctivo","Impacto","")) -> Impacto | R41: Correctivo | S41: Manual | T41: =IF(AND(R41="Preventivo",S41="Automático"),"50%",IF(AND(R41="Preventivo",S41="Manual"),"40%",IF(AND(R41="Detectivo",S41="Automático"),"40%",IF(AND(R41="Detectivo",S41="Manual"),"30%",IF(AND(R41="Correctivo",S41="Automático"),"35%",IF(AND(R41="Correctivo",S41="Manual"),"25%","")))))) -> 25% | U41: Sin Documentar | V41: Aleatoria | W41: Con Registro | X41: Decreto por el cual se liquida el presupuesto en cada vigencia. Soportes de otras fuentes de financiación | Y41: =IFERROR(IF(AND(Q40="Probabilidad",Q41="Probabilidad"),(AA40-(+AA40*T41)),IF(Q41="Probabilidad",(K40-(+K40*T41)),IF(Q41="Impacto",AA40,""))),"") -> 0.4 | Z41: =IFERROR(IF(Y41="","",IF(Y41<=0.2,"Muy Baja",IF(Y41<=0.4,"Baja",IF(Y41<=0.6,"Media",IF(Y41<=0.8,"Alta","Muy Alta"))))),"") -> Baja | AA41: =+Y41 -> 0.4 | AB41: =IFERROR(IF(AC41="","",IF(AC41<=0.2,"Leve",IF(AC41<=0.4,"Menor",IF(AC41<=0.6,"Moderado",IF(AC41<=0.8,"Mayor","Catastrófico"))))),"") -> Moderado | AC41: =IFERROR(IF(AND(Q40="Impacto",Q41="Impacto"),(AC40-(+AC40*T41)),IF(Q41="Impacto",(#REF!-(+#REF!*T41)),IF(Q41="Probabilidad",AC40,""))),"") -> 0.45
A42: GDS26 | B42: NA Riesgo Fiscal | C42: Vivienda Nueva | D42: Posiblidad de efecto dañoso sobre recursos públicos | E42: por sobrecostos en los contratos para el desarrollo de los proyectos inmobiliarios | F42: debido a * reconocimientos por desequilibrios económicos sin los soportes adecuados, *autorización de pagos de actividades ya pagadas y/o por un mayor valor, *reconocimiento de pagos que no le corresponden al Instituto | G42: Posiblidad de efecto dañoso sobre recursos públicos por sobrecostos en los contratos para el desarrollo de los proyectos inmobiliarios, debido a reconocimientos por desequilibrios económicos sin los soportes adecuados, autorización de pagos de actividades ya pagadas y/o por un mayor valor, reconocimiento de pagos que no le corresponden al Instituto | H42: Inadecuado control en la ejecución del contrato por parte de la interventoría o la supervisión, en los compornentes técnico, administrativo, financiero y jurídico. | I42: Fiscal | J42: Baja | K42: =IF(J42="","",IF(J42="Muy Baja",0.2,IF(J42="Baja",0.4,IF(J42="Media",0.6,IF(J42="Alta",0.8,IF(J42="Muy Alta",1,)))))) -> 0.4 | L42: Moderado | M42: =IF(L42="","",IF(L42="Leve",0.2,IF(L42="Menor",0.4,IF(L42="Moderado",0.6,IF(L42="Mayor",0.8,IF(L42="Catastrófico",1,)))))) -> 0.6 | N42: =IF(OR(AND(J42="Muy Baja",L42="Leve"),AND(J42="Muy Baja",L42="Menor"),AND(J42="Baja",L42="Leve")),"Bajo",IF(OR(AND(J42="Muy baja",L42="Moderado"),AND(J42="Baja",L42="Menor"),AND(J42="Baja",L42="Moderado"),AND(J42="Media",L42="Leve"),AND(J42="Media",L42="Menor"),AND(J42="Media",L42="Moderado"),AND(J42="Alta",L42="Leve"),AND(J42="Alta",L42="Menor")),"Moderado",IF(OR(AND(J42="Muy Baja",L42="Mayor"),AND(J42="Baja",L42="Mayor"),AND(J42="Media",L42="Mayor"),AND(J42="Alta",L42="Moderado"),AND(J42="Alta",L42="Mayor"),AND(J42="Muy Alta",L42="Leve"),AND(J42="Muy Alta",L42="Menor"),AND(J42="Muy Alta",L42="Moderado"),AND(J42="Muy Alta",L42="Mayor")),"Alto",IF(OR(AND(J42="Muy Baja",L42="Catastrófico"),AND(J42="Baja",L42="Catastrófico"),AND(J42="Media",L42="Catastrófico"),AND(J42="Alta",L42="Catastrófico"),AND(J42="Muy Alta",L42="Catastrófico")),"Extremo","")))) -> Moderado | O42: 1 | P42: A través de las mesas de seguimiento de ejecución de los proyectos se verifica el estado de avance de las actividades relacionadas a cada proyecto en lso componentes técnico, administrativo, financiero y jurídico, las cuales se realizan de manera semanal. Esto se realiza teniendo en cuenta los cronogramas de cierre financiero para la remisión de pagos y soportes. | Q42: =IF(OR(R42="Preventivo",R42="Detectivo"),"Probabilidad",IF(R42="Correctivo","Impacto","")) -> Probabilidad | R42: Preventivo | S42: Manual | T42: =IF(AND(R42="Preventivo",S42="Automático"),"50%",IF(AND(R42="Preventivo",S42="Manual"),"40%",IF(AND(R42="Detectivo",S42="Automático"),"40%",IF(AND(R42="Detectivo",S42="Manual"),"30%",IF(AND(R42="Correctivo",S42="Automático"),"35%",IF(AND(R42="Correctivo",S42="Manual"),"25%","")))))) -> 40% | X42: Actas de mesa de seguimiento de proyectos Recibo de pagos y soportes por parte de tesorería | Y42: =IFERROR(IF(Q42="Probabilidad",(K42-(+K42*T42)),IF(Q42="Impacto",K42,"")),"") -> 0.24 | Z42: =IFERROR(IF(Y42="","",IF(Y42<=0.2,"Muy Baja",IF(Y42<=0.4,"Baja",IF(Y42<=0.6,"Media",IF(Y42<=0.8,"Alta","Muy Alta"))))),"") -> Baja | AA42: =+Y42 -> 0.24 | AB42: =IFERROR(IF(AC42="","",IF(AC42<=0.2,"Leve",IF(AC42<=0.4,"Menor",IF(AC42<=0.6,"Moderado",IF(AC42<=0.8,"Mayor","Catastrófico"))))),"") -> Moderado | AC42: =IFERROR(IF(Q42="Impacto",(M42-(+M42*T42)),IF(Q42="Probabilidad",M42,"")),"") -> 0.6 | AD42: =IFERROR(IF(AE42=0,"",IF(AND(AE42>0,AE42<=0.2),"Muy Baja",IF(AE42<=0.4,"Baja",IF(AE42<=0.6,"Media",IF(AE42<=0.8,"Alta","Muy Alta"))))),"") -> Muy Baja | AE42: =MIN(Y42:Y45) -> 0.0864 | AF42: =IFERROR(IF(AG42=0,"",IF(AND(AG42>0,AG42<=0.2),"Leve",IF(AG42<=0.4,"Menor",IF(AG42<=0.6,"Moderado",IF(AG42<=0.8,"Mayor","Catastrófico"))))),"") -> Moderado | AG42: =MIN(AC42:AC45) -> 0.45 | AH42: =IFERROR(IF(OR(AND(AD42="Muy Baja",AF42="Leve"),AND(AD42="Muy Baja",AF42="Menor"),AND(AD42="Baja",AF42="Leve")),"Bajo",IF(OR(AND(AD42="Muy Baja",AF42="Moderado"),AND(AD42="Baja",AF42="Menor"),AND(AD42="Baja",AF42="Moderado"),AND(AD42="Media",AF42="Leve"),AND(AD42="Media",AF42="Menor"),AND(AD42="Media",AF42="Moderado"),AND(AD42="Alta",AF42="Leve"),AND(AD42="Alta",AF42="Menor")),"Moderado",IF(OR(AND(AD42="Muy Baja",AF42="Mayor"),AND(AD42="Baja",AF42="Mayor"),AND(AD42="Media",AF42="Mayor"),AND(AD42="Alta",AF42="Moderado"),AND(AD42="Alta",AF42="Mayor"),AND(AD42="Muy Alta",AF42="Leve"),AND(AD42="Muy Alta",AF42="Menor"),AND(AD42="Muy Alta",AF42="Moderado"),AND(AD42="Muy Alta",AF42="Mayor")),"Alto",IF(OR(AND(AD42="Muy Baja",AF42="Catastrófico"),AND(AD42="Baja",AF42="Catastrófico"),AND(AD42="Media",AF42="Catastrófico"),AND(AD42="Alta",AF42="Catastrófico"),AND(AD42="Muy Alta",AF42="Catastrófico")),"Extremo","")))),"") -> Moderado | AI42: Reducir (mitigar) | AK42: Se materializó el Riesgo? (Ver evento potencial principal en Columna F. Relacionar detalles de la materialización - que, como, cuando, donde): El riesgo no se materializó. El riesgo y sus causas siguen vigentes. Los Controles están bien diseñados, se aplican de acuerdo al diseño y son efectivos? (Ver controles en la columna P / Concluir frente a cada control): Los controles han sido efectivos. Controles: Supervisión e interventoría técnica, administrativa, financiera y jurídica; verificación de soportes para pagos; control documental de la información de los proyectos. Conclusión: Los controles están bien diseñados, se aplican conforme a lo establecido y fueron efectivos, mitigando el riesgo de pagos indebidos o sin soporte. Que acciones propones o se están llevando a cabo para gestionar el riesgo que se materializó? (Si no aplica colocar N/A): N/A Que acciones propones o se están llevando a cabo para fortalecer los controles? (En el caso de que tener Acciones de mejora / Acciones correctivas en proceso, relacionar el avance. Si tienes acciones específicas a desarrollar en la columna AJ, también relacionar el avance): Se continúa fortaleciendo la supervisión y la gestión documental de los proyectos. | AL42: https://isvimedgovco.sharepoint.com/:f:/s/4Dot_Vivienda_y_Habitat2-09.Vivienda_Nueva/IgAbhEr3cmqXTq9ouQZVJ3jEAW4W4o1TFmTgZP03kYQRtig?e=9obGV3 | AM42: Se materializó el Riesgo? (Ver evento potencial principal en Columna F. Relacionar detalles de la materialización - que, como, cuando, donde):Durante el segundo trimestre de 2026 el riesgo no se materializó. No obstante, el riesgo y las causas que podrían originarlo continúan vigentes. Para este periodo, el proyecto en ejecución corresponde a Ciudad del Este, sobre el cual se mantuvo el seguimiento permanente y la aplicación de los controles establecidos. Los Controles están bien diseñados, se aplican de acuerdo al diseño y son efectivos? (Ver controles en la columna P / Concluir frente a cada control): Sí. Durante el segundo trimestre de 2026 los controles implementados fueron efectivos. En el proyecto Ciudad del Este se ejecutó la supervisión e interventoría técnica, administrativa, financiera y jurídica, así como la verificación de los soportes para los pagos y el control documental de la información del proyecto. En consecuencia, se concluye que los controles están adecuadamente diseñados, se aplican conforme a lo establecido y continúan siendo efectivos para mitigar el riesgo de pagos indebidos o sin el debido soporte Que acciones propones o se están llevando a cabo para gestionar el riesgo que se materializó? (Si no aplica colocar N/A): N/A Que acciones propones o se están llevando a cabo para fortalecer los controles? (En el caso de que tener Acciones de mejora / Acciones correctivas en proceso, relacionar el avance. Si tienes acciones específicas a desarrollar en la columna AJ, también relacionar el avance): Durante el segundo trimestre de 2026 se continuó fortaleciendo la supervisión y la interventoría del proyecto Ciudad del Este, así como la verificación de los soportes de pago y la gestión documental, con el fin de mantener la efectividad de los controles y asegurar la adecuada ejecución de los recursos y el cumplimiento de los requisitos establecidos. | AN42: NA | AO42: Se materializó el Riesgo? (Ver evento potencial principal en Columna F. Relacionar detalles de la materialización - que, como, cuando, donde): Los Controles están bien diseñados, se aplican de acuerdo al diseño y son efectivos? (Ver controles en la columna P / Concluir frente a cada control) Que acciones propones o se están llevando a cabo para gestionar el riesgo que se materializó? (Si no aplica colocar N/A) Que acciones propones o se están llevando a cabo para fortalecer los controles? (En el caso de que tener Acciones de mejora / Acciones correctivas en proceso, relacionar el avance. Si tienes acciones específicas a desarrollar en la columna AJ, también relacionar el avance) | AQ42: Se materializó el Riesgo? (Ver evento potencial principal en Columna F. Relacionar detalles de la materialización - que, como, cuando, donde): Los Controles están bien diseñados, se aplican de acuerdo al diseño y son efectivos? (Ver controles en la columna P / Concluir frente a cada control) Que acciones propones o se están llevando a cabo para gestionar el riesgo que se materializó? (Si no aplica colocar N/A) Que acciones propones o se están llevando a cabo para fortalecer los controles? (En el caso de que tener Acciones de mejora / Acciones correctivas en proceso, relacionar el avance. Si tienes acciones específicas a desarrollar en la columna AJ, también relacionar el avance)
H43: Desconocimiento de sobre el alcance de la interventoría y supervisión | O43: 2 | P43: La Subdirección Jurídica capacita de manera periódica a los supervisores sobre las funciones de la supervisión establecidas en el manual de supervisón y de interventoría del Instituto. Nota: debe considerarse los resultados de auditorías internas y externas como fuentes para la planificación de la capacitación. | Q43: =IF(OR(R43="Preventivo",R43="Detectivo"),"Probabilidad",IF(R43="Correctivo","Impacto","")) -> Probabilidad | R43: Preventivo | S43: Manual | T43: =IF(AND(R43="Preventivo",S43="Automático"),"50%",IF(AND(R43="Preventivo",S43="Manual"),"40%",IF(AND(R43="Detectivo",S43="Automático"),"40%",IF(AND(R43="Detectivo",S43="Manual"),"30%",IF(AND(R43="Correctivo",S43="Automático"),"35%",IF(AND(R43="Correctivo",S43="Manual"),"25%","")))))) -> 40% | U43: Documentado | V43: Aleatoria | W43: Con Registro | X43: Registros de capacitación | Y43: =IFERROR(IF(AND(Q42="Probabilidad",Q43="Probabilidad"),(AA42-(+AA42*T43)),IF(Q43="Probabilidad",(K42-(+K42*T43)),IF(Q43="Impacto",AA42,""))),"") -> 0.144 | Z43: =IFERROR(IF(Y43="","",IF(Y43<=0.2,"Muy Baja",IF(Y43<=0.4,"Baja",IF(Y43<=0.6,"Media",IF(Y43<=0.8,"Alta","Muy Alta"))))),"") -> Muy Baja | AA43: =+Y43 -> 0.144 | AB43: =IFERROR(IF(AC43="","",IF(AC43<=0.2,"Leve",IF(AC43<=0.4,"Menor",IF(AC43<=0.6,"Moderado",IF(AC43<=0.8,"Mayor","Catastrófico"))))),"") -> Moderado | AC43: =IFERROR(IF(AND(Q42="Impacto",Q43="Impacto"),(AC42-(+AC42*T43)),IF(Q43="Impacto",(#REF!-(+#REF!*T43)),IF(Q43="Probabilidad",AC42,""))),"") -> 0.6
H44: Deficiencias en el almacenamiento de la información de cada proyecto que deriva en difucultados para su ubicación. | O44: 3 | P44: La entidad cuenta con un archivo de gestión digital para el almacenamiento de la información relacionadas con los proyectos. El supervisor de cada proyecto recuerda de manera periódica la importancia del almacenamiento y uso del archivo de gestión digital. | Q44: =IF(OR(R44="Preventivo",R44="Detectivo"),"Probabilidad",IF(R44="Correctivo","Impacto","")) -> Probabilidad | R44: Preventivo | S44: Manual | T44: =IF(AND(R44="Preventivo",S44="Automático"),"50%",IF(AND(R44="Preventivo",S44="Manual"),"40%",IF(AND(R44="Detectivo",S44="Automático"),"40%",IF(AND(R44="Detectivo",S44="Manual"),"30%",IF(AND(R44="Correctivo",S44="Automático"),"35%",IF(AND(R44="Correctivo",S44="Manual"),"25%","")))))) -> 40% | U44: Sin Documentar | V44: Aleatoria | W44: Con Registro | X44: Información alamacenada en el archivo de gestión digital Corros electrónicos | Y44: =IFERROR(IF(AND(Q43="Probabilidad",Q44="Probabilidad"),(AA43-(+AA43*T44)),IF(AND(Q43="Impacto",Q44="Probabilidad"),(AA42-(+AA42*T44)),IF(Q44="Impacto",AA43,""))),"") -> 0.0864 | Z44: =IFERROR(IF(Y44="","",IF(Y44<=0.2,"Muy Baja",IF(Y44<=0.4,"Baja",IF(Y44<=0.6,"Media",IF(Y44<=0.8,"Alta","Muy Alta"))))),"") -> Muy Baja | AA44: =+Y44 -> 0.0864 | AB44: =IFERROR(IF(AC44="","",IF(AC44<=0.2,"Leve",IF(AC44<=0.4,"Menor",IF(AC44<=0.6,"Moderado",IF(AC44<=0.8,"Mayor","Catastrófico"))))),"") -> Moderado | AC44: =IFERROR(IF(AND(Q43="Impacto",Q44="Impacto"),(AC43-(+AC43*T44)),IF(AND(Q43="Probabilidad",Q44="Impacto"),(AC42-(+AC42*T44)),IF(Q44="Probabilidad",AC43,""))),"") -> 0.6
O45: 4 | P45: En el caso de materialización del riesgo, se podrá realizar el balance de la ejecución financiera y técnica en la etapa de liquidación, para que las partes se puedan declarar a paz y salvo de sus obligaciones. | Q45: =IF(OR(R45="Preventivo",R45="Detectivo"),"Probabilidad",IF(R45="Correctivo","Impacto","")) -> Impacto | R45: Correctivo | S45: Manual | T45: =IF(AND(R45="Preventivo",S45="Automático"),"50%",IF(AND(R45="Preventivo",S45="Manual"),"40%",IF(AND(R45="Detectivo",S45="Automático"),"40%",IF(AND(R45="Detectivo",S45="Manual"),"30%",IF(AND(R45="Correctivo",S45="Automático"),"35%",IF(AND(R45="Correctivo",S45="Manual"),"25%","")))))) -> 25% | U45: Documentado | V45: Aleatoria | W45: Con Registro | X45: Acta de Liquidación. | Y45: =IFERROR(IF(AND(Q44="Probabilidad",Q45="Probabilidad"),(AA44-(+AA44*T45)),IF(AND(Q44="Impacto",Q45="Probabilidad"),(AA43-(+AA43*T45)),IF(Q45="Impacto",AA44,""))),"") -> 0.0864 | Z45: =IFERROR(IF(Y45="","",IF(Y45<=0.2,"Muy Baja",IF(Y45<=0.4,"Baja",IF(Y45<=0.6,"Media",IF(Y45<=0.8,"Alta","Muy Alta"))))),"") -> Muy Baja | AA45: =+Y45 -> 0.0864 | AB45: =IFERROR(IF(AC45="","",IF(AC45<=0.2,"Leve",IF(AC45<=0.4,"Menor",IF(AC45<=0.6,"Moderado",IF(AC45<=0.8,"Mayor","Catastrófico"))))),"") -> Moderado | AC45: =IFERROR(IF(AND(Q44="Impacto",Q45="Impacto"),(AC44-(+AC44*T45)),IF(AND(Q44="Probabilidad",Q45="Impacto"),(AC43-(+AC43*T45)),IF(Q45="Probabilidad",AC44,""))),"") -> 0.45
A46: GDS27 | B46: NA Riesgo Fiscal | C46: Vivienda Nueva | D46: Posiblidad de efecto dañoso sobre recursos públicos | E46: por mayor costo de interventoría por mayor costo por comisiones fiduciarias y dictámenes financieros | F46: debido a mayor permanencia de la obra con relación a los cronogramas inicialmente proyectados. | G46: Posiblidad de efecto dañoso sobre recursos públicos, reflejada en una mayor costo de interventoría asi como en un mayor costo por comisiones fiduciarias y dictámenes financieros, debido a mayor permanencia de la obra con relación a los cronogramas inicialmente proyectados. | H46: Retrasos por trámites ante entidades externas (autoridad ambiental, gestión y control territorial, epm, curadorías, entre otras) | I46: Fiscal | J46: Baja | K46: =IF(J46="","",IF(J46="Muy Baja",0.2,IF(J46="Baja",0.4,IF(J46="Media",0.6,IF(J46="Alta",0.8,IF(J46="Muy Alta",1,)))))) -> 0.4 | L46: Mayor | M46: =IF(L46="","",IF(L46="Leve",0.2,IF(L46="Menor",0.4,IF(L46="Moderado",0.6,IF(L46="Mayor",0.8,IF(L46="Catastrófico",1,)))))) -> 0.8 | N46: =IF(OR(AND(J46="Muy Baja",L46="Leve"),AND(J46="Muy Baja",L46="Menor"),AND(J46="Baja",L46="Leve")),"Bajo",IF(OR(AND(J46="Muy baja",L46="Moderado"),AND(J46="Baja",L46="Menor"),AND(J46="Baja",L46="Moderado"),AND(J46="Media",L46="Leve"),AND(J46="Media",L46="Menor"),AND(J46="Media",L46="Moderado"),AND(J46="Alta",L46="Leve"),AND(J46="Alta",L46="Menor")),"Moderado",IF(OR(AND(J46="Muy Baja",L46="Mayor"),AND(J46="Baja",L46="Mayor"),AND(J46="Media",L46="Mayor"),AND(J46="Alta",L46="Moderado"),AND(J46="Alta",L46="Mayor"),AND(J46="Muy Alta",L46="Leve"),AND(J46="Muy Alta",L46="Menor"),AND(J46="Muy Alta",L46="Moderado"),AND(J46="Muy Alta",L46="Mayor")),"Alto",IF(OR(AND(J46="Muy Baja",L46="Catastrófico"),AND(J46="Baja",L46="Catastrófico"),AND(J46="Media",L46="Catastrófico"),AND(J46="Alta",L46="Catastrófico"),AND(J46="Muy Alta",L46="Catastrófico")),"Extremo","")))) -> Alto | O46: 1 | P46: El profesional lider de Vivienda Nueva, gestionar con EPM reuniones de seguimiento para priorizar acttividades, asi mismo gestiona ante las demás entidades los trámites que se encuentran pendientes. | Q46: =IF(OR(R46="Preventivo",R46="Detectivo"),"Probabilidad",IF(R46="Correctivo","Impacto","")) -> Impacto | R46: Correctivo | S46: Manual | T46: =IF(AND(R46="Preventivo",S46="Automático"),"50%",IF(AND(R46="Preventivo",S46="Manual"),"40%",IF(AND(R46="Detectivo",S46="Automático"),"40%",IF(AND(R46="Detectivo",S46="Manual"),"30%",IF(AND(R46="Correctivo",S46="Automático"),"35%",IF(AND(R46="Correctivo",S46="Manual"),"25%","")))))) -> 25% | U46: Sin Documentar | V46: Aleatoria | W46: Con Registro | X46: Actas de mesas de trabajo con EPM Correos electrónicos Pqrsd ante entidades | Y46: =IFERROR(IF(Q46="Probabilidad",(K46-(+K46*T46)),IF(Q46="Impacto",K46,"")),"") -> 0.4 | Z46: =IFERROR(IF(Y46="","",IF(Y46<=0.2,"Muy Baja",IF(Y46<=0.4,"Baja",IF(Y46<=0.6,"Media",IF(Y46<=0.8,"Alta","Muy Alta"))))),"") -> Baja | AA46: =+Y46 -> 0.4 | AB46: =IFERROR(IF(AC46="","",IF(AC46<=0.2,"Leve",IF(AC46<=0.4,"Menor",IF(AC46<=0.6,"Moderado",IF(AC46<=0.8,"Mayor","Catastrófico"))))),"") -> Moderado | AC46: =IFERROR(IF(Q46="Impacto",(M46-(+M46*T46)),IF(Q46="Probabilidad",M46,"")),"") -> 0.6 | AD46: =IFERROR(IF(AE46=0,"",IF(AND(AE46>0,AE46<=0.2),"Muy Baja",IF(AE46<=0.4,"Baja",IF(AE46<=0.6,"Media",IF(AE46<=0.8,"Alta","Muy Alta"))))),"") -> Baja | AE46: =MIN(Y46:Y48) -> 0.4 | AF46: =IFERROR(IF(AG46=0,"",IF(AND(AG46>0,AG46<=0.2),"Leve",IF(AG46<=0.4,"Menor",IF(AG46<=0.6,"Moderado",IF(AG46<=0.8,"Mayor","Catastrófico"))))),"") -> Menor | AG46: =MIN(AC46:AC48) -> 0.3375 | AH46: =IFERROR(IF(OR(AND(AD46="Muy Baja",AF46="Leve"),AND(AD46="Muy Baja",AF46="Menor"),AND(AD46="Baja",AF46="Leve")),"Bajo",IF(OR(AND(AD46="Muy Baja",AF46="Moderado"),AND(AD46="Baja",AF46="Menor"),AND(AD46="Baja",AF46="Moderado"),AND(AD46="Media",AF46="Leve"),AND(AD46="Media",AF46="Menor"),AND(AD46="Media",AF46="Moderado"),AND(AD46="Alta",AF46="Leve"),AND(AD46="Alta",AF46="Menor")),"Moderado",IF(OR(AND(AD46="Muy Baja",AF46="Mayor"),AND(AD46="Baja",AF46="Mayor"),AND(AD46="Media",AF46="Mayor"),AND(AD46="Alta",AF46="Moderado"),AND(AD46="Alta",AF46="Mayor"),AND(AD46="Muy Alta",AF46="Leve"),AND(AD46="Muy Alta",AF46="Menor"),AND(AD46="Muy Alta",AF46="Moderado"),AND(AD46="Muy Alta",AF46="Mayor")),"Alto",IF(OR(AND(AD46="Muy Baja",AF46="Catastrófico"),AND(AD46="Baja",AF46="Catastrófico"),AND(AD46="Media",AF46="Catastrófico"),AND(AD46="Alta",AF46="Catastrófico"),AND(AD46="Muy Alta",AF46="Catastrófico")),"Extremo","")))),"") -> Moderado | AJ46: Gestionar con el Area metropolitana mesa de trabajo para priorizar los trámites de su competencia para los proyectos inmobiliarios que adelanta el Instituto. Junio de 2025. | AK46: Se materializó el Riesgo? (Ver evento potencial principal en Columna F. Relacionar detalles de la materialización - que, como, cuando, donde): El riesgo no se materializó. El riesgo y sus causas siguen vigentes. Los Controles están bien diseñados, se aplican de acuerdo al diseño y son efectivos? (Ver controles en la columna P / Concluir frente a cada control): Los controles han sido efectivos. Controles: Seguimiento a cronogramas de obra; gestión de trámites ante entidades externas; articulación con fiduciarias y actores del proyecto.Conclusión: Los controles están bien diseñados, se aplican de acuerdo con lo establecido y fueron efectivos, permitiendo controlar los tiempos y mitigar impactos en costos. Que acciones propones o se están llevando a cabo para gestionar el riesgo que se materializó? (Si no aplica colocar N/A): N/A Que acciones propones o se están llevando a cabo para fortalecer los controles? (En el caso de que tener Acciones de mejora / Acciones correctivas en proceso, relacionar el avance. Si tienes acciones específicas a desarrollar en la columna AJ, también relacionar el avance): Se continúa con el seguimiento a cronogramas y la gestión oportuna de trámites externos. | AL46: https://isvimedgovco.sharepoint.com/:f:/s/4Dot_Vivienda_y_Habitat2-09.Vivienda_Nueva/IgAbhEr3cmqXTq9ouQZVJ3jEAW4W4o1TFmTgZP03kYQRtig?e=9obGV3 | AM46: Se materializó el Riesgo? (Ver evento potencial principal en Columna F. Relacionar detalles de la materialización - que, como, cuando, donde): Durante el segundo trimestre de 2026 el riesgo no se materializó. No obstante, el riesgo y las causas que podrían originarlo continúan vigentes. Para este periodo, el proyecto en ejecución corresponde a Ciudad del Este, sobre el cual se mantuvo el seguimiento permanente y la aplicación de los controles establecidos. Los Controles están bien diseñados, se aplican de acuerdo al diseño y son efectivos? (Ver controles en la columna P / Concluir frente a cada control): Sí. Durante el segundo trimestre de 2026 los controles implementados fueron efectivos. En el proyecto Ciudad del Este se realizó el seguimiento a los cronogramas de obra, la gestión de los trámites ante las entidades externas y la articulación con la fiduciaria y los demás actores involucrados en el proyecto. En consecuencia, se concluye que los controles están adecuadamente diseñados, se aplican conforme a lo establecido y continúan siendo efectivos, permitiendo controlar los tiempos de ejecución y mitigar posibles impactos en los costos. Que acciones propones o se están llevando a cabo para gestionar el riesgo que se materializó? (Si no aplica colocar N/A): N/A Que acciones propones o se están llevando a cabo para fortalecer los controles? (En el caso de que tener Acciones de mejora / Acciones correctivas en proceso, relacionar el avance. Si tienes acciones específicas a desarrollar en la columna AJ, también relacionar el avance): Durante el segundo trimestre de 2026 se continuó con el seguimiento al cronograma de ejecución del proyecto Ciudad del Este, la gestión oportuna de los trámites ante las entidades competentes y la coordinación permanente con la fiduciaria y los demás actores del proyecto, con el fin de mantener la efectividad de los controles y prevenir retrasos que puedan generar impactos en los costos y en el cumplimiento de los plazos. | AN46: https://isvimedgovco.sharepoint.com/:f:/s/4Dot_Vivienda_y_Habitat2-09.Vivienda_Nueva/IgB0MdU2I7KHSbE8TgPqLBuaAYeQbK8G8fkgtjM_nfYYH_Q?e=OOmKN6 | AO46: Se materializó el Riesgo? (Ver evento potencial principal en Columna F. Relacionar detalles de la materialización - que, como, cuando, donde): Los Controles están bien diseñados, se aplican de acuerdo al diseño y son efectivos? (Ver controles en la columna P / Concluir frente a cada control) Que acciones propones o se están llevando a cabo para gestionar el riesgo que se materializó? (Si no aplica colocar N/A) Que acciones propones o se están llevando a cabo para fortalecer los controles? (En el caso de que tener Acciones de mejora / Acciones correctivas en proceso, relacionar el avance. Si tienes acciones específicas a desarrollar en la columna AJ, también relacionar el avance) | AQ46: Se materializó el Riesgo? (Ver evento potencial principal en Columna F. Relacionar detalles de la materialización - que, como, cuando, donde): Los Controles están bien diseñados, se aplican de acuerdo al diseño y son efectivos? (Ver controles en la columna P / Concluir frente a cada control) Que acciones propones o se están llevando a cabo para gestionar el riesgo que se materializó? (Si no aplica colocar N/A) Que acciones propones o se están llevando a cabo para fortalecer los controles? (En el caso de que tener Acciones de mejora / Acciones correctivas en proceso, relacionar el avance. Si tienes acciones específicas a desarrollar en la columna AJ, también relacionar el avance)
H47: Falta de recursos por parte de las entidades encargadas de desarrollar los proyectos. | O47: 2 | P47: El equipo de Vivienda Nueva envia oficios de manera contínua a las entidades encargadas de desarrollar los proyectos con el propósito de que informen sobre las gestiones realizadas para la consecución del recurso. En caso de que no sea posible la obtención de recursos, se remite el caso a la Subdirección Jurídica para que inicien el proceso sancionatorio correspondiente. | Q47: =IF(OR(R47="Preventivo",R47="Detectivo"),"Probabilidad",IF(R47="Correctivo","Impacto","")) -> Impacto | R47: Correctivo | S47: Manual | T47: =IF(AND(R47="Preventivo",S47="Automático"),"50%",IF(AND(R47="Preventivo",S47="Manual"),"40%",IF(AND(R47="Detectivo",S47="Automático"),"40%",IF(AND(R47="Detectivo",S47="Manual"),"30%",IF(AND(R47="Correctivo",S47="Automático"),"35%",IF(AND(R47="Correctivo",S47="Manual"),"25%","")))))) -> 25% | U47: Sin Documentar | V47: Aleatoria | W47: Con Registro | X47: Oficios Respuestas por parte de las entidades Expediente jurídico en el caso inicio del proceso sancionatorio. | Y47: =IFERROR(IF(AND(Q46="Probabilidad",Q47="Probabilidad"),(AA46-(+AA46*T47)),IF(Q47="Probabilidad",(K46-(+K46*T47)),IF(Q47="Impacto",AA46,""))),"") -> 0.4 | Z47: =IFERROR(IF(Y47="","",IF(Y47<=0.2,"Muy Baja",IF(Y47<=0.4,"Baja",IF(Y47<=0.6,"Media",IF(Y47<=0.8,"Alta","Muy Alta"))))),"") -> Baja | AA47: =+Y47 -> 0.4 | AB47: =IFERROR(IF(AC47="","",IF(AC47<=0.2,"Leve",IF(AC47<=0.4,"Menor",IF(AC47<=0.6,"Moderado",IF(AC47<=0.8,"Mayor","Catastrófico"))))),"") -> Moderado | AC47: =IFERROR(IF(AND(Q46="Impacto",Q47="Impacto"),(AC46-(+AC46*T47)),IF(Q47="Impacto",(#REF!-(+#REF!*T47)),IF(Q47="Probabilidad",AC46,""))),"") -> 0.45
H48: demoras en las respuestas por parte de las fiduciarias para los trámites adminsitrativos que se derivan de la ejecución de los contratos, tales como otros si, ampliaciones en recursos y en plazo, modificaciones contractuales, entre otros. | O48: 3 | P48: El equipo de vivienda nueva realiza seguimiento continuo a los trámites solicitados a las fiduciarias, asi mismo se gestionan reuniones con la mismas con el mismo propósito. | Q48: =IF(OR(R48="Preventivo",R48="Detectivo"),"Probabilidad",IF(R48="Correctivo","Impacto","")) -> Impacto | R48: Correctivo | S48: Manual | T48: =IF(AND(R48="Preventivo",S48="Automático"),"50%",IF(AND(R48="Preventivo",S48="Manual"),"40%",IF(AND(R48="Detectivo",S48="Automático"),"40%",IF(AND(R48="Detectivo",S48="Manual"),"30%",IF(AND(R48="Correctivo",S48="Automático"),"35%",IF(AND(R48="Correctivo",S48="Manual"),"25%","")))))) -> 25% | U48: Sin Documentar | V48: Aleatoria | W48: Con Registro | X48: Actas de reuniones Correos electrónicos Relación de actividades realizadas frente a trámites con fiduciarias. | Y48: =IFERROR(IF(AND(Q47="Probabilidad",Q48="Probabilidad"),(AA47-(+AA47*T48)),IF(AND(Q47="Impacto",Q48="Probabilidad"),(AA46-(+AA46*T48)),IF(Q48="Impacto",AA47,""))),"") -> 0.4 | Z48: =IFERROR(IF(Y48="","",IF(Y48<=0.2,"Muy Baja",IF(Y48<=0.4,"Baja",IF(Y48<=0.6,"Media",IF(Y48<=0.8,"Alta","Muy Alta"))))),"") -> Baja | AA48: =+Y48 -> 0.4 | AB48: =IFERROR(IF(AC48="","",IF(AC48<=0.2,"Leve",IF(AC48<=0.4,"Menor",IF(AC48<=0.6,"Moderado",IF(AC48<=0.8,"Mayor","Catastrófico"))))),"") -> Menor | AC48: =IFERROR(IF(AND(Q47="Impacto",Q48="Impacto"),(AC47-(+AC47*T48)),IF(AND(Q47="Probabilidad",Q48="Impacto"),(AC46-(+AC46*T48)),IF(Q48="Probabilidad",AC47,""))),"") -> 0.3375
A49: GDS16 | B49: Lograr los recibos a satisfacción de proyectos inmobiliarios desarrollados a través de diferentes modelos de negocio, en cumplimiento de los compromisos pactados y la normatividad aplicable. | C49: Vivienda Nueva- Gestión Ambiental en Proyectos Habitacionales | D49: Posibilidad de afectación económica y reputacional del Instituto | E49: reflejada en multas y sanciones por parte de la autoridad ambiental y del ente de control fiscal, | F49: debido al incumplimiento de los requisitos normativos en materia ambiental en los proyectos habitacionales | G49: Posibilidad de afectación económica y reputacional del Instituto reflejada en multas y sanciones por parte de la autoridad ambiental y del ente de control fiscal, debido al incumplimiento de los requisitos normativos en materia ambiental en los proyectos habitacionales | H49: 1. Los desarrolladores no aplican los requisitos establecidos en la Guía Socioambiental de obras civiles de la ciudad de Medellín asi como los establecidos en las resoluciones / permisos otorgados por la autoridad ambiental. | I49: Gestión | J49: Media | K49: =IF(J49="","",IF(J49="Muy Baja",0.2,IF(J49="Baja",0.4,IF(J49="Media",0.6,IF(J49="Alta",0.8,IF(J49="Muy Alta",1,)))))) -> 0.6 | L49: Mayor | M49: =IF(L49="","",IF(L49="Leve",0.2,IF(L49="Menor",0.4,IF(L49="Moderado",0.6,IF(L49="Mayor",0.8,IF(L49="Catastrófico",1,)))))) -> 0.8 | N49: =IF(OR(AND(J49="Muy Baja",L49="Leve"),AND(J49="Muy Baja",L49="Menor"),AND(J49="Baja",L49="Leve")),"Bajo",IF(OR(AND(J49="Muy Baja",L49="Moderado"),AND(J49="Baja",L49="Menor"),AND(J49="Baja",L49="Moderado"),AND(J49="Media",L49="Leve"),AND(J49="Media",L49="Menor"),AND(J49="Media",L49="Moderado"),AND(J49="Alta",L49="Leve"),AND(J49="Alta",L49="Menor")),"Moderado",IF(OR(AND(J49="Muy Baja",L49="Mayor"),AND(J49="Baja",L49="Mayor"),AND(J49="Media",L49="Mayor"),AND(J49="Alta",L49="Moderado"),AND(J49="Alta",L49="Mayor"),AND(J49="Muy Alta",L49="Leve"),AND(J49="Muy Alta",L49="Menor"),AND(J49="Muy Alta",L49="Moderado"),AND(J49="Muy Alta",L49="Mayor")),"Alto",IF(OR(AND(J49="Muy Baja",L49="Catastrófico"),AND(J49="Baja",L49="Catastrófico"),AND(J49="Media",L49="Catastrófico"),AND(J49="Alta",L49="Catastrófico"),AND(J49="Muy Alta",L49="Catastrófico")),"Extremo","")))) -> Alto | O49: 1 | P49: La interventoría de los proyectos habitacionales verifica el cumplimiento de la mitigación aspectos e impactos ambientales de manera mensual, para lo cual reviza la lista de chequeo ambiental, F-GDS-30, diligenciada por el desarrollador. Documentado en: Manual de Gestión Ambiental | Q49: =IF(OR(R49="Preventivo",R49="Detectivo"),"Probabilidad",IF(R49="Correctivo","Impacto","")) -> Probabilidad | R49: Detectivo | S49: Manual | T49: =IF(AND(R49="Preventivo",S49="Automático"),"50%",IF(AND(R49="Preventivo",S49="Manual"),"40%",IF(AND(R49="Detectivo",S49="Automático"),"40%",IF(AND(R49="Detectivo",S49="Manual"),"30%",IF(AND(R49="Correctivo",S49="Automático"),"35%",IF(AND(R49="Correctivo",S49="Manual"),"25%","")))))) -> 30% | U49: Documentado | V49: Continua | W49: Con Registro | X49: lista de chequeo ambiental diligenciada por la interventoría de cada Proyecto | Y49: =IFERROR(IF(Q49="Probabilidad",(K49-(+K49*T49)),IF(Q49="Impacto",K49,"")),"") -> 0.42 | Z49: =IFERROR(IF(Y49="","",IF(Y49<=0.2,"Muy Baja",IF(Y49<=0.4,"Baja",IF(Y49<=0.6,"Media",IF(Y49<=0.8,"Alta","Muy Alta"))))),"") -> Media | AA49: =+Y49 -> 0.42 | AB49: =IFERROR(IF(AC49="","",IF(AC49<=0.2,"Leve",IF(AC49<=0.4,"Menor",IF(AC49<=0.6,"Moderado",IF(AC49<=0.8,"Mayor","Catastrófico"))))),"") -> Mayor | AC49: =IFERROR(IF(Q49="Impacto",(M49-(+M49*T49)),IF(Q49="Probabilidad",M49,"")),"") -> 0.8 | AD49: =IFERROR(IF(AE49=0,"",IF(AND(AE49>0,AE49<=0.2),"Muy Baja",IF(AE49<=0.4,"Baja",IF(AE49<=0.6,"Media",IF(AE49<=0.8,"Alta","Muy Alta"))))),"") -> Baja | AE49: =MIN(Y49:Y50) -> 0.294 | AF49: =IFERROR(IF(AG49=0,"",IF(AND(AG49>0,AG49<=0.2),"Leve",IF(AG49<=0.4,"Menor",IF(AG49<=0.6,"Moderado",IF(AG49<=0.8,"Mayor","Catastrófico"))))),"") -> Mayor | AG49: =MIN(AC49:AC50) -> 0.8 | AH49: =IFERROR(IF(OR(AND(AD49="Muy Baja",AF49="Leve"),AND(AD49="Muy Baja",AF49="Menor"),AND(AD49="Baja",AF49="Leve")),"Bajo",IF(OR(AND(AD49="Muy Baja",AF49="Moderado"),AND(AD49="Baja",AF49="Menor"),AND(AD49="Baja",AF49="Moderado"),AND(AD49="Media",AF49="Leve"),AND(AD49="Media",AF49="Menor"),AND(AD49="Media",AF49="Moderado"),AND(AD49="Alta",AF49="Leve"),AND(AD49="Alta",AF49="Menor")),"Moderado",IF(OR(AND(AD49="Muy Baja",AF49="Mayor"),AND(AD49="Baja",AF49="Mayor"),AND(AD49="Media",AF49="Mayor"),AND(AD49="Alta",AF49="Moderado"),AND(AD49="Alta",AF49="Mayor"),AND(AD49="Muy Alta",AF49="Leve"),AND(AD49="Muy Alta",AF49="Menor"),AND(AD49="Muy Alta",AF49="Moderado"),AND(AD49="Muy Alta",AF49="Mayor")),"Alto",IF(OR(AND(AD49="Muy Baja",AF49="Catastrófico"),AND(AD49="Baja",AF49="Catastrófico"),AND(AD49="Media",AF49="Catastrófico"),AND(AD49="Alta",AF49="Catastrófico"),AND(AD49="Muy Alta",AF49="Catastrófico")),"Extremo","")))),"") -> Alto | AI49: Reducir (mitigar) | AK49: Se materializó el Riesgo? : No se materializo el riesgo ya que la lista de verificacion ambiental se encuentra por encima del 85% lo que representa que es una obra ideal y cumple con los requisitos normativos del PASAO Los Controles están bien diseñados, se aplican de acuerdo al diseño y son efectivos? : Se aplican dos controles necesarios los cuales se ha tenido resultados a satisfaccion 1. Los desarrolladores verifican por medio de la lista de verificacion ambiental la mitigacion de aspectos e impactos ambirntales en obra, esta es diligenciada de manera mensual y es enviada al supervisor del contrato y reportada en el sistema de informacion institucional SIFI. 2. El supervisor del asignado a cada proyecto se apoya en la profesional ambiental de dotacion para verificar la lista de chequeo ambiental , realizando visitas de seguimiento y tratando temas de interes ambiental en los comite de obra. Que acciones propones o se están llevando a cabo para gestionar el riesgo que se materializó? N/A Que acciones propones o se están llevando a cabo para fortalecer los controles? En el caso de que tener acciones de mejora se envian requerimientos ambientales al desarrollador e interventoria para su subsanacion ambiental en obra | AL49: Los Link donde reposan las listas de verificacion ambiental del proyecto Ciudad del Este, el cual en el momento es el unico proyecto en ejecucion: https://isvimedgovco.sharepoint.com/:f:/s/4Dot_Vivienda_y_Habitat2-09.Vivienda_Nueva/EiVChgViTKBCmgWxgSBV4SkB8emaDy_sZZxi8PLLkPRHvQ?e=WV2aZp En los comités de obra se tratan temas ambientales según las novedades presentadas en el transcurso de la obra.: Link donde se consolidan el acta de comité de obra del proyecto Ciudad del Este: https://isvimedgovco.sharepoint.com/:f:/s/4Dot_Vivienda_y_Habitat2-09.Vivienda_Nueva/Ev9-M6qA2-BMtDZgSnkHyiMBYlfzbAvkQfRe_pSoOxvMdA?e=puacX2 https://drive.google.com/drive/folders/1nEEuGvwdiK52EoCTUU6mHthP4ZIINoPg?usp=sharing La matriz de seguimiento a tramites ambientales es diligenciada y actualizada cada que haya una novedad en cuanto a los permisos ambientales , esta matriz es discriminada por proyecto y el estado de sus resoluciones o comunicaciones . Link donde se relaciona el estado del seguimiento a los tramites ambientales: https://isvimedgovco.sharepoint.com/:x:/s/7Planeacion/Ea-rKyYzV_RHu9lCK3tkskIBM5FswaOTEvqLc__OxFsnAg?e=6UdT6d" | AM49: Se materializó el Riesgo? : No se materializo el riesgo ya que en este trimestre no hay obras en ejecucion Los Controles están bien diseñados, se aplican de acuerdo al diseño y son efectivos? Se aplican dos controles necesarios los cuales se ha tenido resultados a satisfaccion 1. Los desarrolladores verifican por medio de la lista de verificacion ambiental la mitigacion de aspectos e impactos ambirntales en obra, esta es diligenciada de manera mensual y es enviada al supervisor del contrato y reportada en el sistema de informacion institucional SIFI. 2. El supervisor del asignado a cada proyecto se apoya en la profesional ambiental de dotacion para verificar la lista de chequeo ambiental , realizando visitas de seguimiento y tratando temas de interes ambiental en los comite de obra. Que acciones propones o se están llevando a cabo para gestionar el riesgo que se materializó? N/A Que acciones propones o se están llevando a cabo para fortalecer los controles? En el caso de que tener acciones de mejora se envian requerimientos ambientales al desarrollador e interventoria para su subsanacion ambiental en obra mientras se este los proyectos en ejecucion | AN49: La matriz de seguimiento a tramites ambientales es diligenciada y actualizada cada que haya una novedad en cuanto a los permisos ambientales , esta matriz es discriminada por proyecto y el estado de sus resoluciones o comunicaciones . Link donde se relaciona el estado del seguimiento a los tramites ambientales: https://isvimedgovco.sharepoint.com/:x:/s/7Planeacion/Ea-rKyYzV_RHu9lCK3tkskIBM5FswaOTEvqLc__OxFsnAg?e=6UdT6d" | AO49: Se materializó el Riesgo? (Ver evento potencial principal en Columna F. Relacionar detalles de la materialización - que, como, cuando, donde): Los Controles están bien diseñados, se aplican de acuerdo al diseño y son efectivos? (Ver controles en la columna P / Concluir frente a cada control) Que acciones propones o se están llevando a cabo para gestionar el riesgo que se materializó? (Si no aplica colocar N/A) Que acciones propones o se están llevando a cabo para fortalecer los controles? (En el caso de que tener Acciones de mejora / Acciones correctivas en proceso, relacionar el avance. Si tienes acciones específicas a desarrollar en la columna AJ, también relacionar el avance) | AQ49: Se materializó el Riesgo? (Ver evento potencial principal en Columna F. Relacionar detalles de la materialización - que, como, cuando, donde): Los Controles están bien diseñados, se aplican de acuerdo al diseño y son efectivos? (Ver controles en la columna P / Concluir frente a cada control) Que acciones propones o se están llevando a cabo para gestionar el riesgo que se materializó? (Si no aplica colocar N/A) Que acciones propones o se están llevando a cabo para fortalecer los controles? (En el caso de que tener Acciones de mejora / Acciones correctivas en proceso, relacionar el avance. Si tienes acciones específicas a desarrollar en la columna AJ, también relacionar el avance)
O50: 2 | P50: El supervisor asignado a cada proyecto por parte de la Subdirección de Dotación, verifica en campo el chequeo realizado por el desarrollador con aval de la interventoría, lo cual queda evidenciado a través de comité de obra. | Q50: =IF(OR(R50="Preventivo",R50="Detectivo"),"Probabilidad",IF(R50="Correctivo","Impacto","")) -> Probabilidad | R50: Detectivo | S50: Manual | T50: =IF(AND(R50="Preventivo",S50="Automático"),"50%",IF(AND(R50="Preventivo",S50="Manual"),"40%",IF(AND(R50="Detectivo",S50="Automático"),"40%",IF(AND(R50="Detectivo",S50="Manual"),"30%",IF(AND(R50="Correctivo",S50="Automático"),"35%",IF(AND(R50="Correctivo",S50="Manual"),"25%","")))))) -> 30% | U50: Sin Documentar | V50: Continua | W50: Con Registro | X50: Acta de comité de obra | Y50: =IFERROR(IF(AND(Q49="Probabilidad",Q50="Probabilidad"),(AA49-(+AA49*T50)),IF(Q50="Probabilidad",(K49-(+K49*T50)),IF(Q50="Impacto",AA49,""))),"") -> 0.294 | Z50: =IFERROR(IF(Y50="","",IF(Y50<=0.2,"Muy Baja",IF(Y50<=0.4,"Baja",IF(Y50<=0.6,"Media",IF(Y50<=0.8,"Alta","Muy Alta"))))),"") -> Baja | AA50: =+Y50 -> 0.294 | AB50: =IFERROR(IF(AC50="","",IF(AC50<=0.2,"Leve",IF(AC50<=0.4,"Menor",IF(AC50<=0.6,"Moderado",IF(AC50<=0.8,"Mayor","Catastrófico"))))),"") -> Mayor | AC50: =IFERROR(IF(AND(Q49="Impacto",Q50="Impacto"),(AC49-(+AC49*T50)),IF(Q50="Impacto",(#REF!-(+#REF!*T50)),IF(Q50="Probabilidad",AC49,""))),"") -> 0.8
A51: GDS23 | B51: Asignar en un 100% los subsidios distritales de vivienda en la modalidad de OPV/JVC en aquellos proyectos que cumplen el punto de equilibrio. | C51: OPV/JVC | D51: Posiblidad de afectación reputacional del Instituto | E51: por la existencia de peticiones y acciones judiciales por parte de las Organizaciones OPV/JVC, en relación a la negativa de asignación de los subsidios por parte de Isvimed. | F51: debido a que no se cuente con los recursos para la asignación de los subsidios en la modalidad de OPV de aquellas que lo solicitan y cumplan con el punto de equilibrio. | G51: Posiblidad de afectación reputacional del Instituto por la existencia de peticiones y acciones judiciales por parte de las Organizaciones OPV/JVC, en relación a la negativa de asignación de los subsidios por parte de Isvimed. Lo anterior, debido a que no se cuente con los recursos para la asignación de los subsidios en la modalidad de OPV de aquellas que lo solicitan | H51: 1. No se presupuestan recursos para la atención de subsidios de demanda organizada. | I51: Gestión | J51: Muy Baja | K51: =IF(J51="","",IF(J51="Muy Baja",0.2,IF(J51="Baja",0.4,IF(J51="Media",0.6,IF(J51="Alta",0.8,IF(J51="Muy Alta",1,)))))) -> 0.2 | L51: mayor | M51: =IF(L51="","",IF(L51="Leve",0.2,IF(L51="Menor",0.4,IF(L51="Moderado",0.6,IF(L51="Mayor",0.8,IF(L51="Catastrófico",1,)))))) -> 0.8 | N51: =IF(OR(AND(J51="Muy Baja",L51="Leve"),AND(J51="Muy Baja",L51="Menor"),AND(J51="Baja",L51="Leve")),"Bajo",IF(OR(AND(J51="Muy baja",L51="Moderado"),AND(J51="Baja",L51="Menor"),AND(J51="Baja",L51="Moderado"),AND(J51="Media",L51="Leve"),AND(J51="Media",L51="Menor"),AND(J51="Media",L51="Moderado"),AND(J51="Alta",L51="Leve"),AND(J51="Alta",L51="Menor")),"Moderado",IF(OR(AND(J51="Muy Baja",L51="Mayor"),AND(J51="Baja",L51="Mayor"),AND(J51="Media",L51="Mayor"),AND(J51="Alta",L51="Moderado"),AND(J51="Alta",L51="Mayor"),AND(J51="Muy Alta",L51="Leve"),AND(J51="Muy Alta",L51="Menor"),AND(J51="Muy Alta",L51="Moderado"),AND(J51="Muy Alta",L51="Mayor")),"Alto",IF(OR(AND(J51="Muy Baja",L51="Catastrófico"),AND(J51="Baja",L51="Catastrófico"),AND(J51="Media",L51="Catastrófico"),AND(J51="Alta",L51="Catastrófico"),AND(J51="Muy Alta",L51="Catastrófico")),"Extremo","")))) -> Alto | O51: 1 | P51: Para cada vigencia, el profesional asignado a las OPV/JVC, identifica las necesidades informadas por las OPV/JVC para realizar una proyección de los recursos relacionada con la asignación de los subsidios. Esta información se presenta a la Sudirección de Planeación para consolidación de necesidades y gestión de recursos ante el Distrito. Una vez que el Ditstrito define el monto de los recursos a transferir y las fechas de transferencia, estos recursos se incluyen en el Plan Anual de Adquisiciones y en el presupuesto anual de cada vigencia | Q51: =IF(OR(R51="Preventivo",R51="Detectivo"),"Probabilidad",IF(R51="Correctivo","Impacto","")) -> Probabilidad | R51: Preventivo | S51: Manual | T51: =IF(AND(R51="Preventivo",S51="Automático"),"50%",IF(AND(R51="Preventivo",S51="Manual"),"40%",IF(AND(R51="Detectivo",S51="Automático"),"40%",IF(AND(R51="Detectivo",S51="Manual"),"30%",IF(AND(R51="Correctivo",S51="Automático"),"35%",IF(AND(R51="Correctivo",S51="Manual"),"25%","")))))) -> 40% | U51: Sin Documentar | V51: Aleatoria | W51: Con Registro | X51: Plan Anual de Adquisiciones Resolución de Liquiidación de Presupuesto (Validar con Marisol) | Y51: =IFERROR(IF(Q51="Probabilidad",(K51-(+K51*T51)),IF(Q51="Impacto",K51,"")),"") -> 0.12 | Z51: =IFERROR(IF(Y51="","",IF(Y51<=0.2,"Muy Baja",IF(Y51<=0.4,"Baja",IF(Y51<=0.6,"Media",IF(Y51<=0.8,"Alta","Muy Alta"))))),"") -> Muy Baja | AA51: =+Y51 -> 0.12 | AB51: =IFERROR(IF(AC51="","",IF(AC51<=0.2,"Leve",IF(AC51<=0.4,"Menor",IF(AC51<=0.6,"Moderado",IF(AC51<=0.8,"Mayor","Catastrófico"))))),"") -> Mayor | AC51: =IFERROR(IF(Q51="Impacto",(M51-(+M51*T51)),IF(Q51="Probabilidad",M51,"")),"") -> 0.8 | AD51: =IFERROR(IF(AE51=0,"",IF(AND(AE51>0,AE51<=0.2),"Muy Baja",IF(AE51<=0.4,"Baja",IF(AE51<=0.6,"Media",IF(AE51<=0.8,"Alta","Muy Alta"))))),"") -> Muy Baja | AE51: =MIN(Y51:Y52) -> 0.12 | AF51: =IFERROR(IF(AG51=0,"",IF(AND(AG51>0,AG51<=0.2),"Leve",IF(AG51<=0.4,"Menor",IF(AG51<=0.6,"Moderado",IF(AG51<=0.8,"Mayor","Catastrófico"))))),"") -> Moderado | AG51: =MIN(AC51:AC52) -> 0.45 | AH51: =IFERROR(IF(OR(AND(AD51="Muy Baja",AF51="Leve"),AND(AD51="Muy Baja",AF51="Menor"),AND(AD51="Baja",AF51="Leve")),"Bajo",IF(OR(AND(AD51="Muy Baja",AF51="Moderado"),AND(AD51="Baja",AF51="Menor"),AND(AD51="Baja",AF51="Moderado"),AND(AD51="Media",AF51="Leve"),AND(AD51="Media",AF51="Menor"),AND(AD51="Media",AF51="Moderado"),AND(AD51="Alta",AF51="Leve"),AND(AD51="Alta",AF51="Menor")),"Moderado",IF(OR(AND(AD51="Muy Baja",AF51="Mayor"),AND(AD51="Baja",AF51="Mayor"),AND(AD51="Media",AF51="Mayor"),AND(AD51="Alta",AF51="Moderado"),AND(AD51="Alta",AF51="Mayor"),AND(AD51="Muy Alta",AF51="Leve"),AND(AD51="Muy Alta",AF51="Menor"),AND(AD51="Muy Alta",AF51="Moderado"),AND(AD51="Muy Alta",AF51="Mayor")),"Alto",IF(OR(AND(AD51="Muy Baja",AF51="Catastrófico"),AND(AD51="Baja",AF51="Catastrófico"),AND(AD51="Media",AF51="Catastrófico"),AND(AD51="Alta",AF51="Catastrófico"),AND(AD51="Muy Alta",AF51="Catastrófico")),"Extremo","")))),"") -> Moderado | AK51: Se materializó el Riesgo? No se materializó el riesgo para el periodo en cuestión, no fueron presentados por las OPV/JVC proyectos para verificación de requisitos y posterior postulación al SDV Los Controles están bien diseñados, se aplican de acuerdo al diseño y son efectivos? Durante el periodo en evaluacion no es posible evaluar la efectividad de los controles, toda vez que no fueron radicados proyectos para verificación de información y posterior postulación al SDV. Que acciones propones o se están llevando a cabo para gestionar el riesgo que se materializó? no aplica, no se materializó el riesgo. Que acciones propones o se están llevando a cabo para fortalecer los controles? Por el momento no se evidencia la necesidad de acciones adicionales para fortalecer los controles, actualmente, en los procesos de asesorias a las OPV/JVC para postulación al subsidio, se indaga sobre el numero de grupos familiares a postular a fin de proyectar el monto de los recursos para la asignación de los subsidios. | AL51: NA | AM51: Se materializó el Riesgo? No, no se presentaron por las OPV/JVC proyectos para verificación de requisitos y posterior postulación al SDV, tampoco fue solicitada asesoria por parte de las OPV. Los Controles están bien diseñados, se aplican de acuerdo al diseño y son efectivos? Durante el periodo en evaluacion no es posible evaluar la efectividad de los controles, toda vez que no fueron radicados proyectos para verificación de información y posterior postulación al SDV. Que acciones propones o se están llevando a cabo para gestionar el riesgo que se materializó? no aplica, no se materializó el riesgo. Que acciones propones o se están llevando a cabo para fortalecer los controles? No se evidencia la necesidad de implementar acciones adicionales para fortalecer los controles. | AN51: NA | AO51: Se materializó el Riesgo? (Ver evento potencial principal en Columna F. Relacionar detalles de la materialización - que, como, cuando, donde): Los Controles están bien diseñados, se aplican de acuerdo al diseño y son efectivos? (Ver controles en la columna P / Concluir frente a cada control) Que acciones propones o se están llevando a cabo para gestionar el riesgo que se materializó? (Si no aplica colocar N/A) Que acciones propones o se están llevando a cabo para fortalecer los controles? (En el caso de que tener Acciones de mejora / Acciones correctivas en proceso, relacionar el avance. Si tienes acciones específicas a desarrollar en la columna AJ, también relacionar el avance) | AQ51: Se materializó el Riesgo? (Ver evento potencial principal en Columna F. Relacionar detalles de la materialización - que, como, cuando, donde): Los Controles están bien diseñados, se aplican de acuerdo al diseño y son efectivos? (Ver controles en la columna P / Concluir frente a cada control) Que acciones propones o se están llevando a cabo para gestionar el riesgo que se materializó? (Si no aplica colocar N/A) Que acciones propones o se están llevando a cabo para fortalecer los controles? (En el caso de que tener Acciones de mejora / Acciones correctivas en proceso, relacionar el avance. Si tienes acciones específicas a desarrollar en la columna AJ, también relacionar el avance)
H52: 2. El numero de postulaciones es superior a los recursos disponibles para atender las solicitudes de asignación de subsidios en la modalidad de demanda organizada. | O52: 2. | P52: En caso de materialización del riesgo: En reunión de seguimiento a POAI, Comité Institucional de Gestión y Desempeño, los Subdirectores manifiestan necesidades presupuestales y buscan rubros que no se vayan a utilizar de otros procesos. El Subdirector de Dotación de Vivienda y Habitat, solicita cambio presupuestal via memorando. En el caso que se deban trasladar recursos entre distintos proyectos de inversión, desde la subdirección de Planeación, el profesional especializado, inicia el trámite solicitando al DAP concepto favorable a dicha solicitud. Cuando el DAP aprueba, el equipo de la Linea Estratégica procede a realizar las modificaciones al proyecto en las plataformas destinadas a ello (SAP, MGA - WEB). Después de modificados los proyectos, el profesional encargado del presupuesto, realiza los traslados presupuestales desde la plataforma SICOF. Si se trata de un traslado presupuestal en el mismo proyecto de inversión no es necesario solicitar concepto favorable al DAP, y el profesional encargado de presupuesto realiza los traslados presupuestales desde la plataforma SICOF. | Q52: =IF(OR(R52="Preventivo",R52="Detectivo"),"Probabilidad",IF(R52="Correctivo","Impacto","")) -> Impacto | R52: Correctivo | S52: Manual | T52: =IF(AND(R52="Preventivo",S52="Automático"),"50%",IF(AND(R52="Preventivo",S52="Manual"),"40%",IF(AND(R52="Detectivo",S52="Automático"),"40%",IF(AND(R52="Detectivo",S52="Manual"),"30%",IF(AND(R52="Correctivo",S52="Automático"),"35%",IF(AND(R52="Correctivo",S52="Manual"),"25%","")))))) -> 25% | U52: Sin Documentar | V52: Aleatoria | W52: Con Registro | X52: Actas de seguimiento a POAI Memorando de solicitud de cambio presupuestal Oficio de solcitud de concepto favorable al DAP Respuesta del DAP Registros presupuestales para la asignación de subsidios | Y52: =IFERROR(IF(AND(Q51="Probabilidad",Q52="Probabilidad"),(AA51-(+AA51*T52)),IF(Q52="Probabilidad",(K51-(+K51*T52)),IF(Q52="Impacto",AA51,""))),"") -> 0.12 | Z52: =IFERROR(IF(Y52="","",IF(Y52<=0.2,"Muy Baja",IF(Y52<=0.4,"Baja",IF(Y52<=0.6,"Media",IF(Y52<=0.8,"Alta","Muy Alta"))))),"") -> Muy Baja | AA52: =+Y52 -> 0.12 | AB52: =IFERROR(IF(AC52="","",IF(AC52<=0.2,"Leve",IF(AC52<=0.4,"Menor",IF(AC52<=0.6,"Moderado",IF(AC52<=0.8,"Mayor","Catastrófico"))))),"") -> Moderado | AC52: =IFERROR(IF(AND(Q51="Impacto",Q52="Impacto"),(AC51-(+AC51*T52)),IF(Q52="Impacto",($M$15-(+$M$15*T52)),IF(Q52="Probabilidad",AC51,""))),"") -> 0.45
A53: GDS24 | B53: Lograr que el 60% de los SDV asignados en la modalidad de demanda organizada cuenten con desembolso de la totalidad de los recursos destinados. | C53: OPV/JVC | D53: Posibilidad de afectación reputacional del Instituto | E53: reflejada en requerimientos por parte del Concejo Distrital o PQRS por parte de los benficiarios de los subsidios asignados, por no poder contar con los recursos de los subsidios para el cierre financiero, terminación de los proyectos habitacionales y entrega de las soluciones de vivienda. | F53: debido a que no se desembolse la totalidad de los recursos de los SDV asignados en la modalidad de demanda organizada | G53: Posibilidad de afectación reputacional del Instituto reflejada en requerimientos por parte del Concejo Distrital o PQRS por parte de los benficiarios de los subsidios asignados, por no poder contar con los recursos de los subsidios para el cierre financieroy terminación de los proyectos habitacionales y entrega de las soluciones de vivienda.. Lo anterior, debido a que no se desembolse la totalidad de los recursos de los SDV asignados en la modalidad de demanda organizada | H53: 1. Que se siniestre el proyecto por deficit en el cierre financiero proyectado por parte de la OPV, toda vez que no se verifican los requisitos financieros para la asignación del SDV en la modalidad de OPV/JVC | I53: Gestión | J53: alta | K53: =IF(J53="","",IF(J53="Muy Baja",0.2,IF(J53="Baja",0.4,IF(J53="Media",0.6,IF(J53="Alta",0.8,IF(J53="Muy Alta",1,)))))) -> 0.8 | L53: mayor | M53: =IF(L53="","",IF(L53="Leve",0.2,IF(L53="Menor",0.4,IF(L53="Moderado",0.6,IF(L53="Mayor",0.8,IF(L53="Catastrófico",1,)))))) -> 0.8 | N53: =IF(OR(AND(J53="Muy Baja",L53="Leve"),AND(J53="Muy Baja",L53="Menor"),AND(J53="Baja",L53="Leve")),"Bajo",IF(OR(AND(J53="Muy baja",L53="Moderado"),AND(J53="Baja",L53="Menor"),AND(J53="Baja",L53="Moderado"),AND(J53="Media",L53="Leve"),AND(J53="Media",L53="Menor"),AND(J53="Media",L53="Moderado"),AND(J53="Alta",L53="Leve"),AND(J53="Alta",L53="Menor")),"Moderado",IF(OR(AND(J53="Muy Baja",L53="Mayor"),AND(J53="Baja",L53="Mayor"),AND(J53="Media",L53="Mayor"),AND(J53="Alta",L53="Moderado"),AND(J53="Alta",L53="Mayor"),AND(J53="Muy Alta",L53="Leve"),AND(J53="Muy Alta",L53="Menor"),AND(J53="Muy Alta",L53="Moderado"),AND(J53="Muy Alta",L53="Mayor")),"Alto",IF(OR(AND(J53="Muy Baja",L53="Catastrófico"),AND(J53="Baja",L53="Catastrófico"),AND(J53="Media",L53="Catastrófico"),AND(J53="Alta",L53="Catastrófico"),AND(J53="Muy Alta",L53="Catastrófico")),"Extremo","")))) -> Alto | O53: 1 | P53: En la etapa de verificación de requisitos del proyecto para la postulación al SDV, el profesional asignado a las OPV/JVC revisa y avala la condiciones del cierre financiero aportadas por la OPV/JVC de acuerdo a lo establecido en el procedimiento para el acompañamiento a los proyectos de OPV y JVC, P-GDS-05 | Q53: =IF(OR(R53="Preventivo",R53="Detectivo"),"Probabilidad",IF(R53="Correctivo","Impacto","")) -> Probabilidad | R53: Preventivo | S53: Manual | T53: =IF(AND(R53="Preventivo",S53="Automático"),"50%",IF(AND(R53="Preventivo",S53="Manual"),"40%",IF(AND(R53="Detectivo",S53="Automático"),"40%",IF(AND(R53="Detectivo",S53="Manual"),"30%",IF(AND(R53="Correctivo",S53="Automático"),"35%",IF(AND(R53="Correctivo",S53="Manual"),"25%","")))))) -> 40% | U53: Documentado | V53: Aleatoria | W53: Con Registro | X53: lista de verificación de requisitos para iniciar proceso de postulacion para subsidio de OPV, F-GDS-05 . Acta de mesa interdisciplinaria | Y53: =IFERROR(IF(Q53="Probabilidad",(K53-(+K53*T53)),IF(Q53="Impacto",K53,"")),"") -> 0.48 | Z53: =IFERROR(IF(Y53="","",IF(Y53<=0.2,"Muy Baja",IF(Y53<=0.4,"Baja",IF(Y53<=0.6,"Media",IF(Y53<=0.8,"Alta","Muy Alta"))))),"") -> Media | AA53: =+Y53 -> 0.48 | AB53: =IFERROR(IF(AC53="","",IF(AC53<=0.2,"Leve",IF(AC53<=0.4,"Menor",IF(AC53<=0.6,"Moderado",IF(AC53<=0.8,"Mayor","Catastrófico"))))),"") -> Mayor | AC53: =IFERROR(IF(Q53="Impacto",(M53-(+M53*T53)),IF(Q53="Probabilidad",M53,"")),"") -> 0.8 | AD53: =IFERROR(IF(AE53=0,"",IF(AND(AE53>0,AE53<=0.2),"Muy Baja",IF(AE53<=0.4,"Baja",IF(AE53<=0.6,"Media",IF(AE53<=0.8,"Alta","Muy Alta"))))),"") -> Baja | AE53: =MIN(Y53:Y57) -> 0.2352 | AF53: =IFERROR(IF(AG53=0,"",IF(AND(AG53>0,AG53<=0.2),"Leve",IF(AG53<=0.4,"Menor",IF(AG53<=0.6,"Moderado",IF(AG53<=0.8,"Mayor","Catastrófico"))))),"") -> Moderado | AG53: =MIN(AC53:AC57) -> 0.45 | AH53: =IFERROR(IF(OR(AND(AD53="Muy Baja",AF53="Leve"),AND(AD53="Muy Baja",AF53="Menor"),AND(AD53="Baja",AF53="Leve")),"Bajo",IF(OR(AND(AD53="Muy Baja",AF53="Moderado"),AND(AD53="Baja",AF53="Menor"),AND(AD53="Baja",AF53="Moderado"),AND(AD53="Media",AF53="Leve"),AND(AD53="Media",AF53="Menor"),AND(AD53="Media",AF53="Moderado"),AND(AD53="Alta",AF53="Leve"),AND(AD53="Alta",AF53="Menor")),"Moderado",IF(OR(AND(AD53="Muy Baja",AF53="Mayor"),AND(AD53="Baja",AF53="Mayor"),AND(AD53="Media",AF53="Mayor"),AND(AD53="Alta",AF53="Moderado"),AND(AD53="Alta",AF53="Mayor"),AND(AD53="Muy Alta",AF53="Leve"),AND(AD53="Muy Alta",AF53="Menor"),AND(AD53="Muy Alta",AF53="Moderado"),AND(AD53="Muy Alta",AF53="Mayor")),"Alto",IF(OR(AND(AD53="Muy Baja",AF53="Catastrófico"),AND(AD53="Baja",AF53="Catastrófico"),AND(AD53="Media",AF53="Catastrófico"),AND(AD53="Alta",AF53="Catastrófico"),AND(AD53="Muy Alta",AF53="Catastrófico")),"Extremo","")))),"") -> Moderado | AI53: Reducir (mitigar) | AK53: Se materializó el Riesgo? Durante el periodo en evaluación no se materializón el riesgo. Como se ha informado en seguimientos anteriores, de los proyectos con subsidios asignados antiguos, en el momento se tienen tres proyectos para los que fueron tramitados desembolsos parciales y no se han tomado decisiones respecto a los recursos pendientes por desembolso, para estos, de acuerso con lo informado por las OPV/JVC correspondientes se adelantan gestiones para la terminación de las obras y la obtencion del permiso de ocupacion. Los Controles están bien diseñados, se aplican de acuerdo al diseño y son efectivos? El control No 1 que hace referencia a la verificacion del cierre financiero durante la etapa de postulación, no es posible verificarse durante el periodo en evaluacion, toda vez que no se radicaron proyectos para verificacion de requisitos. El cxontrol No. 2 que hace referencia al acompañamiento y retroalimentación a los grupos familiares por parte del equipo social, este se ha venido efectuando a necesidad. Frente a los controles 3.1 y 3.2 se ha venido verificando la vigencia de las Resoluciones de asignación y en los casos que corresponda se ha venido aplicando la politica de prevencion del daño antijuridico, principalmente para el proyecto Villa Jesucita La Milagrosa. Que acciones propones o se están llevando a cabo para gestionar el riesgo que se materializó? No aplica, no se ha materializado el riesgo Que acciones propones o se están llevando a cabo para fortalecer los controles? No se evidencian acciones adicionales que se requieran para fortalecer los controles que se tienen, estos han sido efectivos. | AL53: NA | AM53: Se materializó el Riesgo? Durante el periodo en evaluación no se materializón el riesgo. Para los proyectos antiguos con subsidios asignados, se tienen tres proyectos para los que fueron tramitados desembolsos parciales con pendientes en la terminacion de las obras y/o la entrega del certificado de ocupación de las viviendas y para los cuales no se han tomado decisiones respecto a los recursos pendientes por desembolso, para estos, por parte de las OPV/JVC correspondientes se adelantan gestiones para la terminación de las obras y la obtencion del permiso de ocupacion. Los Controles están bien diseñados, se aplican de acuerdo al diseño y son efectivos? El control No 1 que hace referencia a la verificacion del cierre financiero durante la etapa de postulación, no es posible verificarse durante el periodo en evaluacion, toda vez que no se radicaron proyectos para verificacion de requisitos. El cxontrol No. 2 que hace referencia al acompañamiento y retroalimentación a los grupos familiares por parte del equipo social, este se ha venido efectuando a necesidad. Frente a los controles 3.1 y 3.2 se ha venido verificando la vigencia de las Resoluciones de asignación y en los casos que corresponda se ha venido aplicando la politica de prevencion del daño antijuridico, principalmente para el proyecto Villa Jesucita La Milagrosa. Que acciones propones o se están llevando a cabo para gestionar el riesgo que se materializó? No aplica, no se ha materializado el riesgo Que acciones propones o se están llevando a cabo para fortalecer los controles? No se evidencian acciones adicionales que se requieran para fortalecer los controles que se tienen, estos han sido efectivos. | AN53: NA | AO53: Se materializó el Riesgo? (Ver evento potencial principal en Columna F. Relacionar detalles de la materialización - que, como, cuando, donde): Los Controles están bien diseñados, se aplican de acuerdo al diseño y son efectivos? (Ver controles en la columna P / Concluir frente a cada control) Que acciones propones o se están llevando a cabo para gestionar el riesgo que se materializó? (Si no aplica colocar N/A) Que acciones propones o se están llevando a cabo para fortalecer los controles? (En el caso de que tener Acciones de mejora / Acciones correctivas en proceso, relacionar el avance. Si tienes acciones específicas a desarrollar en la columna AJ, también relacionar el avance) | AQ53: Se materializó el Riesgo? (Ver evento potencial principal en Columna F. Relacionar detalles de la materialización - que, como, cuando, donde): Los Controles están bien diseñados, se aplican de acuerdo al diseño y son efectivos? (Ver controles en la columna P / Concluir frente a cada control) Que acciones propones o se están llevando a cabo para gestionar el riesgo que se materializó? (Si no aplica colocar N/A) Que acciones propones o se están llevando a cabo para fortalecer los controles? (En el caso de que tener Acciones de mejora / Acciones correctivas en proceso, relacionar el avance. Si tienes acciones específicas a desarrollar en la columna AJ, también relacionar el avance)
H54: 2. El representante de las OPV no escritura la vivienda a los benificiarios del SDV, realizando la venta a particulares. | O54: 2 | P54: Desde el acompañamiento social a la población de demanda organizada, se efectua el acompañamiento periódico a los grupo familiares con el fin de generar una retroalimentación en doble vía con relación al estado de la aplicación del subsidio. Mediante esta retroalimentación, se identifica si el representante de las OPV está gestionando la venta de las viviendas a particulares. | Q54: =IF(OR(R54="Preventivo",R54="Detectivo"),"Probabilidad",IF(R54="Correctivo","Impacto","")) -> Probabilidad | R54: Detectivo | S54: Manual | T54: =IF(AND(R54="Preventivo",S54="Automático"),"50%",IF(AND(R54="Preventivo",S54="Manual"),"40%",IF(AND(R54="Detectivo",S54="Automático"),"40%",IF(AND(R54="Detectivo",S54="Manual"),"30%",IF(AND(R54="Correctivo",S54="Automático"),"35%",IF(AND(R54="Correctivo",S54="Manual"),"25%","")))))) -> 30% | U54: Sin Documentar | V54: Aleatoria | W54: Con Registro | X54: Bitacora de obsrevaciones en SIFI, módulo de "Personas". Actas de reunión. | Y54: =IFERROR(IF(AND(Q53="Probabilidad",Q54="Probabilidad"),(AA53-(+AA53*T54)),IF(Q54="Probabilidad",(K53-(+K53*T54)),IF(Q54="Impacto",AA53,""))),"") -> 0.336 | Z54: =IFERROR(IF(Y54="","",IF(Y54<=0.2,"Muy Baja",IF(Y54<=0.4,"Baja",IF(Y54<=0.6,"Media",IF(Y54<=0.8,"Alta","Muy Alta"))))),"") -> Baja | AA54: =+Y54 -> 0.336 | AB54: =IFERROR(IF(AC54="","",IF(AC54<=0.2,"Leve",IF(AC54<=0.4,"Menor",IF(AC54<=0.6,"Moderado",IF(AC54<=0.8,"Mayor","Catastrófico"))))),"") -> Mayor | AC54: =IFERROR(IF(AND(Q53="Impacto",Q54="Impacto"),(AC53-(+AC53*T54)),IF(Q54="Impacto",($M$15-(+$M$15*T54)),IF(Q54="Probabilidad",AC53,""))),"") -> 0.8
H55: 3. Vencimiento del término de vigencia del subsidio asignado, sin que la familia solicite su prorroga. | O55: 3.1 | P55: Desde el acompañamiento social a la población de demanda organizada, se identifican aquellas resoluciones de asignación de SDV próximo a cumplir el términos de vigencia, con el fin de notificar tanto a las OPV como a las familias, para que se determine si se solicita la prorroga. | Q55: =IF(OR(R55="Preventivo",R55="Detectivo"),"Probabilidad",IF(R55="Correctivo","Impacto","")) -> Probabilidad | R55: Detectivo | S55: Manual | T55: =IF(AND(R55="Preventivo",S55="Automático"),"50%",IF(AND(R55="Preventivo",S55="Manual"),"40%",IF(AND(R55="Detectivo",S55="Automático"),"40%",IF(AND(R55="Detectivo",S55="Manual"),"30%",IF(AND(R55="Correctivo",S55="Automático"),"35%",IF(AND(R55="Correctivo",S55="Manual"),"25%","")))))) -> 30% | U55: Sin Documentar | V55: Aleatoria | W55: Con Registro | X55: Oficio de notificación de vencimiento de términos de los SDV de demanda organizada. | Y55: =IFERROR(IF(AND(Q54="Probabilidad",Q55="Probabilidad"),(AA54-(+AA54*T55)),IF(AND(Q54="Impacto",Q55="Probabilidad"),(AA53-(+AA53*T55)),IF(Q55="Impacto",AA54,""))),"") -> 0.2352 | Z55: =IFERROR(IF(Y55="","",IF(Y55<=0.2,"Muy Baja",IF(Y55<=0.4,"Baja",IF(Y55<=0.6,"Media",IF(Y55<=0.8,"Alta","Muy Alta"))))),"") -> Baja | AA55: =+Y55 -> 0.2352 | AB55: =IFERROR(IF(AC55="","",IF(AC55<=0.2,"Leve",IF(AC55<=0.4,"Menor",IF(AC55<=0.6,"Moderado",IF(AC55<=0.8,"Mayor","Catastrófico"))))),"") -> Mayor | AC55: =IFERROR(IF(AND(Q54="Impacto",Q55="Impacto"),(AC54-(+AC54*T55)),IF(AND(Q54="Probabilidad",Q55="Impacto"),(AC53-(+AC53*T55)),IF(Q55="Probabilidad",AC54,""))),"") -> 0.8
O56: 3.2 | P56: En el caso de pérdida de vigencia del SDV, se aplica la resolución 678 de 2022 Política de prevención del daño antijurídico, para determinar si se aplica el subsidio o se gestiona la restitución de los recursos desde la fiducia. | Q56: =IF(OR(R56="Preventivo",R56="Detectivo"),"Probabilidad",IF(R56="Correctivo","Impacto","")) -> Impacto | R56: Correctivo | S56: manual | T56: =IF(AND(R56="Preventivo",S56="Automático"),"50%",IF(AND(R56="Preventivo",S56="Manual"),"40%",IF(AND(R56="Detectivo",S56="Automático"),"40%",IF(AND(R56="Detectivo",S56="Manual"),"30%",IF(AND(R56="Correctivo",S56="Automático"),"35%",IF(AND(R56="Correctivo",S56="Manual"),"25%","")))))) -> 25% | U56: Documentado | V56: Aleatoria | W56: Con Registro | X56: Acta del Comité de Conciliación Soporte de liberación de saldos | Y56: =IFERROR(IF(AND(Q55="Probabilidad",Q56="Probabilidad"),(AA55-(+AA55*T56)),IF(AND(Q55="Impacto",Q56="Probabilidad"),(AA54-(+AA54*T56)),IF(Q56="Impacto",AA55,""))),"") -> 0.2352 | Z56: =IFERROR(IF(Y56="","",IF(Y56<=0.2,"Muy Baja",IF(Y56<=0.4,"Baja",IF(Y56<=0.6,"Media",IF(Y56<=0.8,"Alta","Muy Alta"))))),"") -> Baja | AA56: =+Y56 -> 0.2352 | AB56: =IFERROR(IF(AC56="","",IF(AC56<=0.2,"Leve",IF(AC56<=0.4,"Menor",IF(AC56<=0.6,"Moderado",IF(AC56<=0.8,"Mayor","Catastrófico"))))),"") -> Moderado | AC56: =IFERROR(IF(AND(Q55="Impacto",Q56="Impacto"),(AC55-(+AC55*T56)),IF(AND(Q55="Probabilidad",Q56="Impacto"),(AC54-(+AC54*T56)),IF(Q56="Probabilidad",AC55,""))),"") -> 0.6
P57: En caso de materialialización del Riesgo: En el caso de que un SDV asignado en la modalidad de demanda organizada no pueda ser aplicado, se gestiona la restitución de los recursos desde la fiducia. | Q57: =IF(OR(R57="Preventivo",R57="Detectivo"),"Probabilidad",IF(R57="Correctivo","Impacto","")) -> Impacto | R57: Correctivo | S57: manual | T57: =IF(AND(R57="Preventivo",S57="Automático"),"50%",IF(AND(R57="Preventivo",S57="Manual"),"40%",IF(AND(R57="Detectivo",S57="Automático"),"40%",IF(AND(R57="Detectivo",S57="Manual"),"30%",IF(AND(R57="Correctivo",S57="Automático"),"35%",IF(AND(R57="Correctivo",S57="Manual"),"25%","")))))) -> 25% | U57: Documentado | V57: Aleatoria | W57: Con Registro | X57: Soporte de liberación de saldos | Y57: =IFERROR(IF(AND(Q56="Probabilidad",Q57="Probabilidad"),(AA56-(+AA56*T57)),IF(AND(Q56="Impacto",Q57="Probabilidad"),(AA55-(+AA55*T57)),IF(Q57="Impacto",AA56,""))),"") -> 0.2352 | Z57: =IFERROR(IF(Y57="","",IF(Y57<=0.2,"Muy Baja",IF(Y57<=0.4,"Baja",IF(Y57<=0.6,"Media",IF(Y57<=0.8,"Alta","Muy Alta"))))),"") -> Baja | AA57: =+Y57 -> 0.2352 | AB57: =IFERROR(IF(AC57="","",IF(AC57<=0.2,"Leve",IF(AC57<=0.4,"Menor",IF(AC57<=0.6,"Moderado",IF(AC57<=0.8,"Mayor","Catastrófico"))))),"") -> Moderado | AC57: =IFERROR(IF(AND(Q56="Impacto",Q57="Impacto"),(AC56-(+AC56*T57)),IF(AND(Q56="Probabilidad",Q57="Impacto"),(AC55-(+AC55*T57)),IF(Q57="Probabilidad",AC56,""))),"") -> 0.45
